Workbook
Name \C: #REF!
Name \C: #REF!
Name \C: #REF!
Name \C: #REF!
Name \D: #REF!
Name \D: #REF!
Name \D: #REF!
Name \D: #REF!
Name \F: #REF!
Name \F: #REF!
Name \F: #REF!
Name \F: #REF!
Name \G: #REF!
Name \G: #REF!
Name \G: #REF!
Name \G: #REF!
Name \I: #REF!
Name \I: #REF!
Name \I: #REF!
Name \I: #REF!
Name \I: #REF!
Name \l: #REF!
Name \l: #REF!
Name \l: #REF!
Name \l: #REF!
Name \M: #REF!
Name \M: #REF!
Name \M: #REF!
Name \M: #REF!
Name \P: #REF!
Name \P: #REF!
Name \P: #REF!
Name \P: #REF!
Name \R: #REF!
Name \R: #REF!
Name \R: #REF!
Name \R: #REF!
Name \S: [1]COMPOS1!#REF!
Name \S: [1]COMPOS1!#REF!
Name \S: [1]COMPOS1!#REF!
Name \S: [1]COMPOS1!#REF!
Name \S: [1]COMPOS1!#REF!
Name \S: [1]COMPOS1!#REF!
Name \t: #REF!
Name \t: #REF!
Name \t: #REF!
Name \t: #REF!
Name \t: #REF!
Name \t: #REF!
Name \Y: #REF!
Name \Y: #REF!
Name \Y: #REF!
Name \Y: #REF!
Name \Y: #REF!
Name \Y: #REF!
Name _: #REF!
Name _: #REF!
Name _: #REF!
Name _: #REF!
Name _: #REF!

Sheet PO NÃO DES
A2: PREFEITURA MUNICIPAL DE OLINDA - PMO
A3: SECRETARIA DE OBRAS - SO
A4: SECRETARIA EXECUTIVA DE OBRAS - SEO
A6: OBJETO: | E6: BDI NÃO DESONERADO | G6: ='BDI NÃO DES'!B39 -> 0.23376846 | H6: DATA: | I6: ='MEMÓRIA DE CÁLCULO'!AA4 -> 46080
A7: CONTRATAÇÃO DE EMPRESA DE ENGENHARIA ESPECIALIZADA PARA DEMOLIÇÃO E CONSTRUÇÃO DE UM NOVO PONTILHÃO TIPO BUEIRO CELULAR NA RUA TAINHA, SOBRE O CANAL DA AVENIDA OURIÇO DO MAR, NO BAIRRO DE OURO PRETO, E DE PAVIMENTAÇÃO, PONTAS DE ALA E DRENAGEM NA RUA TRAVESSA JULES RIMET, PARA COMPLEMENTO DOS ACESSOS AO PONTILHÃO SOBRE O CANAL DA AVENIDA MÉXICO, NO BAIRRO DE RIO DOCE, AMBOS NO MUNICÍPIO DE OLINDA-PE.
A8: LOCAL: RUA TAINHA/ RUA TRAVESSA JULES RIMET | E8: ENCARGOS SOCIAIS: 114,63% HORISTA, 70,67% MENSALISTA
A9: BAIRRO: OURO PRETO, NO MUNICÍPIO DE OLINDA-PE/ RIO DOCE, NO MUNICÍPIO DE OLINDA-PE | E9: TABELAS DE REFERÊNCIA: SINAPI JAN/26; SICRO OUT/25; COMPESA 2024.2
A10: PLANILHA ORÇAMENTÁRIA - NÃO DESONERADA
A11: Item | B11: Código | C11: Banco | D11: Descrição | E11: Und | F11: Quant. | G11: Valor Unit. Sem BDI | H11: Valor Total sem BDI | I11: Valor Unit. com BDI | J11: Valor Total com BDI
A12: 1 | D12: ADMINISTRAÇÃO LOCAL | H12: =TRUNC(SUM(H13:H14),2) -> 18913.68 | J12: =TRUNC(SUM(J13:J14),2) -> 23335.09
A13: 1.1 | B13: 90777 | C13: SINAPI | D13: =VLOOKUP(B13,'Base de dado ONERADA'!A:D,2,FALSE) -> ENGENHEIRO CIVIL DE OBRA JUNIOR COM ENCARGOS COMPLEMENTARES | E13: =VLOOKUP(B13,'Base de dado ONERADA'!A:D,3,FALSE) -> H | F13: ='MEMÓRIA DE CÁLCULO'!AE12 -> 72 | G13: =VLOOKUP(B13,'Base de dado ONERADA'!A:D,4,FALSE) -> 141.74 | H13: =TRUNC((F13*G13),2) -> 10205.28 | I13: =G13*(1+$G$6) -> 174.87434 | J13: =TRUNC((F13*I13),2) -> 12590.95
A14: 1.2 | B14: 90776 | C14: SINAPI | D14: =VLOOKUP(B14,'Base de dado ONERADA'!A:D,2,FALSE) -> ENCARREGADO GERAL COM ENCARGOS COMPLEMENTARES | E14: =VLOOKUP(B14,'Base de dado ONERADA'!A:D,3,FALSE) -> H | F14: ='MEMÓRIA DE CÁLCULO'!AE16 -> 180 | G14: =VLOOKUP(B14,'Base de dado ONERADA'!A:D,4,FALSE) -> 48.38 | H14: =TRUNC((F14*G14),2) -> 8708.4 | I14: =G14*(1+$G$6) -> 59.689718 | J14: =TRUNC((F14*I14),2) -> 10744.14
A15: RUA TAINHA - OURO PRETO
A16: 2 | D16: SERVIÇOS PRELIMINARES | H16: =TRUNC(SUM(H17:H21),2) -> 32578.9 | J16: =TRUNC(SUM(J17:J21),2) -> 40194.8
A17: 2.1 | B17: 103689 | C17: SINAPI | D17: =VLOOKUP(B17,'Base de dado ONERADA'!A:D,2,FALSE) -> FORNECIMENTO E INSTALAÇÃO DE PLACA DE OBRA COM CHAPA GALVANIZADA E ESTRUTURA DE MADEIRA. AF_03/2022_PS | E17: =VLOOKUP(B17,'Base de dado ONERADA'!A:D,3,FALSE) -> M2 | F17: ='MEMÓRIA DE CÁLCULO'!AE22 -> 6 | G17: =VLOOKUP(B17,'Base de dado ONERADA'!A:D,4,FALSE) -> 468.67 | H17: =TRUNC((F17*G17),2) -> 2812.02 | I17: =G17*(1+$G$6) -> 578.23027 | J17: =TRUNC((F17*I17),2) -> 3469.38
A18: 2.2 | B18: 01.08.38U | C18: COMPESA | D18: =VLOOKUP(B18,'Base de dado ONERADA'!A:D,2,FALSE) -> ALUGUEL CONTAINER/ESCRITÓRIO INCLUSIVE INSTALAÇÕES ELÉTRICAS LARG=2,20 COMP=6,20M ALT=2,50M EM CHAPA ACO COM NERVURAS TRAPEZ. FORRO COM ISOLAMENTO TERMO/ACUSTICO CHASSIS REFORCADO PISO COMPENSADO NAVAL EXCLUSO TRANSP/CARGA/DESCARGA | E18: =VLOOKUP(B18,'Base de dado ONERADA'!A:D,3,FALSE) -> MÊS | F18: ='MEMÓRIA DE CÁLCULO'!AE26 -> 6 | G18: =VLOOKUP(B18,'Base de dado ONERADA'!A:D,4,FALSE) -> 650.39 | H18: =TRUNC((F18*G18),2) -> 3902.34 | I18: =G18*(1+$G$6) -> 802.43067 | J18: =TRUNC((F18*I18),2) -> 4814.58
A19: 2.3 | B19: 01.08.37U | C19: COMPESA | D19: =VLOOKUP(B19,'Base de dado ONERADA'!A:D,2,FALSE) -> MOBILIZACAO E DESMOBILIZACAO DE EQUIPAMENTOS - CARGA E DESCARGA | E19: =VLOOKUP(B19,'Base de dado ONERADA'!A:D,3,FALSE) -> T | F19: ='MEMÓRIA DE CÁLCULO'!AE30 -> 2.3 | G19: =VLOOKUP(B19,'Base de dado ONERADA'!A:D,4,FALSE) -> 145.52 | H19: =TRUNC((F19*G19),2) -> 334.69 | I19: =G19*(1+$G$6) -> 179.53799 | J19: =TRUNC((F19*I19),2) -> 412.93
A20: 2.4 | B20: 01.08.36U | C20: COMPESA | D20: =VLOOKUP(B20,'Base de dado ONERADA'!A:D,2,FALSE) -> MOBILIZACAO E DESMOBILIZACAO DE EQUIPAMENTOS - TRANSPORTE | E20: =VLOOKUP(B20,'Base de dado ONERADA'!A:D,3,FALSE) -> TXKM | F20: ='MEMÓRIA DE CÁLCULO'!AE34 -> 34.5 | G20: =VLOOKUP(B20,'Base de dado ONERADA'!A:D,4,FALSE) -> 0.58 | H20: =TRUNC((F20*G20),2) -> 20.01 | I20: =G20*(1+$G$6) -> 0.71558571 | J20: =TRUNC((F20*I20),2) -> 24.68
A21: 2.5 | B21: 01.08.42U | C21: COMPESA | D21: =VLOOKUP(B21,'Base de dado ONERADA'!A:D,2,FALSE) -> CANTEIRO ITINERANTE COMPOSTO DE TOLDO, CONJUNTO DE MESA E CADEIRAS E BANHEIRO QUÍMICO COM LIMPEZA DIÁRIA INCLUSO COLETA E DESTINAÇÃO FINAL DE EFLUENTES | E21: =VLOOKUP(B21,'Base de dado ONERADA'!A:D,3,FALSE) -> MÊS | F21: ='MEMÓRIA DE CÁLCULO'!AE38 -> 6 | G21: =VLOOKUP(B21,'Base de dado ONERADA'!A:D,4,FALSE) -> 4251.64 | H21: =TRUNC((F21*G21),2) -> 25509.84 | I21: =G21*(1+$G$6) -> 5245.5393 | J21: =TRUNC((F21*I21),2) -> 31473.23
A22: 3 | D22: DEMOLIÇÃO | H22: =TRUNC(SUM(H23:H25),2) -> 5354.47 | J22: =TRUNC(SUM(J23:J25),2) -> 6606.17
A23: 3.1 | B23: 1619003 | C23: SICRO | D23: =VLOOKUP(B23,'Base de dado ONERADA'!A:D,2,FALSE) -> DEMOLIÇÃO MECÂNICA DE CONCRETO ARMADO COM ESCAVADEIRA HIDRÁULICA | E23: =VLOOKUP(B23,'Base de dado ONERADA'!A:D,3,FALSE) -> M³ | F23: ='MEMÓRIA DE CÁLCULO'!AE43 -> 43.4 | G23: =VLOOKUP(B23,'Base de dado ONERADA'!A:D,4,FALSE) -> 62.6 | H23: =TRUNC((F23*G23),2) -> 2716.84 | I23: =G23*(1+$G$6) -> 77.233906 | J23: =TRUNC((F23*I23),2) -> 3351.95
A24: 3.2 | B24: 100982 | C24: SINAPI | D24: =VLOOKUP(B24,'Base de dado ONERADA'!A:D,2,FALSE) -> CARGA, MANOBRA E DESCARGA DE ENTULHO EM CAMINHÃO BASCULANTE 10 M³ - CARGA COM ESCAVADEIRA HIDRÁULICA (CAÇAMBA DE 0,80 M³ / 111 HP) E DESCARGA LIVRE (UNIDADE: M3). AF_07/2020 | E24: =VLOOKUP(B24,'Base de dado ONERADA'!A:D,3,FALSE) -> M3 | F24: ='MEMÓRIA DE CÁLCULO'!AE49 -> 56.42 | G24: =VLOOKUP(B24,'Base de dado ONERADA'!A:D,4,FALSE) -> 9.1 | H24: =TRUNC((F24*G24),2) -> 513.42 | I24: =G24*(1+$G$6) -> 11.227293 | J24: =TRUNC((F24*I24),2) -> 633.44
A25: 3.3 | B25: 95875 | C25: SINAPI | D25: =VLOOKUP(B25,'Base de dado ONERADA'!A:D,2,FALSE) -> TRANSPORTE COM CAMINHÃO BASCULANTE DE 10 M³, EM VIA URBANA PAVIMENTADA, DMT ATÉ 30 KM (UNIDADE: M3XKM). AF_07/2020 | E25: =VLOOKUP(B25,'Base de dado ONERADA'!A:D,3,FALSE) -> M3XKM | F25: ='MEMÓRIA DE CÁLCULO'!AE53 -> 846.3 | G25: =VLOOKUP(B25,'Base de dado ONERADA'!A:D,4,FALSE) -> 2.51 | H25: =TRUNC((F25*G25),2) -> 2124.21 | I25: =G25*(1+$G$6) -> 3.0967588 | J25: =TRUNC((F25*I25),2) -> 2620.78
A26: 4 | D26: ESTRUTURA | H26: =TRUNC(SUM(H27:H40),2) -> 165826.03 | J26: =TRUNC(SUM(J27:J40),2) -> 204590.88
A27: 4.1 | B27: 102482 | C27: SINAPI | D27: =VLOOKUP(B27,'Base de dado ONERADA'!A:D,2,FALSE) -> CONCRETO FCK = 25MPA, TRAÇO 1:2,2:2,5 (EM MASSA SECA DE CIMENTO/ AREIA MÉDIA/ SEIXO ROLADO) - PREPARO MECÂNICO COM BETONEIRA 600 L. AF_05/2021 | E27: =VLOOKUP(B27,'Base de dado ONERADA'!A:D,3,FALSE) -> M3 | F27: ='MEMÓRIA DE CÁLCULO'!AE58 -> 67.68 | G27: =VLOOKUP(B27,'Base de dado ONERADA'!A:D,4,FALSE) -> 717.56 | H27: =TRUNC((F27*G27),2) -> 48564.46 | I27: =G27*(1+$G$6) -> 885.3029 | J27: =TRUNC((F27*I27),2) -> 59917.3
A28: 4.2 | B28: 92772 | C28: SINAPI | D28: =VLOOKUP(B28,'Base de dado ONERADA'!A:D,2,FALSE) -> ARMAÇÃO DE LAJE DE ESTRUTURA CONVENCIONAL DE CONCRETO ARMADO UTILIZANDO AÇO CA-50 DE 12,5 MM - MONTAGEM. AF_06/2022 | E28: =VLOOKUP(B28,'Base de dado ONERADA'!A:D,3,FALSE) -> KG | F28: ='MEMÓRIA DE CÁLCULO'!AE63 -> 3845 | G28: =VLOOKUP(B28,'Base de dado ONERADA'!A:D,4,FALSE) -> 8.3 | H28: =TRUNC((F28*G28),2) -> 31913.5 | I28: =G28*(1+$G$6) -> 10.240278 | J28: =TRUNC((F28*I28),2) -> 39373.86
A29: 4.3 | B29: 92771 | C29: SINAPI | D29: =VLOOKUP(B29,'Base de dado ONERADA'!A:D,2,FALSE) -> ARMAÇÃO DE LAJE DE ESTRUTURA CONVENCIONAL DE CONCRETO ARMADO UTILIZANDO AÇO CA-50 DE 10,0 MM - MONTAGEM. AF_06/2022 | E29: =VLOOKUP(B29,'Base de dado ONERADA'!A:D,3,FALSE) -> KG | F29: ='MEMÓRIA DE CÁLCULO'!AE67 -> 1941 | G29: =VLOOKUP(B29,'Base de dado ONERADA'!A:D,4,FALSE) -> 9.99 | H29: =TRUNC((F29*G29),2) -> 19390.59 | I29: =G29*(1+$G$6) -> 12.325347 | J29: =TRUNC((F29*I29),2) -> 23923.49
A30: 4.4 | B30: 92770 | C30: SINAPI | D30: =VLOOKUP(B30,'Base de dado ONERADA'!A:D,2,FALSE) -> ARMAÇÃO DE LAJE DE ESTRUTURA CONVENCIONAL DE CONCRETO ARMADO UTILIZANDO AÇO CA-50 DE 8,0 MM - MONTAGEM. AF_06/2022 | E30: =VLOOKUP(B30,'Base de dado ONERADA'!A:D,3,FALSE) -> KG | F30: ='MEMÓRIA DE CÁLCULO'!AE71 -> 23 | G30: =VLOOKUP(B30,'Base de dado ONERADA'!A:D,4,FALSE) -> 11.31 | H30: =TRUNC((F30*G30),2) -> 260.13 | I30: =G30*(1+$G$6) -> 13.953921 | J30: =TRUNC((F30*I30),2) -> 320.94
A31: 4.5 | B31: 92769 | C31: SINAPI | D31: =VLOOKUP(B31,'Base de dado ONERADA'!A:D,2,FALSE) -> ARMAÇÃO DE LAJE DE ESTRUTURA CONVENCIONAL DE CONCRETO ARMADO UTILIZANDO AÇO CA-50 DE 6,3 MM - MONTAGEM. AF_06/2022 | E31: =VLOOKUP(B31,'Base de dado ONERADA'!A:D,3,FALSE) -> KG | F31: ='MEMÓRIA DE CÁLCULO'!AE75 -> 636 | G31: =VLOOKUP(B31,'Base de dado ONERADA'!A:D,4,FALSE) -> 12.24 | H31: =TRUNC((F31*G31),2) -> 7784.64 | I31: =G31*(1+$G$6) -> 15.101326 | J31: =TRUNC((F31*I31),2) -> 9604.44
A32: 4.6 | B32: 92267 | C32: SINAPI | D32: =VLOOKUP(B32,'Base de dado ONERADA'!A:D,2,FALSE) -> FABRICAÇÃO DE FÔRMA PARA LAJES, EM CHAPA DE MADEIRA COMPENSADA RESINADA, E = 17 MM. AF_09/2020 | E32: =VLOOKUP(B32,'Base de dado ONERADA'!A:D,3,FALSE) -> M2 | F32: ='MEMÓRIA DE CÁLCULO'!AE79 -> 255.6 | G32: =VLOOKUP(B32,'Base de dado ONERADA'!A:D,4,FALSE) -> 44.95 | H32: =TRUNC((F32*G32),2) -> 11489.22 | I32: =G32*(1+$G$6) -> 55.457892 | J32: =TRUNC((F32*I32),2) -> 14175.03
A33: 4.7 | B33: 92524 | C33: SINAPI | D33: =VLOOKUP(B33,'Base de dado ONERADA'!A:D,2,FALSE) -> MONTAGEM E DESMONTAGEM DE FÔRMA DE LAJE MACIÇA, PÉ-DIREITO DUPLO, EM CHAPA DE MADEIRA COMPENSADA PLASTIFICADA, 10 UTILIZAÇÕES. AF_09/2020 | E33: =VLOOKUP(B33,'Base de dado ONERADA'!A:D,3,FALSE) -> M2 | F33: ='MEMÓRIA DE CÁLCULO'!AE83 -> 255.6 | G33: =VLOOKUP(B33,'Base de dado ONERADA'!A:D,4,FALSE) -> 82.28 | H33: =TRUNC((F33*G33),2) -> 21030.76 | I33: =G33*(1+$G$6) -> 101.51447 | J33: =TRUNC((F33*I33),2) -> 25947.09
A34: 4.8 | B34: 94968 | C34: SINAPI | D34: =VLOOKUP(B34,'Base de dado ONERADA'!A:D,2,FALSE) -> CONCRETO MAGRO PARA LASTRO, TRAÇO 1:4,5:4,5 (EM MASSA SECA DE CIMENTO/ AREIA MÉDIA/ BRITA 1) - PREPARO MECÂNICO COM BETONEIRA 600 L. AF_05/2021 | E34: =VLOOKUP(B34,'Base de dado ONERADA'!A:D,3,FALSE) -> M3 | F34: ='MEMÓRIA DE CÁLCULO'!AE87 -> 6.672 | G34: =VLOOKUP(B34,'Base de dado ONERADA'!A:D,4,FALSE) -> 444.5 | H34: =TRUNC((F34*G34),2) -> 2965.7 | I34: =G34*(1+$G$6) -> 548.41008 | J34: =TRUNC((F34*I34),2) -> 3658.99
A35: 4.9 | B35: 105632 | C35: SINAPI | D35: =VLOOKUP(B35,'Base de dado ONERADA'!A:D,2,FALSE) -> CONSTRUÇÃO DE BASE E SUB-BASE PARA PAVIMENTAÇÃO DE SOLO (PREDOMINANTEMENTE ARENOSO) COM CIMENTO - 6%, MISTURA EM PISTA, COM ESPESSURA DE 20 CM - EXCLUSIVE ESCAVAÇÃO, CARGA E TRANSPORTE E SOLO. AF_09/2024 | E35: =VLOOKUP(B35,'Base de dado ONERADA'!A:D,3,FALSE) -> M3 | F35: ='MEMÓRIA DE CÁLCULO'!AE92 -> 22.56 | G35: =VLOOKUP(B35,'Base de dado ONERADA'!A:D,4,FALSE) -> 127.13 | H35: =TRUNC((F35*G35),2) -> 2868.05 | I35: =G35*(1+$G$6) -> 156.84898 | J35: =TRUNC((F35*I35),2) -> 3538.51
A36: 4.10 | B36: 99842 | C36: SINAPI | D36: =VLOOKUP(B36,'Base de dado ONERADA'!A:D,2,FALSE) -> GUARDA-CORPO DE AÇO GALVANIZADO DE 1,10M, MONTANTES TUBULARES DE 1.1/4" ESPAÇADOS 1,20M, TRAVESSA SUPERIOR DE 1.1/2", GRADIL FORMADO POR TUBOS HORIZONTAIS DE 1" E VERTICAIS DE 3/4", FIXADO COM ADESIVO ESTRUTURAL EPOXI. AF_10/2025_PS | E36: =VLOOKUP(B36,'Base de dado ONERADA'!A:D,3,FALSE) -> M | F36: ='MEMÓRIA DE CÁLCULO'!AE97 -> 20.1 | G36: =VLOOKUP(B36,'Base de dado ONERADA'!A:D,4,FALSE) -> 477.71 | H36: =TRUNC((F36*G36),2) -> 9601.97 | I36: =G36*(1+$G$6) -> 589.38353 | J36: =TRUNC((F36*I36),2) -> 11846.6
A37: 4.11 | B37: 102316 | C37: SINAPI | D37: =VLOOKUP(B37,'Base de dado ONERADA'!A:D,2,FALSE) -> ESCAVAÇÃO MECANIZADA DE VALA COM PROF. MAIOR QUE 1,5 M E ATÉ 3,0 M (MÉDIA MONTANTE E JUSANTE/UMA COMPOSIÇÃO POR TRECHO), ESCAVADEIRA (0,8 M3), LARG. MENOR QUE 1,5 M, EM SOLO DE 2A CATEGORIA, LOCAIS COM BAIXO NÍVEL DE INTERFERÊNCIA. AF_09/2024 | E37: =VLOOKUP(B37,'Base de dado ONERADA'!A:D,3,FALSE) -> M3 | F37: ='MEMÓRIA DE CÁLCULO'!AE102 -> 57.6 | G37: =VLOOKUP(B37,'Base de dado ONERADA'!A:D,4,FALSE) -> 7.35 | H37: =TRUNC((F37*G37),2) -> 423.36 | I37: =G37*(1+$G$6) -> 9.0681982 | J37: =TRUNC((F37*I37),2) -> 522.32
A38: 4.12 | B38: 100982 | C38: SINAPI | D38: =VLOOKUP(B38,'Base de dado ONERADA'!A:D,2,FALSE) -> CARGA, MANOBRA E DESCARGA DE ENTULHO EM CAMINHÃO BASCULANTE 10 M³ - CARGA COM ESCAVADEIRA HIDRÁULICA (CAÇAMBA DE 0,80 M³ / 111 HP) E DESCARGA LIVRE (UNIDADE: M3). AF_07/2020 | E38: =VLOOKUP(B38,'Base de dado ONERADA'!A:D,3,FALSE) -> M3 | F38: ='MEMÓRIA DE CÁLCULO'!AE107 -> 74.88 | G38: =VLOOKUP(B38,'Base de dado ONERADA'!A:D,4,FALSE) -> 9.1 | H38: =TRUNC((F38*G38),2) -> 681.4 | I38: =G38*(1+$G$6) -> 11.227293 | J38: =TRUNC((F38*I38),2) -> 840.69
A39: 4.13 | B39: 95875 | C39: SINAPI | D39: =VLOOKUP(B39,'Base de dado ONERADA'!A:D,2,FALSE) -> TRANSPORTE COM CAMINHÃO BASCULANTE DE 10 M³, EM VIA URBANA PAVIMENTADA, DMT ATÉ 30 KM (UNIDADE: M3XKM). AF_07/2020 | E39: =VLOOKUP(B39,'Base de dado ONERADA'!A:D,3,FALSE) -> M3XKM | F39: ='MEMÓRIA DE CÁLCULO'!AE111 -> 1123.2 | G39: =VLOOKUP(B39,'Base de dado ONERADA'!A:D,4,FALSE) -> 2.51 | H39: =TRUNC((F39*G39),2) -> 2819.23 | I39: =G39*(1+$G$6) -> 3.0967588 | J39: =TRUNC((F39*I39),2) -> 3478.27
A40: 4.14 | B40: 101838 | C40: SINAPI | D40: =VLOOKUP(B40,'Base de dado ONERADA'!A:D,2,FALSE) -> RECOMPOSIÇÃO DE BASE E OU SUB-BASE PARA FECHAMENTO DE VALAS DE SOLO MELHORADO COM CIMENTO (TEOR DE 4%) - INCLUSO RETIRADA E COLOCAÇÃO DO MATERIAL. AF_12/2020 | E40: =VLOOKUP(B40,'Base de dado ONERADA'!A:D,3,FALSE) -> M3 | F40: 57.6 | G40: =VLOOKUP(B40,'Base de dado ONERADA'!A:D,4,FALSE) -> 104.74 | H40: =TRUNC((F40*G40),2) -> 6033.02 | I40: =G40*(1+$G$6) -> 129.22491 | J40: =TRUNC((F40*I40),2) -> 7443.35
A41: 5 | D41: SERVIÇOS COMPLEMENTARES (ENSECADEIRA) | H41: =TRUNC(SUM(H42:H43),2) -> 54061.2 | J41: =TRUNC(SUM(J42:J43),2) -> 66698.99
A42: 5.1 | B42: 94306 | C42: SINAPI | D42: =VLOOKUP(B42,'Base de dado ONERADA'!A:D,2,FALSE) -> ATERRO MECANIZADO DE VALA COM ESCAVADEIRA HIDRÁULICA (CAPACIDADE DA CAÇAMBA: 0,8 M³ / POTÊNCIA: 111 HP), LARGURA ATÉ 2,5 M, PROFUNDIDADE DE 1,5 A 3,0 M, COM SOLO ARGILO-ARENOSO. AF_08/2023 | E42: =VLOOKUP(B42,'Base de dado ONERADA'!A:D,3,FALSE) -> M3 | F42: ='MEMÓRIA DE CÁLCULO'!AE121 -> 540 | G42: =VLOOKUP(B42,'Base de dado ONERADA'!A:D,4,FALSE) -> 70.38 | H42: =TRUNC((F42*G42),2) -> 38005.2 | I42: =G42*(1+$G$6) -> 86.832624 | J42: =TRUNC((F42*I42),2) -> 46889.61
A43: 5.2 | B43: 90650 | C43: SINAPI | D43: =VLOOKUP(B43,'Base de dado ONERADA'!A:D,2,FALSE) -> BOMBA CENTRÍFUGA MONOESTÁGIO COM MOTOR ELÉTRICO MONOFÁSICO, POTÊNCIA 15 HP, DIÂMETRO DO ROTOR 173 MM, HM/Q = 30 MCA / 90 M3/H A 45 MCA / 55 M3/H - CHP DIURNO. AF_06/2015 | E43: =VLOOKUP(B43,'Base de dado ONERADA'!A:D,3,FALSE) -> CHP | F43: ='MEMÓRIA DE CÁLCULO'!AE126 -> 1440 | G43: =VLOOKUP(B43,'Base de dado ONERADA'!A:D,4,FALSE) -> 11.15 | H43: =TRUNC((F43*G43),2) -> 16056 | I43: =G43*(1+$G$6) -> 13.756518 | J43: =TRUNC((F43*I43),2) -> 19809.38
A44: 6 | D44: PAVIMENTAÇÃO | H44: =SUM(H45:H48) -> 17972.84 | J44: =TRUNC(SUM(J45:J48),2) -> 22174.34
A45: 6.1 | B45: COMP.01 | C45: PRÓPRIA | D45: =VLOOKUP(B45,'Base de dado ONERADA'!A:D,2,FALSE) -> INSTALAÇÃO DE JUNTA ELASTOMÉRICA | E45: =VLOOKUP(B45,'Base de dado ONERADA'!A:D,3,FALSE) -> M | F45: ='MEMÓRIA DE CÁLCULO'!AE131 -> 18.8 | G45: =VLOOKUP(B45,'Base de dado ONERADA'!A:D,4,FALSE) -> 348.39 | H45: =TRUNC((F45*G45),2) -> 6549.73 | I45: =G45*(1+$G$6) -> 429.83259 | J45: =TRUNC((F45*I45),2) -> 8080.85
A46: 6.2 | B46: 94275 | C46: SINAPI | D46: =VLOOKUP(B46,'Base de dado ONERADA'!A:D,2,FALSE) -> ASSENTAMENTO DE GUIA (MEIO-FIO) EM TRECHO RETO, CONFECCIONADA EM CONCRETO PRÉ-FABRICADO, DIMENSÕES 100X15X13X20 CM (COMPRIMENTO X BASE INFERIOR X BASE SUPERIOR X ALTURA). AF_01/2024 | E46: =VLOOKUP(B46,'Base de dado ONERADA'!A:D,3,FALSE) -> M | F46: ='MEMÓRIA DE CÁLCULO'!AE136 -> 35.88 | G46: =VLOOKUP(B46,'Base de dado ONERADA'!A:D,4,FALSE) -> 44.84 | H46: =TRUNC((F46*G46),2) -> 1608.85 | I46: =G46*(1+$G$6) -> 55.322178 | J46: =TRUNC((F46*I46),2) -> 1984.95
A47: 6.3 | B47: 94306 | C47: SINAPI | D47: =VLOOKUP(B47,'Base de dado ONERADA'!A:D,2,FALSE) -> ATERRO MECANIZADO DE VALA COM ESCAVADEIRA HIDRÁULICA (CAPACIDADE DA CAÇAMBA: 0,8 M³ / POTÊNCIA: 111 HP), LARGURA ATÉ 2,5 M, PROFUNDIDADE DE 1,5 A 3,0 M, COM SOLO ARGILO-ARENOSO. AF_08/2023 | E47: =VLOOKUP(B47,'Base de dado ONERADA'!A:D,3,FALSE) -> M3 | F47: ='MEMÓRIA DE CÁLCULO'!AE141 -> 50.76 | G47: =VLOOKUP(B47,'Base de dado ONERADA'!A:D,4,FALSE) -> 70.38 | H47: =TRUNC((F47*G47),2) -> 3572.48 | I47: =G47*(1+$G$6) -> 86.832624 | J47: =TRUNC((F47*I47),2) -> 4407.62
A48: 6.4 | B48: 101169 | C48: SINAPI | D48: =VLOOKUP(B48,'Base de dado ONERADA'!A:D,2,FALSE) -> EXECUÇÃO DE PAVIMENTO EM PARALELEPÍPEDOS, REJUNTAMENTO COM ARGAMASSA TRAÇO 1:3 (CIMENTO E AREIA). AF_05/2020 | E48: =VLOOKUP(B48,'Base de dado ONERADA'!A:D,3,FALSE) -> M2 | F48: ='MEMÓRIA DE CÁLCULO'!AE146 -> 67.116 | G48: =VLOOKUP(B48,'Base de dado ONERADA'!A:D,4,FALSE) -> 93 | H48: =TRUNC((F48*G48),2) -> 6241.78 | I48: =G48*(1+$G$6) -> 114.74047 | J48: =TRUNC((F48*I48),2) -> 7700.92
A49: 7 | D49: PASSEIO | H49: =TRUNC(SUM(H50),2) -> 3040.29 | J49: =TRUNC(SUM(J50),2) -> 3751.01
A50: 7.1 | B50: 94992 | C50: SINAPI | D50: =VLOOKUP(B50,'Base de dado ONERADA'!A:D,2,FALSE) -> EXECUÇÃO DE PASSEIO (CALÇADA) OU PISO DE CONCRETO COM CONCRETO MOLDADO IN LOCO, FEITO EM OBRA, ACABAMENTO CONVENCIONAL, ESPESSURA 6 CM, ARMADO. AF_08/2022 | E50: =VLOOKUP(B50,'Base de dado ONERADA'!A:D,3,FALSE) -> M2 | F50: ='MEMÓRIA DE CÁLCULO'!AE152 -> 37.674 | G50: =VLOOKUP(B50,'Base de dado ONERADA'!A:D,4,FALSE) -> 80.7 | H50: =TRUNC((F50*G50),2) -> 3040.29 | I50: =G50*(1+$G$6) -> 99.565115 | J50: =TRUNC((F50*I50),2) -> 3751.01
A51: RUA TRAVESSA JULES RIMET - RIO DOCE
A52: 2 | D52: SERVIÇOS PRELIMINARES | H52: =TRUNC(SUM(H53:H53),2) -> 2812.02 | J52: =TRUNC(SUM(J53:J53),2) -> 3469.38
A53: 2.1 | B53: 103689 | C53: SINAPI | D53: =VLOOKUP(B53,'Base de dado ONERADA'!A:D,2,FALSE) -> FORNECIMENTO E INSTALAÇÃO DE PLACA DE OBRA COM CHAPA GALVANIZADA E ESTRUTURA DE MADEIRA. AF_03/2022_PS | E53: =VLOOKUP(B53,'Base de dado ONERADA'!A:D,3,FALSE) -> M2 | F53: 6 | G53: =VLOOKUP(B53,'Base de dado ONERADA'!A:D,4,FALSE) -> 468.67 | H53: =TRUNC((F53*G53),2) -> 2812.02 | I53: =G53*(1+$G$6) -> 578.23027 | J53: =TRUNC((F53*I53),2) -> 3469.38
A54: 3 | D54: MOVIMENTAÇÃO DE TERRA | H54: =TRUNC(SUM(H55:H57),2) -> 32388.34 | J54: =TRUNC(SUM(J55:J57),2) -> 39959.71
A55: 3.1 | B55: 102308 | C55: SINAPI | D55: =VLOOKUP(B55,'Base de dado ONERADA'!A:D,2,FALSE) -> ESCAVAÇÃO MECANIZADA DE VALA COM PROF. MAIOR QUE 1,5 M ATÉ 3,0 M (MÉDIA MONTANTE E JUSANTE/UMA COMPOSIÇÃO POR TRECHO), ESCAVADEIRA (0,8 M3), LARG. ATÉ 1,5 M, EM SOLO DE 2A CATEGORIA, EM LOCAIS COM ALTO NÍVEL DE INTERFERÊNCIA. AF_09/2024 | E55: =VLOOKUP(B55,'Base de dado ONERADA'!A:D,3,FALSE) -> M3 | F55: 64.8 | G55: =VLOOKUP(B55,'Base de dado ONERADA'!A:D,4,FALSE) -> 11.67 | H55: =TRUNC((F55*G55),2) -> 756.21 | I55: =G55*(1+$G$6) -> 14.398078 | J55: =TRUNC((F55*I55),2) -> 932.99
A56: 3.2 | B56: 94310 | C56: SINAPI | D56: =VLOOKUP(B56,'Base de dado ONERADA'!A:D,2,FALSE) -> ATERRO MECANIZADO DE VALA COM ESCAVADEIRA HIDRÁULICA (CAPACIDADE DA CAÇAMBA: 0,8 M³/POTÊNCIA: 111 HP), LARGURA ATÉ 2,5 M, PROFUNDIDADE DE 3,0 A 6,0 M, COM SOLO ARGILO-ARENOSO. AF_08/2023 | E56: =VLOOKUP(B56,'Base de dado ONERADA'!A:D,3,FALSE) -> M3 | F56: 428.4 | G56: =VLOOKUP(B56,'Base de dado ONERADA'!A:D,4,FALSE) -> 67.43 | H56: =TRUNC((F56*G56),2) -> 28887.01 | I56: =G56*(1+$G$6) -> 83.193007 | J56: =TRUNC((F56*I56),2) -> 35639.88
A57: 3.3 | B57: 104742 | C57: SINAPI | D57: =VLOOKUP(B57,'Base de dado ONERADA'!A:D,2,FALSE) -> COMPACTAÇÃO DE VALAS COM ROLO COMPRESSOR. AF_08/2023 | E57: =VLOOKUP(B57,'Base de dado ONERADA'!A:D,3,FALSE) -> M2 | F57: 336 | G57: =VLOOKUP(B57,'Base de dado ONERADA'!A:D,4,FALSE) -> 8.17 | H57: =TRUNC((F57*G57),2) -> 2745.12 | I57: =G57*(1+$G$6) -> 10.079888 | J57: =TRUNC((F57*I57),2) -> 3386.84
A58: 4 | D58: DRENAGEM | H58: =TRUNC(SUM(H59:H63),2) -> 17917.44 | J58: =TRUNC(SUM(J59:J63),2) -> 22105.97
A59: 4.1 | B59: 92226 | C59: SINAPI | D59: =VLOOKUP(B59,'Base de dado ONERADA'!A:D,2,FALSE) -> TUBO DE CONCRETO PARA REDES COLETORAS DE ÁGUAS PLUVIAIS, DIÂMETRO DE 1000 MM, JUNTA RÍGIDA, INSTALADO EM LOCAL COM ALTO NÍVEL DE INTERFERÊNCIAS - FORNECIMENTO E ASSENTAMENTO. AF_03/2024 | E59: =VLOOKUP(B59,'Base de dado ONERADA'!A:D,3,FALSE) -> M | F59: 15 | G59: =VLOOKUP(B59,'Base de dado ONERADA'!A:D,4,FALSE) -> 485.98 | H59: =TRUNC((F59*G59),2) -> 7289.7 | I59: =G59*(1+$G$6) -> 599.5868 | J59: =TRUNC((F59*I59),2) -> 8993.8
A60: 4.2 | B60: 92221 | C60: SINAPI | D60: =VLOOKUP(B60,'Base de dado ONERADA'!A:D,2,FALSE) -> TUBO DE CONCRETO PARA REDES COLETORAS DE ÁGUAS PLUVIAIS, DIÂMETRO DE 600 MM, JUNTA RÍGIDA, INSTALADO EM LOCAL COM ALTO NÍVEL DE INTERFERÊNCIAS - FORNECIMENTO E ASSENTAMENTO. AF_03/2024 | E60: =VLOOKUP(B60,'Base de dado ONERADA'!A:D,3,FALSE) -> M | F60: 8 | G60: =VLOOKUP(B60,'Base de dado ONERADA'!A:D,4,FALSE) -> 253.81 | H60: =TRUNC((F60*G60),2) -> 2030.48 | I60: =G60*(1+$G$6) -> 313.14277 | J60: =TRUNC((F60*I60),2) -> 2505.14
A61: 4.3 | B61: 102487 | C61: SINAPI | D61: =VLOOKUP(B61,'Base de dado ONERADA'!A:D,2,FALSE) -> CONCRETO CICLÓPICO FCK = 15MPA, 30% PEDRA DE MÃO EM VOLUME REAL, INCLUSIVE LANÇAMENTO. AF_05/2021 | E61: =VLOOKUP(B61,'Base de dado ONERADA'!A:D,3,FALSE) -> M3 | F61: 9 | G61: =VLOOKUP(B61,'Base de dado ONERADA'!A:D,4,FALSE) -> 652.84 | H61: =TRUNC((F61*G61),2) -> 5875.56 | I61: =G61*(1+$G$6) -> 805.4534 | J61: =TRUNC((F61*I61),2) -> 7249.08
A62: 4.4 | B62: 92264 | C62: SINAPI | D62: =VLOOKUP(B62,'Base de dado ONERADA'!A:D,2,FALSE) -> FABRICAÇÃO DE FÔRMA PARA PILARES E ESTRUTURAS SIMILARES, EM CHAPA DE MADEIRA COMPENSADA PLASTIFICADA, E = 18 MM. AF_09/2020 | E62: =VLOOKUP(B62,'Base de dado ONERADA'!A:D,3,FALSE) -> M2 | F62: 1.8 | G62: =VLOOKUP(B62,'Base de dado ONERADA'!A:D,4,FALSE) -> 207.51 | H62: =TRUNC((F62*G62),2) -> 373.51 | I62: =G62*(1+$G$6) -> 256.01929 | J62: =TRUNC((F62*I62),2) -> 460.83
A63: 4.5 | B63: 99264 | C63: SINAPI | D63: =VLOOKUP(B63,'Base de dado ONERADA'!A:D,2,FALSE) -> CAIXA ENTERRADA HIDRÁULICA RETANGULAR, EM ALVENARIA COM BLOCOS DE CONCRETO, DIMENSÕES INTERNAS: 1X1X0,6 M PARA REDE DE DRENAGEM. AF_12/2020 | E63: =VLOOKUP(B63,'Base de dado ONERADA'!A:D,3,FALSE) -> UN | F63: 3 | G63: =VLOOKUP(B63,'Base de dado ONERADA'!A:D,4,FALSE) -> 782.73 | H63: =TRUNC((F63*G63),2) -> 2348.19 | I63: =G63*(1+$G$6) -> 965.70759 | J63: =TRUNC((F63*I63),2) -> 2897.12
A64: 5 | D64: PAVIMENTAÇÃO | H64: =TRUNC(SUM(H65:H67),2) -> 37691.5 | J64: =TRUNC(SUM(J65:J67),2) -> 46502.57
A65: 5.1 | B65: 101169 | C65: SINAPI | D65: =VLOOKUP(B65,'Base de dado ONERADA'!A:D,2,FALSE) -> EXECUÇÃO DE PAVIMENTO EM PARALELEPÍPEDOS, REJUNTAMENTO COM ARGAMASSA TRAÇO 1:3 (CIMENTO E AREIA). AF_05/2020 | E65: =VLOOKUP(B65,'Base de dado ONERADA'!A:D,3,FALSE) -> M2 | F65: 336 | G65: =VLOOKUP(B65,'Base de dado ONERADA'!A:D,4,FALSE) -> 93 | H65: =TRUNC((F65*G65),2) -> 31248 | I65: =G65*(1+$G$6) -> 114.74047 | J65: =TRUNC((F65*I65),2) -> 38552.79
A66: 5.2 | B66: 94275 | C66: SINAPI | D66: =VLOOKUP(B66,'Base de dado ONERADA'!A:D,2,FALSE) -> ASSENTAMENTO DE GUIA (MEIO-FIO) EM TRECHO RETO, CONFECCIONADA EM CONCRETO PRÉ-FABRICADO, DIMENSÕES 100X15X13X20 CM (COMPRIMENTO X BASE INFERIOR X BASE SUPERIOR X ALTURA). AF_01/2024 | E66: =VLOOKUP(B66,'Base de dado ONERADA'!A:D,3,FALSE) -> M | F66: 70 | G66: =VLOOKUP(B66,'Base de dado ONERADA'!A:D,4,FALSE) -> 44.84 | H66: =TRUNC((F66*G66),2) -> 3138.8 | I66: =G66*(1+$G$6) -> 55.322178 | J66: =TRUNC((F66*I66),2) -> 3872.55
A67: 5.3 | B67: 94281 | C67: SINAPI | D67: =VLOOKUP(B67,'Base de dado ONERADA'!A:D,2,FALSE) -> EXECUÇÃO DE SARJETA DE CONCRETO USINADO, MOLDADA IN LOCO EM TRECHO RETO, 30 CM BASE X 15 CM ALTURA. AF_01/2024 | E67: =VLOOKUP(B67,'Base de dado ONERADA'!A:D,3,FALSE) -> M | F67: 70 | G67: =VLOOKUP(B67,'Base de dado ONERADA'!A:D,4,FALSE) -> 47.21 | H67: =TRUNC((F67*G67),2) -> 3304.7 | I67: =G67*(1+$G$6) -> 58.246209 | J67: =TRUNC((F67*I67),2) -> 4077.23
A68: 6 | D68: PASSEIO | H68: =TRUNC(SUM(H69),2) -> 7747.2 | J68: =TRUNC(SUM(J69:J69),2) -> 9558.25
A69: 6.1 | B69: 94992 | C69: SINAPI | D69: =VLOOKUP(B69,'Base de dado ONERADA'!A:D,2,FALSE) -> EXECUÇÃO DE PASSEIO (CALÇADA) OU PISO DE CONCRETO COM CONCRETO MOLDADO IN LOCO, FEITO EM OBRA, ACABAMENTO CONVENCIONAL, ESPESSURA 6 CM, ARMADO. AF_08/2022 | E69: =VLOOKUP(B69,'Base de dado ONERADA'!A:D,3,FALSE) -> M2 | F69: 96 | G69: =VLOOKUP(B69,'Base de dado ONERADA'!A:D,4,FALSE) -> 80.7 | H69: =TRUNC((F69*G69),2) -> 7747.2 | I69: =G69*(1+$G$6) -> 99.565115 | J69: =TRUNC((F69*I69),2) -> 9558.25
F71: Total sem BDI | H71: =H12+H16+H22+H26+H44+H41+H49+H52+H54+H58+H64+H68 -> 396303.91
F72: Total do BDI | H72: =H73-H71 -> 92643.25
F73: Total Geral | H73: =J12+J16+J22+J26+J44+J49+J41+J52+J54+J58+J64+J68 -> 488947.16

Sheet MEMÓRIA DE CÁLCULO
A1: Prefeitura Municipal de Olinda
A2: Secretaria de Obras - SO
A3: Secretaria Executiva de Obras - SEO
A4: OBJETO: | O4: BDI NÃO DESONERADO | T4: ='BDI NÃO DES'!B39 -> 0.23376846 | W4: DATA: | AA4: 46080
A5: CONTRATAÇÃO DE EMPRESA DE ENGENHARIA ESPECIALIZADA PARA DEMOLIÇÃO E CONSTRUÇÃO DE UM NOVO PONTILHÃO TIPO BUEIRO CELULAR NA RUA TAINHA, SOBRE O CANAL DA AVENIDA OURIÇO DO MAR, NO BAIRRO DE OURO PRETO, E DE PAVIMENTAÇÃO, PONTAS DE ALA E DRENAGEM NA RUA TRAVESSA JULES RIMET, PARA COMPLEMENTO DOS ACESSOS AO PONTILHÃO SOBRE O CANAL DA AVENIDA MÉXICO, NO BAIRRO DE RIO DOCE, AMBOS NO MUNICÍPIO DE OLINDA-PE.
A6: LOCAL: RUA TAINHA/ RUA TRAVESSA JULES RIMET | P6: ENCARGOS SOCIAIS: 114,63% HORISTA, 70,67% MENSALISTA
A7: BAIRRO: OURO PRETO, NO MUNICÍPIO DE OLINDA-PE/ RIO DOCE, NO MUNICÍPIO DE OLINDA-PE | P7: TABELAS DE REFERÊNCIA: SINAPI JAN/26; SICRO OUT/25; COMPESA 2024.2
A8: MEMÓRIA DE CÁLCULO
A10: ITEM | B10: CÓDIGO | C10: DESCRIÇÃO
A11: 1.0 | B11: ADMINISTRAÇÃO LOCAL
A12: 1.1 | B12: 90777 | C12: ENGENHEIRO CIVIL DE OBRA JUNIOR COM ENCARGOS COMPLEMENTARES | AC12: TOTAL | AE12: =AE14 -> 72 | AF12: H
E13: 1 ENGENHEIRO CIVIL, 1,5 HORA POR DIA, 1 DIA POR SEMANA, 4 SEMANAS POR MÊS, DURANTE 6 MESES
E14: 1.5 | F14: HORA | G14: X | H14: 1 | I14: DIAS/SEMANA | L14: X | M14: 4 | O14: SEMANAS | P14: X | R14: 12 | T14: MESES | AD14: = | AE14: =PRODUCT(E14:S14) -> 72 | AF14: H
A16: 1.2 | B16: 90776 | C16: ENCARREGADO GERAL COM ENCARGOS COMPLEMENTARES | AC16: TOTAL | AE16: =AE18 -> 180 | AF16: H
E17: 1 ENCARREGADO, 1,5 HORAS POR DIA, 5 DIAS POR SEMANA, 4 SEMANAS POR MÊS, DURANTE 6 MESES
E18: 1.5 | F18: HORA | G18: X | H18: 5 | I18: DIAS/SEMANA | L18: X | M18: 4 | O18: SEMANAS | P18: X | R18: 6 | T18: MESES | AD18: = | AE18: =PRODUCT(E18:R18) -> 180 | AF18: H
A20: RUA TAINHA - OURO PRETO
A21: 2.0 | B21: SERVIÇOS PRELIMINARES
A22: 2.1 | B22: 103689 | C22: FORNECIMENTO E INSTALAÇÃO DE PLACA DE OBRA COM CHAPA GALVANIZADA E ESTRUTURA DE MADEIRA. AF_03/2022_PS | AC22: TOTAL | AE22: =AE24 -> 6 | AF22: =AF24 -> M2
E23: Comp. | F23: M | G23: x | H23: Larg. | I23: M
E24: 3 | F24: M | G24: x | H24: 2 | I24: M | AD24: = | AE24: =PRODUCT(E24:O24) -> 6 | AF24: M2
A26: 2.2 | B26: 01.08.38U | C26: ALUGUEL CONTAINER/ESCRITÓRIO INCLUSIVE INSTALAÇÕES ELÉTRICAS LARG=2,20 COMP=6,20M ALT=2,50M EM CHAPA ACO COM NERVURAS TRAPEZ. FORRO COM ISOLAMENTO TERMO/ACUSTICO CHASSIS REFORCADO PISO COMPENSADO NAVAL EXCLUSO TRANSP/CARGA/DESCARGA | AC26: TOTAL | AE26: =AE28 -> 6 | AF26: =AF28 -> MÊS
E27: 1 CONTAINER ESCRITÓRIO POR 6 MESES
E28: 1 | F28: UNID | G28: x | H28: 6 | I28: MESES | AD28: = | AE28: =PRODUCT(E28:O28) -> 6 | AF28: MÊS
A30: 2.3 | B30: 01.08.37U | C30: MOBILIZACAO E DESMOBILIZACAO DE EQUIPAMENTOS - CARGA E DESCARGA | AC30: TOTAL | AE30: =AE32 -> 2.3 | AF30: =AF32 -> T
E31: 1 CONTAINER ESCRITÓRIO
E32: 1 | F32: UNID | G32: x | H32: 2.3 | I32: TONELADAS | AD32: = | AE32: =PRODUCT(E32:O32) -> 2.3 | AF32: T
A34: 2.4 | B34: 01.08.36U | C34: MOBILIZACAO E DESMOBILIZACAO DE EQUIPAMENTOS - TRANSPORTE | AC34: TOTAL | AE34: =AE36 -> 34.5 | AF34: =AF36 -> TXKM
E35: 1 CONTAINER ESCRITÓRIO IDA/VOLTA
E36: 1 | F36: UNID | G36: x | H36: 2.3 | I36: TONELADAS | L36: x | M36: 15 | O36: KM | AD36: = | AE36: =PRODUCT(E36:O36) -> 34.5 | AF36: TXKM
A38: 2.5 | B38: 01.08.41U | C38: CANTEIRO ITINERANTE COMPOSTO DE TOLDO, CONJUNTO DE MESA E CADEIRAS E BANHEIRO QUÍMICO COM LIMPEZA DIÁRIA INCLUSO COLETA E DESTINAÇÃO FINAL DE EFLUENTES | AC38: TOTAL | AE38: =AE40 -> 6 | AF38: =AF40 -> MÊS
E39: 1 CANTEIRO ITINERANTE POR 6 MESES
E40: 1 | F40: UNID | G40: x | H40: 6 | I40: MESES | AD40: = | AE40: =PRODUCT(E40:O40) -> 6 | AF40: MÊS
A42: 3.0 | B42: DEMOLIÇÃO
A43: 3.1 | B43: 1619003 | C43: DEMOLIÇÃO MECÂNICA DE CONCRETO ARMADO COM ESCAVADEIRA HIDRÁULICA | AC43: TOTAL | AE43: =SUM(AE47:AE47) -> 43.4 | AF43: =AF47 -> M3
E44: Comp. | F44: M | G44: x | H44: Larg. | I44: M | K44: x | L44: Esp | M44: M | N44: x | O44: Qte | Q44: Total
E45: 10 | F45: M | G45: x | H45: 7 | I45: M | K45: x | L45: 0.2 | M45: M | N45: x | O45: 1 | Q45: =PRODUCT(E45:O45) -> 14 | T45: M3
E46: 3 | F46: M | G46: x | H46: 7 | I46: M | K46: x | L46: 0.6 | M46: M | N46: x | O46: 2 | Q46: =PRODUCT(E46:O46) -> 25.2 | T46: M3
E47: 2 | F47: M | G47: x | H47: 7 | I47: M | K47: x | L47: 0.15 | M47: M | N47: x | O47: 2 | Q47: =PRODUCT(E47:O47) -> 4.2 | T47: M3 | AD47: = | AE47: =SUM(Q45:S47) -> 43.4 | AF47: M3
A49: 3.2 | B49: 100982 | C49: CARGA, MANOBRA E DESCARGA DE ENTULHO EM CAMINHÃO BASCULANTE 10 M³ - CARGA COM ESCAVADEIRA HIDRÁULICA (CAÇAMBA DE 0,80 M³ / 111 HP) E DESCARGA LIVRE (UNIDADE: M3). AF_07/2020 | AC49: TOTAL | AE49: =SUM(AE51:AE51) -> 56.42 | AF49: =AF51 -> M3
E50: Volume | F50: M3 | G50: x | H50: Emp
E51: =AE43 -> 43.4 | F51: M3 | G51: x | H51: 1.3 | AD51: = | AE51: =PRODUCT(E51:O51) -> 56.42 | AF51: M3
A53: 3.3 | B53: 95875 | C53: TRANSPORTE COM CAMINHÃO BASCULANTE DE 10 M³, EM VIA URBANA PAVIMENTADA, DMT ATÉ 30 KM (UNIDADE: M3XKM). AF_07/2020 | AC53: TOTAL | AE53: =SUM(AE55:AE55) -> 846.3 | AF53: =AF55 -> M3XKM
E54: Volume | F54: M3 | G54: x | H54: DMT
E55: =AE49 -> 56.42 | F55: M3 | G55: x | H55: 15 | AD55: = | AE55: =PRODUCT(E55:O55) -> 846.3 | AF55: M3XKM
A57: 4.0 | B57: ESTRUTURA
A58: 4.1 | B58: 102482 | C58: CONCRETO FCK = 25MPA, TRAÇO 1:2,2:2,5 (EM MASSA SECA DE CIMENTO/ AREIA MÉDIA/ SEIXO ROLADO) - PREPARO MECÂNICO COM BETONEIRA 600 L. AF_05/2021 | AC58: TOTAL | AE58: =SUM(AE61:AE61) -> 67.68 | AF58: M3
E59: Quantidade obtida do QUADRO RESUMO DE AÇO do Projeto ESTRUTURA PARA PONTILHÃO DA RUA TAINHA
E60: Área do bueiro | F60: M2 | G60: + | H60: Área laje de transição (2x) | I60: M2 | K60: Área total (M2) | M60: M2 | N60: x | O60: Comp | P60: M
E61: 6.2 | F61: M2 | G61: + | H61: =2*0.5 -> 1 | I61: M2 | K61: =E61+H61 -> 7.2 | M61: M2 | N61: x | O61: 9.4 | P61: M | AD61: = | AE61: =K61*O61 -> 67.68 | AF61: M3
A63: 4.2 | B63: 92772 | C63: ARMAÇÃO DE LAJE DE ESTRUTURA CONVENCIONAL DE CONCRETO ARMADO UTILIZANDO AÇO CA-50 DE 12,5 MM - MONTAGEM. AF_06/2022 | AC63: TOTAL | AE63: =SUM(AE65:AE65) -> 3845 | AF63: =AF65 -> KG
E64: Quantidade obtida do QUADRO RESUMO DE AÇO do Projeto ESTRUTURA PARA PONTILHÃO DA RUA TAINHA
AD65: = | AE65: 3845 | AF65: KG
A67: 4.3 | B67: 92771 | C67: ARMAÇÃO DE LAJE DE ESTRUTURA CONVENCIONAL DE CONCRETO ARMADO UTILIZANDO AÇO CA-50 DE 10,0 MM - MONTAGEM. AF_06/2022 | AC67: TOTAL | AE67: =SUM(AE69:AE69) -> 1941 | AF67: =AF69 -> KG
E68: Quantidade obtida do QUADRO RESUMO DE AÇO do Projeto ESTRUTURA PARA PONTILHÃO DA RUA TAINHA
AD69: = | AE69: 1941 | AF69: KG
A71: 4.4 | B71: 92770 | C71: ARMAÇÃO DE LAJE DE ESTRUTURA CONVENCIONAL DE CONCRETO ARMADO UTILIZANDO AÇO CA-50 DE 8,0 MM - MONTAGEM. AF_06/2022 | AC71: TOTAL | AE71: =SUM(AE73:AE73) -> 23 | AF71: =AF73 -> KG
E72: Quantidade obtida do QUADRO RESUMO DE AÇO do Projeto ESTRUTURA PARA PONTILHÃO DA RUA TAINHA
AD73: = | AE73: 23 | AF73: KG
A75: 4.5 | B75: 92769 | C75: ARMAÇÃO DE LAJE DE ESTRUTURA CONVENCIONAL DE CONCRETO ARMADO UTILIZANDO AÇO CA-50 DE 6,3 MM - MONTAGEM. AF_06/2022 | AC75: TOTAL | AE75: =SUM(AE77:AE77) -> 636 | AF75: =AF77 -> KG
E76: Quantidade obtida do QUADRO RESUMO DE AÇO do Projeto ESTRUTURA PARA PONTILHÃO DA RUA TAINHA
AD77: = | AE77: 636 | AF77: KG
A79: 4.6 | B79: 92267 | C79: FABRICAÇÃO DE FÔRMA PARA LAJES, EM CHAPA DE MADEIRA COMPENSADA RESINADA, E = 17 MM. AF_09/2020 | AC79: TOTAL | AE79: =SUM(AE81:AE81) -> 255.6 | AF79: =AF81 -> M2
E80: Quantidade obtida dos desenhos esquemáticos do Projeto ESTRUTURA PARA PONTILHÃO DA RUA TAINHA
AD81: = | AE81: 255.6 | AF81: M2
A83: 4.7 | B83: 92524 | C83: MONTAGEM E DESMONTAGEM DE FÔRMA DE LAJE MACIÇA, PÉ-DIREITO DUPLO, EM CHAPA DE MADEIRA COMPENSADA PLASTIFICADA, 10 UTILIZAÇÕES. AF_09/2020 | AC83: TOTAL | AE83: =SUM(AE85:AE85) -> 255.6 | AF83: =AF85 -> M2
E84: Quantidade obtida dos desenhos esquemáticos do Projeto ESTRUTURA PARA PONTILHÃO DA RUA TAINHA
AD85: = | AE85: 255.6 | AF85: M2
A87: 4.8 | B87: 94968 | C87: CONCRETO MAGRO PARA LASTRO, TRAÇO 1:4,5:4,5 (EM MASSA SECA DE CIMENTO/ AREIA MÉDIA/ BRITA 1) - PREPARO MECÂNICO COM BETONEIRA 600 L. AF_05/2021 | AC87: TOTAL | AE87: =SUM(AE90:AE90) -> 6.672 | AF87: M3
E88: Quantidade obtida dos desenhos esquemáticos do Projeto ESTRUTURA PARA PONTILHÃO DA RUA TAINHA
E89: Largura | F89: M | G89: x | H89: Comp | I89: M | J89: x | K89: Esp | L89: M
E90: 9.6 | F90: M | G90: x | H90: 6.95 | I90: M | J90: x | K90: 0.1 | L90: M | AD90: = | AE90: =PRODUCT(E90:U90) -> 6.672 | AF90: M3
A92: 4.9 | B92: 105632 | C92: CONSTRUÇÃO DE BASE E SUB-BASE PARA PAVIMENTAÇÃO DE SOLO (PREDOMINANTEMENTE ARENOSO) COM CIMENTO - 6%, MISTURA EM PISTA, COM ESPESSURA DE 20 CM - EXCLUSIVE ESCAVAÇÃO, CARGA E TRANSPORTE E SOLO. AF_09/2024 | AC92: TOTAL | AE92: =SUM(AE95:AE95) -> 22.56 | AF92: M3
E93: Quantidade obtida dos desenhos esquemáticos do Projeto ESTRUTURA PARA PONTILHÃO DA RUA TAINHA
E94: Largura | F94: M | G94: x | H94: Comp | I94: M | J94: x | K94: Alt | L94: M | M94: x | O94: Qte
E95: 2 | F95: M | G95: x | H95: 9.4 | I95: M | J95: x | K95: 0.6 | L95: M | M95: x | O95: 2 | AD95: = | AE95: =PRODUCT(E95:U95) -> 22.56 | AF95: M3
A97: 4.10 | B97: 99837 | C97: GUARDA-CORPO DE AÇO GALVANIZADO DE 1,10M, MONTANTES TUBULARES DE 1.1/4" ESPAÇADOS DE 1,20M, TRAVESSA SUPERIOR DE 1.1/2", GRADIL FORMADO POR TUBOS HORIZONTAIS DE 1" E VERTICAIS DE 3/4", FIXADO COM CHUMBADOR MECÂNICO. AF_04/2019_PS | AC97: TOTAL | AE97: =SUM(AE100:AE100) -> 20.1 | AF97: M
E98: Quantidade obtida dos desenhos esquemáticos do Projeto ESTRUTURA PARA PONTILHÃO DA RUA TAINHA
E99: Comp | F99: M | G99: x | H99: Qte
E100: 10.05 | F100: M | G100: x | H100: 2 | AD100: = | AE100: =PRODUCT(E100:U100) -> 20.1 | AF100: M
A102: 4.11 | B102: 102316 | C102: ESCAVAÇÃO MECANIZADA DE VALA COM PROF. MAIOR QUE 1,5 M E ATÉ 3,0 M (MÉDIA MONTANTE E JUSANTE/UMA COMPOSIÇÃO POR TRECHO), ESCAVADEIRA (0,8 M3), LARG. MENOR QUE 1,5 M, EM SOLO DE 2A CATEGORIA, LOCAIS COM BAIXO NÍVEL DE INTERFERÊNCIA. AF_09/2024 | AC102: TOTAL | AE102: =SUM(AE105:AE105) -> 57.6 | AF102: =AF105 -> M3
E103: Quantidade obtida dos desenhos esquemáticos do Projeto ESTRUTURA PARA PONTILHÃO DA RUA TAINHA
E104: Largura | F104: M | G104: x | H104: Alt | I104: M | J104: x | K104: Comp | L104: M
E105: 8 | F105: M | G105: x | H105: 0.6 | I105: M | J105: x | K105: 12 | L105: M | AD105: = | AE105: =PRODUCT(E105:AC105) -> 57.6 | AF105: M3
A107: 4.12 | B107: 100982 | C107: CARGA, MANOBRA E DESCARGA DE ENTULHO EM CAMINHÃO BASCULANTE 10 M³ - CARGA COM ESCAVADEIRA HIDRÁULICA (CAÇAMBA DE 0,80 M³ / 111 HP) E DESCARGA LIVRE (UNIDADE: M3). AF_07/2020 | AC107: TOTAL | AE107: =SUM(AE109:AE109) -> 74.88 | AF107: =AF109 -> M3
E108: Volume | F108: M3 | G108: x | H108: Emp
E109: =AE102 -> 57.6 | F109: M3 | G109: x | H109: 1.3 | AD109: = | AE109: =PRODUCT(E109:O109) -> 74.88 | AF109: M3
A111: 4.13 | B111: 95875 | C111: TRANSPORTE COM CAMINHÃO BASCULANTE DE 10 M³, EM VIA URBANA PAVIMENTADA, DMT ATÉ 30 KM (UNIDADE: M3XKM). AF_07/2020 | AC111: TOTAL | AE111: =SUM(AE113:AE113) -> 1123.2 | AF111: =AF113 -> M3XKM
E112: Volume | F112: M3 | G112: x | H112: DMT
E113: =AE107 -> 74.88 | F113: M3 | G113: x | H113: 15 | AD113: = | AE113: =PRODUCT(E113:O113) -> 1123.2 | AF113: M3XKM
A115: 4.14 | B115: 101838 | C115: RECOMPOSIÇÃO DE BASE E OU SUB-BASE PARA FECHAMENTO DE VALAS DE SOLO MELHORADO COM CIMENTO (TEOR DE 4%) - INCLUSO RETIRADA E COLOCAÇÃO DO MATERIAL. AF_12/2020 | AC115: TOTAL | AE115: =AE118 -> 57.6 | AF115: =AF118 -> M3
E116: Quantidade obtida dos desenhos esquemáticos do Projeto ESTRUTURA PARA PONTILHÃO DA RUA TAINHA
E117: Largura | F117: M | G117: x | H117: Alt | I117: M | J117: x | K117: Comp | L117: M
E118: 8 | F118: M | G118: x | H118: 0.6 | I118: M | J118: x | K118: 12 | L118: M | AD118: = | AE118: =PRODUCT(E118:AC118) -> 57.6 | AF118: M3
A120: 5.0 | C120: SERVIÇOS COMPLEMENTARES (ENSECADEIRA)
A121: 5.1 | B121: 94306 | C121: ATERRO MECANIZADO DE VALA COM ESCAVADEIRA HIDRÁULICA (CAPACIDADE DA CAÇAMBA: 0,8 M³ / POTÊNCIA: 111 HP), LARGURA ATÉ 2,5 M, PROFUNDIDADE DE 1,5 A 3,0 M, COM SOLO ARGILO-ARENOSO. AF_08/2023 | AC121: TOTAL | AE121: =AE124 -> 540 | AF121: =AF124 -> M3
E122: Quantidade obtida dos desenhos esquemáticos do Projeto ESTRUTURA PARA PONTILHÃO DA RUA TAINHA
E123: Base menor | F123: + | G123: Base maior | J123: x | K123: Alt | L123: / | O123: Área | P123: Qte | R123: Área total | T123: x | U123: Comp.
D124: ( | E124: 1.5 | F124: + | G124: 3 | I124: ) | J124: x | K124: 3 | L124: / | M124: 2 | O124: =((E124+G124)*K124)/M124 -> 6.75 | P124: 10 | R124: =O124*P124 -> 67.5 | T124: x | U124: 8 | AD124: = | AE124: =R124*U124 -> 540 | AF124: M3
A126: 5.2 | B126: 90650 | C126: BOMBA CENTRÍFUGA MONOESTÁGIO COM MOTOR ELÉTRICO MONOFÁSICO, POTÊNCIA 15 HP, DIÂMETRO DO ROTOR 173 MM, HM/Q = 30 MCA / 90 M3/H A 45 MCA / 55 M3/H - CHP DIURNO. AF_06/2015 | AC126: TOTAL | AE126: =AE128 -> 1440 | AF126: =AF128 -> H
...

Sheet COMPOSIÇÃO NÃO DES
A1: PREFEITURA MUNICIPAL DE OLINDA - PMO
A2: SECRETARIA DE OBRAS - SO
A3: SECRETARIA DE EXECUTIVA DE OBRAS - SEO
A4: ='[51]RESUMO '!$A$4 -> Objeto: | E4: DATA
A5: CONTRATAÇÃO DE EMPRESA DE ENGENHARIA ESPECIALIZADA PARA DEMOLIÇÃO E CONSTRUÇÃO DE UM NOVO PONTILHÃO TIPO BUEIRO CELULAR NA RUA TAINHA, SOBRE O CANAL DA AVENIDA OURIÇO DO MAR, NO BAIRRO DE OURO PRETO, E DE PAVIMENTAÇÃO, PONTAS DE ALA E DRENAGEM NA RUA TRAVESSA JULES RIMET, PARA COMPLEMENTO DOS ACESSOS AO PONTILHÃO SOBRE O CANAL DA AVENIDA MÉXICO, NO BAIRRO DE RIO DOCE, AMBOS NO MUNICÍPIO DE OLINDA-PE. | E5: ='MEMÓRIA DE CÁLCULO'!AA4 -> 46080
A6: Local da Obra (Rua / Bairro / Município / UF) | E6: Tomador/Ag. Promotor ou Tomador:
A7: RUA TAINHA, OURO PRETO, OLINDA/PE | E7: Prefeitura Municipal de Olinda
A8: TABELAS DE REFERÊNCIA | D8: SINAPI JAN/26; SICRO OUT/25; COMPESA 2024.2 | E8: BDI NÃO DESONERADO | H8: ='BDI NÃO DES'!B39 -> 0.23376846
A10: COMPOSIÇÕES - NÃO DESONERADO
A12: CÓDIGO | B12: FONTE | C12: DISCRIMINAÇÃO DOS SERVIÇOS | E12: UND | F12: QUANT | G12: PREÇOS (R$)
G13: UNIT. | H13: TOTAL
A14: COMP.01 | B14: INSTALAÇÃO DE JUNTA ELASTOMÉRICA | E14: UND | H14: =TRUNC(SUM(H15:H22),2) -> 348.39
A15: M1132 | B15: Sicro material | C15: =VLOOKUP(A15,'Base de dado ONERADA'!A:D,2,FALSE) -> JUNTA DE DILATAÇÃO EM ELASTÔMERO E PERFIL VV - L = 20 MM E H = 40 MM | E15: =VLOOKUP(A15,'Base de dado ONERADA'!A:D,3,FALSE) -> M | F15: 1.05 | G15: =VLOOKUP(A15,'Base de dado ONERADA'!A:D,4,FALSE) -> 186.3644 | H15: =TRUNC($F15*G15,2) -> 195.68
A16: 130 | B16: Sinapi Insumo | C16: =VLOOKUP(A16,'Base de dado ONERADA'!A:D,2,FALSE) -> ARGAMASSA POLIMERICA DE REPARO ESTRUTURAL, BICOMPONENTE | E16: =VLOOKUP(A16,'Base de dado ONERADA'!A:D,3,FALSE) -> KG | F16: =0.005*2000 -> 10 | G16: =VLOOKUP(A16,'Base de dado ONERADA'!A:D,4,FALSE) -> 4.5 | H16: =TRUNC($F16*G16,2) -> 45
A17: 91282 | B17: Sinapi | C17: =VLOOKUP(A17,'Base de dado ONERADA'!A:D,2,FALSE) -> CORTADORA DE PISO COM MOTOR 4 TEMPOS A GASOLINA, POTÊNCIA DE 13 HP, COM DISCO DE CORTE DIAMANTADO SEGMENTADO PARA CONCRETO, DIÂMETRO DE 350 MM, FURO DE 1" (14 X 1") - MATERIAIS NA OPERAÇÃO. AF_08/2015 | E17: =VLOOKUP(A17,'Base de dado ONERADA'!A:D,3,FALSE) -> H | F17: 0.15 | G17: =VLOOKUP(A17,'Base de dado ONERADA'!A:D,4,FALSE) -> 9.52 | H17: =TRUNC($F17*G17,2) -> 1.42
A18: 97628 | B18: Sinapi | C18: =VLOOKUP(A18,'Base de dado ONERADA'!A:D,2,FALSE) -> DEMOLIÇÃO DE LAJES, EM CONCRETO ARMADO, DE FORMA MANUAL, SEM REAPROVEITAMENTO. AF_09/2023 | E18: =VLOOKUP(A18,'Base de dado ONERADA'!A:D,3,FALSE) -> M3 | F18: 0.005 | G18: =VLOOKUP(A18,'Base de dado ONERADA'!A:D,4,FALSE) -> 298.87 | H18: =TRUNC($F18*G18,2) -> 1.49
A19: 6193 | B19: Sinapi Insumo | C19: =VLOOKUP(A19,'Base de dado ONERADA'!A:D,2,FALSE) -> TABUA NAO APARELHADA *2,5 X 20* CM, EM MACARANDUBA/MASSARANDUBA, ANGELIM OU EQUIVALENTE DA REGIAO - BRUTA | E19: =VLOOKUP(A19,'Base de dado ONERADA'!A:D,3,FALSE) -> M | F19: 0.2 | G19: =VLOOKUP(A19,'Base de dado ONERADA'!A:D,4,FALSE) -> 20.56 | H19: =TRUNC($F19*G19,2) -> 4.11
A20: 88262 | B20: Sinapi | C20: =VLOOKUP(A20,'Base de dado ONERADA'!A:D,2,FALSE) -> CARPINTEIRO DE FORMAS COM ENCARGOS COMPLEMENTARES | E20: =VLOOKUP(A20,'Base de dado ONERADA'!A:D,3,FALSE) -> H | F20: 0.25 | G20: =VLOOKUP(A20,'Base de dado ONERADA'!A:D,4,FALSE) -> 29.38 | H20: =TRUNC($F20*G20,2) -> 7.34
A21: 88309 | B21: Sinapi | C21: =VLOOKUP(A21,'Base de dado ONERADA'!A:D,2,FALSE) -> PEDREIRO COM ENCARGOS COMPLEMENTARES | E21: =VLOOKUP(A21,'Base de dado ONERADA'!A:D,3,FALSE) -> H | F21: 0.75 | G21: =VLOOKUP(A21,'Base de dado ONERADA'!A:D,4,FALSE) -> 29.98 | H21: =TRUNC($F21*G21,2) -> 22.48
A22: 90777 | B22: Sinapi | C22: =VLOOKUP(A22,'Base de dado ONERADA'!A:D,2,FALSE) -> ENGENHEIRO CIVIL DE OBRA JUNIOR COM ENCARGOS COMPLEMENTARES | E22: =VLOOKUP(A22,'Base de dado ONERADA'!A:D,3,FALSE) -> H | F22: 0.5 | G22: =VLOOKUP(A22,'Base de dado ONERADA'!A:D,4,FALSE) -> 141.74 | H22: =TRUNC($F22*G22,2) -> 70.87
D191: ,'

Sheet BDI NÃO DES
A1: Prefeitura Municipal de Olinda - PMO Secretaria de Obras - SO Secretaria Executiva de Obras - SEO
A2: NÃO DESONERADO
A3: COMPOSIÇÃO DO BDI (ACÓRDÃO 2.622 / 2013 - TCU)
A5: 1. TIPO DE OBRA: RODOVIAS E FERROVIAS
A8: 2. VALORES REFERENCIAIS PARA COMPOSIÇÃO DE BDI
A11: ADMINISTRAÇÃO CENTRAL ( AC ) | C11: 0.038
A13: RISCO ( R ) | C13: 0.005
A15: SEGUROS E GARANTIAS ( SG ) | C15: 0.0032
A17: DESPESAS FINANCEIRAS ( DF ) | C17: 0.0102
A19: LUCRO BRUTO ( L ) | C19: 0.0664
A21: TRIBUTOS ( T ) | C21: =SUM(B22:B24) -> 0.0865
A22: PIS | B22: 0.0065
A23: COFINS | B23: 0.03
A24: ISS (Adotado no Município) | B24: 0.05
A25: DESONERAÇÃO
A27: 3. FÓRMULA BDI (ACÓRDÃO Nº 2.369 / 2011 - TCU)
A29: ONDE:
A30: AC = TAXA DE ADMINISTRAÇÃO CENTRAL
A31: R = RISCOS
A32: SG = SEGUROS E GARANTIAS
A33: DF = DESPESAS FINANCEIRAS
A34: L = TAXA DE LUCRO
A35: T = TAXA DE TRIBUTOS
A37: 4. VALOR DO BDI PARA O TIPO DE OBRA ADOTADO
A39: BDI = | B39: =(((1+C11+C13+C15)*(1+C17)*(1+C19))/(1-C21))-1 -> 0.23376846

Sheet CRONOGRAMA FF
A1: PREFEITURA MUNICIPAL DE OLINDA
A2: SECRETARIA DE OBRAS - SO
A3: SECRETARIA EXECUTIVA DE OBRAS - SEO
A5: CRONOGRAMA FÍSICO FINANCEIRO
A6: CONTRATAÇÃO DE EMPRESA DE ENGENHARIA ESPECIALIZADA PARA DEMOLIÇÃO E CONSTRUÇÃO DE UM NOVO PONTILHÃO TIPO BUEIRO CELULAR NA RUA TAINHA, SOBRE O CANAL DA AVENIDA OURIÇO DO MAR, NO BAIRRO DE OURO PRETO, E DE PAVIMENTAÇÃO, PONTAS DE ALA E DRENAGEM NA RUA TRAVESSA JULES RIMET, PARA COMPLEMENTO DOS ACESSOS AO PONTILHÃO SOBRE O CANAL DA AVENIDA MÉXICO, NO BAIRRO DE RIO DOCE, AMBOS NO MUNICÍPIO DE OLINDA-PE. | Q6: =C38-C11 -> 465612.07
A7: BAIRRO: OURO PRETO/ RIO DOCE | I7: TABELAS DE REFERÊNCIA: SINAPI JAN/26; SICRO OUT/25; COMPESA 2024.2
A8: RUA TAINHA/ RUA TRAVESSA JULES RIMET | I8: DATA: 27/02/2026
A9: ITEM | B9: DISCRIMINAÇÃO DOS SERVIÇOS | C9: TOTAL (R$) | Q9: 1º | R9: =D15+D17+D21 -> 52822.998 | S9: =R9/$Q$6 -> 0.11344851
D10: 1º MÊS | E10: 2º MÊS | F10: 3º MÊS | G10: 4º MÊS | H10: 5º MÊS | I10: 6º MÊS | J10: 7º MÊS | K10: 8º MÊS | L10: 9º MÊS | M10: 10º MÊS | N10: 11º MÊS | O10: 12º MÊS | Q10: 2º | R10: =E17+E19+E21 -> 118951.07 | S10: =R10/$Q$6 -> 0.25547248
A11: 1.0 | B11: ='PO NÃO DES'!D12 -> ADMINISTRAÇÃO LOCAL | C11: ='PO NÃO DES'!J12 -> 23335.09 | D11: =S9 -> 0.11344851 | E11: =S10 -> 0.25547248 | F11: =S11 -> 0.20727583 | G11: =S12 -> 0.07545523 | H11: =S14 -> 0.059355104 | I11: =S15 -> 0.027840075 | J11: =S16 -> 0.079511438 | K11: =S17 -> 0.071457476 | L11: =S18 -> 0.040963185 | M11: =S19 -> 0.026720017 | N11: =S20 -> 0.032236472 | O11: =S21 -> 0.010264178 | Q11: 3º | R11: =F19+F21 -> 96510.13 | S11: =R11/$Q$6 -> 0.20727583
D12: =$C$11*D11 -> 2647.3313 | E12: =$C$11*E11 -> 5961.4732 | F12: =$C$11*F11 -> 4836.8002 | G12: =$C$11*G11 -> 1760.7546 | H12: =$C$11*H11 -> 1385.0567 | I12: =$C$11*I11 -> 649.65066 | J12: =$C$11*J11 -> 1855.4066 | K12: =$C$11*K11 -> 1667.4666 | ... O12: =$C$11*O11 -> 239.51551 | Q12: 4º | R12: =G19+G21 -> 35132.866 | S12: =R12/$Q$6 -> 0.07545523
B13: RUA TAINHA
A14: 2.0 | B14: ='PO NÃO DES'!D16 -> SERVIÇOS PRELIMINARES | C14: ='PO NÃO DES'!J16 -> 40194.8 | D14: 1 | Q14: 5º | R14: =H21+H23+H25 -> 27636.453 | S14: =R14/$Q$6 -> 0.059355104
D15: =$C$14*D14 -> 40194.8 | Q15: 6º | R15: =I23+I25 -> 12962.675 | S15: =R15/$Q$6 -> 0.027840075
A16: 3.0 | B16: ='PO NÃO DES'!D22 -> DEMOLIÇÃO | C16: ='PO NÃO DES'!J22 -> 6606.17 | D16: 0.7 | E16: 0.3 | Q16: 7º | R16: =J28+J30+J34 -> 37021.485 | S16: =R16/$Q$6 -> 0.079511438
D17: =$C$16*D16 -> 4624.319 | E17: =$C$16*E16 -> 1981.851 | Q17: 8º | R17: =K30+K32+K34 -> 33271.463 | S17: =R17/$Q$6 -> 0.071457476
A18: 4.0 | B18: ='PO NÃO DES'!D26 -> ESTRUTURA | C18: ='PO NÃO DES'!J26 -> 204590.88 | E18: 0.5 | F18: 0.4 | G18: 0.1 | Q18: 9º | R18: =L32+L34 -> 19072.953 | S18: =R18/$Q$6 -> 0.040963185
E19: =$C$18*E18 -> 102295.44 | F19: =$C$18*F18 -> 81836.352 | G19: =$C$18*G18 -> 20459.088 | Q19: 10º | R19: =M32+M34 -> 12441.162 | S19: =R19/$Q$6 -> 0.026720017
A20: 5.0 | B20: ='PO NÃO DES'!D41 -> SERVIÇOS COMPLEMENTARES (ENSECADEIRA) | C20: ='PO NÃO DES'!J41 -> 66698.99 | D20: 0.12 | E20: 0.22 | F20: 0.22 | G20: 0.22 | H20: 0.22 | Q20: 11º | R20: =N34+N36 -> 15009.69 | S20: =R20/$Q$6 -> 0.032236472
D21: =$C$20*D20 -> 8003.8788 | E21: =$C$20*E20 -> 14673.778 | F21: =$C$20*F20 -> 14673.778 | G21: =$C$20*G20 -> 14673.778 | H21: =$C$20*H20 -> 14673.778 | Q21: 12º | R21: =O36 -> 4779.125 | S21: =R21/$Q$6 -> 0.010264178
A22: 6.0 | B22: ='PO NÃO DES'!D44 -> PAVIMENTAÇÃO | C22: ='PO NÃO DES'!J44 -> 22174.34 | H22: 0.5 | I22: 0.5 | R22: =SUM(R9:R21) -> 465612.07 | S22: =SUM(S9:S21) -> 1
H23: =$C$22*H22 -> 11087.17 | I23: =$C$22*I22 -> 11087.17
A24: 7.0 | B24: ='PO NÃO DES'!D49 -> PASSEIO | C24: ='PO NÃO DES'!J49 -> 3751.01 | H24: 0.5 | I24: 0.5
H25: =$C$24*H24 -> 1875.505 | I25: =$C$24*I24 -> 1875.505
B26: RUA TRAVESSA JULES RIMET
A27: 2.0 | B27: SERVIÇOS PRELIMINARES | C27: ='PO NÃO DES'!J52 -> 3469.38 | J27: 1
J28: =$C$27*J27 -> 3469.38
A29: 3.0 | B29: MOVIMENTAÇÃO DE TERRA | C29: ='PO NÃO DES'!J54 -> 39959.71 | J29: 0.7 | K29: 0.3
J30: =$C$29*J29 -> 27971.797 | K30: =$C$29*K29 -> 11987.913
A31: 4.0 | B31: DRENAGEM | C31: ='PO NÃO DES'!J58 -> 22105.97 | K31: 0.5 | L31: 0.4 | M31: 0.1
K32: =$C$31*K31 -> 11052.985 | L32: =$C$31*L31 -> 8842.388 | M32: =$C$31*M31 -> 2210.597
A33: 5.0 | B33: PAVIMENTAÇÃO | C33: ='PO NÃO DES'!J64 -> 46502.57 | J33: 0.12 | K33: 0.22 | L33: 0.22 | M33: 0.22 | N33: 0.22
J34: =$C$33*J33 -> 5580.3084 | K34: =$C$33*K33 -> 10230.565 | L34: =$C$33*L33 -> 10230.565 | M34: =$C$33*M33 -> 10230.565 | N34: =$C$33*N33 -> 10230.565
A35: 6.0 | B35: PASSEIO | C35: ='PO NÃO DES'!J68 -> 9558.25 | N35: 0.5 | O35: 0.5
N36: =$C$35*N35 -> 4779.125 | O36: =$C$35*O35 -> 4779.125
A37: TOTAL GERAL (R$) | C37: =SUM(D37:O37) -> 1 | D37: =D38/$C$38 -> 0.11344851 | E37: =E38/$C$38 -> 0.25547248 | F37: =F38/$C$38 -> 0.20727583 | G37: =G38/$C$38 -> 0.07545523 | H37: =H38/$C$38 -> 0.059355104 | I37: =I38/$C$38 -> 0.027840075 | J37: =J38/$C$38 -> 0.079511438 | K37: =K38/$C$38 -> 0.071457476 | ... O37: =O38/$C$38 -> 0.010264178
C38: =TRUNC(SUM(C11:C36),2) -> 488947.16 | D38: =D12+D15+D17+D21 -> 55470.329 | E38: =E12+E17+E19+E21 -> 124912.54 | F38: =F21+F19+F12 -> 101346.93 | G38: =G21+G19+G12 -> 36893.62 | H38: =H25+H23+H21+H12 -> 29021.509 | I38: =I25+I23+I12 -> 13612.326 | J38: =J12+J28+J30+J34 -> 38876.892 | K38: =K12+K30+K32+K34 -> 34938.93 | L38: =L34+L32+L12 -> 20028.833 | M38: =M34+M32+M12 -> 13064.676 | N38: =N25+N36+N34+N12 -> 15761.931 | O38: =O25+O36+O12 -> 5018.6405
A39: PERCENTUAL ACUMULADO | D39: =D37 -> 0.11344851 | E39: =SUM(D39,E37) -> 0.36892099 | F39: =SUM(E39,F37) -> 0.57619682 | G39: =SUM(F39,G37) -> 0.65165205 | H39: =SUM(G39,H37) -> 0.71100716 | I39: =SUM(H39,I37) -> 0.73884723 | J39: =SUM(I39,J37) -> 0.81835867 | K39: =SUM(J39,K37) -> 0.88981615 | L39: =SUM(K39,L37) -> 0.93077933 | ... O39: =SUM(N39,O37) -> 1
A40: TOTAL ACUMULADO (R$) | D40: =D38 -> 55470.329 | E40: =SUM(E38,D40) -> 180382.87 | F40: =SUM(F38,E40) -> 281729.8 | G40: =SUM(G38,F40) -> 318623.42 | H40: =SUM(H38,G40) -> 347644.93 | I40: =SUM(I38,H40) -> 361257.26 | J40: =SUM(J38,I40) -> 400134.15 | K40: =SUM(K38,J40) -> 435073.08 | L40: =SUM(L38,K40) -> 455101.91 | ... O40: =SUM(O38,N40) -> 488947.16

Sheet Encargos
A2: Prefeitura Municipal de Olinda - PMO
A3: Secretaria de Obras - SO
A4: Secretaria Executiva de Obras - SEO
A6: Encargos Sociais – Pernambuco
A7: PERNAMBUCO | C7: VIGÊNCIA A PARTIR DE 01/2026
A9: ENCARGOS SOCIAIS SOBRE A MÃO DE OBRA
A10: CÓDIGO | B10: DESCRIÇÃO | C10: COM DESONERAÇÃO | E10: SEM DESONERAÇÃO
C11: HORISTA % | D11: MENSALISTA % | E11: HORISTA % | F11: MENSALISTA %
A12: GRUPO A
A13: A1 | B13: INSS | C13: 0.1 | D13: 0.1 | E13: 0.2 | F13: 0.2
A14: A2 | B14: SESI | C14: 0.015 | D14: 0.015 | E14: 0.015 | F14: 0.015
A15: A3 | B15: SENAI | C15: 0.01 | D15: 0.01 | E15: 0.01 | F15: 0.01
A16: A4 | B16: INCRA | C16: 0.002 | D16: 0.002 | E16: 0.002 | F16: 0.002
A17: A5 | B17: SEBRAE | C17: 0.006 | D17: 0.006 | E17: 0.006 | F17: 0.006
A18: A6 | B18: Salário Educação | C18: 0.025 | D18: 0.025 | E18: 0.025 | F18: 0.025
A19: A7 | B19: Seguro Contra Acidentes de Trabalho | C19: 0.03 | D19: 0.03 | E19: 0.03 | F19: 0.03
A20: A8 | B20: FGTS | C20: 0.08 | D20: 0.08 | E20: 0.08 | F20: 0.08
A21: A9 | B21: SECONCI | C21: 0 | D21: 0 | E21: 0 | F21: 0
A22: A | B22: Total | C22: 0.268 | D22: 0.268 | E22: 0.368 | F22: 0.368
A23: GRUPO B
A24: B1 | B24: Repouso Semanal Remunerado | C24: 0.1788 | D24: Não incide | E24: 0.1788 | F24: Não incide
A25: B2 | B25: Feriados | C25: 0.0429 | D25: Não incide | E25: 0.0429 | F25: Não incide
A26: B3 | B26: Auxílio - Enfermidade | C26: 0.0088 | D26: 0.0067 | E26: 0.0088 | F26: 0.0067
A27: B4 | B27: 13º Salário | C27: 0.1093 | D27: 0.083 | E27: 0.1093 | F27: 0.083
A28: B5 | B28: Licença Paternidade | C28: 0.0007 | D28: 0.0005 | E28: 0.0007 | F28: 0.0005
A29: B6 | B29: Faltas Justificadas | C29: 0.0073 | D29: 0.0056 | E29: 0.0073 | F29: 0.0056
A30: B7 | B30: Dias de Chuvas | C30: 0.0212 | D30: Não incide | E30: 0.0212 | F30: Não incide
A31: B8 | B31: Auxílio Acidente de Trabalho | C31: 0.0003 | D31: 0.0002 | E31: 0.0003 | F31: 0.0002
A32: B9 | B32: Férias Gozadas | C32: 0.1004 | D32: 0.0762 | E32: 0.1004 | F32: 0.0762
A33: B10 | B33: Salário Maternidade | C33: 0.0004 | D33: 0.0003 | E33: 0.0004 | F33: 0.0003
A34: B | B34: Total | C34: 0.4701 | D34: 0.1725 | E34: 0.4701 | F34: 0.1725
A35: GRUPO C
A36: C1 | B36: Aviso Prévio Indenizado | C36: 0.0528 | D36: 0.0401 | E36: 0.0528 | F36: 0.0401
A37: C2 | B37: Aviso Prévio Trabalhado | C37: 0.0014 | D37: 0.001 | E37: 0.0014 | F37: 0.001
A38: C3 | B38: Férias Indenizadas | C38: 0.0495 | D38: 0.0376 | E38: 0.0495 | F38: 0.0376
A39: C4 | B39: Depósito Rescisão Sem Justa Causa | C39: 0.0224 | D39: 0.017 | E39: 0.0224 | F39: 0.017
A40: C5 | B40: Indenização Adicional | C40: 0.0044 | D40: 0.0034 | E40: 0.0044 | F40: 0.0034
A41: C | B41: Total | C41: 0.1305 | D41: 0.0991 | E41: 0.1305 | F41: 0.0991
A42: GRUPO D
A43: D1 | B43: Reincidência de Grupo A sobre Grupo B (sem considerar INNS sobre 13º, conforme Lei nº 14.973/2024) | C43: 0.1151 | D43: 0.0379 | E43: 0.173 | F43: 0.0635
A44: D2 | B44: Reincidência de Grupo A sobre Aviso Prévio Trabalhado e Reincidência do FGTS sobre Aviso Prévio Indenizado | C44: 0.0046 | D44: 0.0035 | E44: 0.0047 | F44: 0.0036
A45: D | B45: Total | C45: 0.1197 | D45: 0.0414 | E45: 0.1777 | F45: 0.0671
A46: TOTAL(A+B+C+D) | C46: 0.9883 | D46: 0.581 | E46: 1.1463 | F46: 0.7067
A47: Fonte: Informação Dias de Chuva – INMET

Sheet CURVA ABC NÃO DES
A1: PREFEITURA MUNICIPAL DE OLINDA
A2: SECRETARIA DE OBRAS
A3: SECRETARIA EXECUTIVA DE OBRAS
A5: OBJETO | B5: CONTRATAÇÃO DE EMPRESA DE ENGENHARIA ESPECIALIZADA PARA DEMOLIÇÃO E CONSTRUÇÃO DE UM NOVO PONTILHÃO TIPO BUEIRO CELULAR NA RUA TAINHA, SOBRE O CANAL DA AVENIDA OURIÇO DO MAR, NO BAIRRO DE OURO PRETO, E DE PAVIMENTAÇÃO, PONTAS DE ALA E DRENAGEM NA RUA TRAVESSA JULES RIMET, PARA COMPLEMENTO DOS ACESSOS AO PONTILHÃO SOBRE O CANAL DA AVENIDA MÉXICO, NO BAIRRO DE RIO DOCE, AMBOS NO MUNICÍPIO DE OLINDA-PE.
A6: LOCALIZAÇÃO | B6: RUA TAINHA, OURO PRETO; AVENIDA ASA BRANCA/ RUA TRAVESSA JULES RIMET, RIO DOCE, OLINDA/PE | I6: DATA | J6: 46080
A7: Tabelas de referência: SINAPI JAN/26; SICRO OUT/25; COMPESA 2024.2 | D7: BDI NÃO DESONERADO | F7: 0.2338 | G7: ENCARGOS SOCIAIS: 114,63% HORISTA, 70,67% MENSALISTA
A8: CURVA ABC NÃO DESONERADA
A9: CÓDIGO | B9: FONTE | C9: DESCRIÇÃO | D9: UNID | E9: QUANTIDADE | F9: CUSTO UNIT S/ BDI (R$) | G9: PREÇO UNIT C/ BDI (R$) | H9: BDI (%) | I9: PREÇO TOTAL | J9: % | K9: ACUMULADO | L9: CLASSE
A11: 102482 | B11: =VLOOKUP(A11,'PO NÃO DES'!B:J,2,FALSE) -> SINAPI | C11: =VLOOKUP(A11,'PO NÃO DES'!B:J,3,FALSE) -> CONCRETO FCK = 25MPA, TRAÇO 1:2,2:2,5 (EM MASSA SECA DE CIMENTO/ AREIA MÉDIA/ SEIXO ROLADO) - PREPARO MECÂNICO COM BETONEIRA 600 L. AF_05/2021 | D11: =VLOOKUP(A11,'PO NÃO DES'!B:J,4,FALSE) -> M3 | E11: =SUMIF('PO NÃO DES'!B:B,A11,'PO NÃO DES'!F:F) -> 67.68 | F11: =VLOOKUP(A11,'PO NÃO DES'!B:J,6,FALSE) -> 717.56 | G11: =VLOOKUP(A11,'PO NÃO DES'!B:J,8,FALSE) -> 885.3029 | H11: 110.13482 | I11: =TRUNC(E11*G11,2) -> 59917.3 | J11: =I11/SUM($I$11:$I$47) -> 0.1225435 | K11: =J11 -> 0.1225435 | L11: A
A12: 94306 | B12: =VLOOKUP(A12,'PO NÃO DES'!B:J,2,FALSE) -> SINAPI | C12: =VLOOKUP(A12,'PO NÃO DES'!B:J,3,FALSE) -> ATERRO MECANIZADO DE VALA COM ESCAVADEIRA HIDRÁULICA (CAPACIDADE DA CAÇAMBA: 0,8 M³ / POTÊNCIA: 111 HP), LARGURA ATÉ 2,5 M, PROFUNDIDADE DE 1,5 A 3,0 M, COM SOLO ARGILO-ARENOSO. AF_08/2023 | D12: =VLOOKUP(A12,'PO NÃO DES'!B:J,4,FALSE) -> M3 | E12: =SUMIF('PO NÃO DES'!B:B,A12,'PO NÃO DES'!F:F) -> 590.76 | F12: =VLOOKUP(A12,'PO NÃO DES'!B:J,6,FALSE) -> 70.38 | G12: =VLOOKUP(A12,'PO NÃO DES'!B:J,8,FALSE) -> 86.832624 | H12: 11.136263 | I12: =TRUNC(E12*G12,2) -> 51297.24 | J12: =I12/SUM($I$11:$I$47) -> 0.10491366 | K12: =SUM(J12,K11) -> 0.22745716 | L12: A
A13: 101169 | B13: =VLOOKUP(A13,'PO NÃO DES'!B:J,2,FALSE) -> SINAPI | C13: =VLOOKUP(A13,'PO NÃO DES'!B:J,3,FALSE) -> EXECUÇÃO DE PAVIMENTO EM PARALELEPÍPEDOS, REJUNTAMENTO COM ARGAMASSA TRAÇO 1:3 (CIMENTO E AREIA). AF_05/2020 | D13: =VLOOKUP(A13,'PO NÃO DES'!B:J,4,FALSE) -> M2 | E13: =SUMIF('PO NÃO DES'!B:B,A13,'PO NÃO DES'!F:F) -> 403.116 | F13: =VLOOKUP(A13,'PO NÃO DES'!B:J,6,FALSE) -> 93 | G13: =VLOOKUP(A13,'PO NÃO DES'!B:J,8,FALSE) -> 114.74047 | H13: 13.972511 | I13: =TRUNC(E13*G13,2) -> 46253.71 | J13: =I13/SUM($I$11:$I$47) -> 0.094598578 | K13: =SUM(J13,K12) -> 0.32205574 | L13: A
A14: 92772 | B14: =VLOOKUP(A14,'PO NÃO DES'!B:J,2,FALSE) -> SINAPI | C14: =VLOOKUP(A14,'PO NÃO DES'!B:J,3,FALSE) -> ARMAÇÃO DE LAJE DE ESTRUTURA CONVENCIONAL DE CONCRETO ARMADO UTILIZANDO AÇO CA-50 DE 12,5 MM - MONTAGEM. AF_06/2022 | D14: =VLOOKUP(A14,'PO NÃO DES'!B:J,4,FALSE) -> KG | E14: =SUMIF('PO NÃO DES'!B:B,A14,'PO NÃO DES'!F:F) -> 3845 | F14: =VLOOKUP(A14,'PO NÃO DES'!B:J,6,FALSE) -> 8.3 | G14: =VLOOKUP(A14,'PO NÃO DES'!B:J,8,FALSE) -> 10.240278 | H14: 86.290692 | I14: =TRUNC(E14*G14,2) -> 39373.86 | J14: =I14/SUM($I$11:$I$47) -> 0.080527836 | K14: =SUM(J14,K13) -> 0.40258357 | L14: A
A15: 94310 | B15: =VLOOKUP(A15,'PO NÃO DES'!B:J,2,FALSE) -> SINAPI | C15: =VLOOKUP(A15,'PO NÃO DES'!B:J,3,FALSE) -> ATERRO MECANIZADO DE VALA COM ESCAVADEIRA HIDRÁULICA (CAPACIDADE DA CAÇAMBA: 0,8 M³/POTÊNCIA: 111 HP), LARGURA ATÉ 2,5 M, PROFUNDIDADE DE 3,0 A 6,0 M, COM SOLO ARGILO-ARENOSO. AF_08/2023 | D15: =VLOOKUP(A15,'PO NÃO DES'!B:J,4,FALSE) -> M3 | E15: =SUMIF('PO NÃO DES'!B:B,A15,'PO NÃO DES'!F:F) -> 428.4 | F15: =VLOOKUP(A15,'PO NÃO DES'!B:J,6,FALSE) -> 67.43 | G15: =VLOOKUP(A15,'PO NÃO DES'!B:J,8,FALSE) -> 83.193007 | H15: 13.972511 | I15: =TRUNC(E15*G15,2) -> 35639.88 | J15: =I15/SUM($I$11:$I$47) -> 0.072891061 | K15: =SUM(J15,K14) -> 0.47547463 | L15: A
A16: 01.08.42U | B16: =VLOOKUP(A16,'PO NÃO DES'!B:J,2,FALSE) -> COMPESA | C16: =VLOOKUP(A16,'PO NÃO DES'!B:J,3,FALSE) -> CANTEIRO ITINERANTE COMPOSTO DE TOLDO, CONJUNTO DE MESA E CADEIRAS E BANHEIRO QUÍMICO COM LIMPEZA DIÁRIA INCLUSO COLETA E DESTINAÇÃO FINAL DE EFLUENTES | D16: =VLOOKUP(A16,'PO NÃO DES'!B:J,4,FALSE) -> MÊS | E16: =SUMIF('PO NÃO DES'!B:B,A16,'PO NÃO DES'!F:F) -> 6 | F16: =VLOOKUP(A16,'PO NÃO DES'!B:J,6,FALSE) -> 4251.64 | G16: =VLOOKUP(A16,'PO NÃO DES'!B:J,8,FALSE) -> 5245.5393 | H16: 55.951435 | I16: =TRUNC(E16*G16,2) -> 31473.23 | J16: =I16/SUM($I$11:$I$47) -> 0.064369384 | K16: =SUM(J16,K15) -> 0.53984402 | L16: A
A17: 92524 | B17: =VLOOKUP(A17,'PO NÃO DES'!B:J,2,FALSE) -> SINAPI | C17: =VLOOKUP(A17,'PO NÃO DES'!B:J,3,FALSE) -> MONTAGEM E DESMONTAGEM DE FÔRMA DE LAJE MACIÇA, PÉ-DIREITO DUPLO, EM CHAPA DE MADEIRA COMPENSADA PLASTIFICADA, 10 UTILIZAÇÕES. AF_09/2020 | D17: =VLOOKUP(A17,'PO NÃO DES'!B:J,4,FALSE) -> M2 | E17: =SUMIF('PO NÃO DES'!B:B,A17,'PO NÃO DES'!F:F) -> 255.6 | F17: =VLOOKUP(A17,'PO NÃO DES'!B:J,6,FALSE) -> 82.28 | G17: =VLOOKUP(A17,'PO NÃO DES'!B:J,8,FALSE) -> 101.51447 | H17: 508.81795 | I17: =TRUNC(E17*G17,2) -> 25947.09 | J17: =I17/SUM($I$11:$I$47) -> 0.053067264 | K17: =SUM(J17,K16) -> 0.59291128 | L17: A
A18: 92771 | B18: =VLOOKUP(A18,'PO NÃO DES'!B:J,2,FALSE) -> SINAPI | C18: =VLOOKUP(A18,'PO NÃO DES'!B:J,3,FALSE) -> ARMAÇÃO DE LAJE DE ESTRUTURA CONVENCIONAL DE CONCRETO ARMADO UTILIZANDO AÇO CA-50 DE 10,0 MM - MONTAGEM. AF_06/2022 | D18: =VLOOKUP(A18,'PO NÃO DES'!B:J,4,FALSE) -> KG | E18: =SUMIF('PO NÃO DES'!B:B,A18,'PO NÃO DES'!F:F) -> 1941 | F18: =VLOOKUP(A18,'PO NÃO DES'!B:J,6,FALSE) -> 9.99 | G18: =VLOOKUP(A18,'PO NÃO DES'!B:J,8,FALSE) -> 12.325347 | H18: 93.276947 | I18: =TRUNC(E18*G18,2) -> 23923.49 | J18: =I18/SUM($I$11:$I$47) -> 0.048928576 | K18: =SUM(J18,K17) -> 0.64183986 | L18: A
A19: 90650 | B19: =VLOOKUP(A19,'PO NÃO DES'!B:J,2,FALSE) -> SINAPI | C19: =VLOOKUP(A19,'PO NÃO DES'!B:J,3,FALSE) -> BOMBA CENTRÍFUGA MONOESTÁGIO COM MOTOR ELÉTRICO MONOFÁSICO, POTÊNCIA 15 HP, DIÂMETRO DO ROTOR 173 MM, HM/Q = 30 MCA / 90 M3/H A 45 MCA / 55 M3/H - CHP DIURNO. AF_06/2015 | D19: =VLOOKUP(A19,'PO NÃO DES'!B:J,4,FALSE) -> CHP | E19: =SUMIF('PO NÃO DES'!B:B,A19,'PO NÃO DES'!F:F) -> 1440 | F19: =VLOOKUP(A19,'PO NÃO DES'!B:J,6,FALSE) -> 11.15 | G19: =VLOOKUP(A19,'PO NÃO DES'!B:J,8,FALSE) -> 13.756518 | H19: 8.9998687 | I19: =TRUNC(E19*G19,2) -> 19809.38 | J19: =I19/SUM($I$11:$I$47) -> 0.040514354 | K19: =SUM(J19,K18) -> 0.68235421 | L19: A
A20: 92267 | B20: =VLOOKUP(A20,'PO NÃO DES'!B:J,2,FALSE) -> SINAPI | C20: =VLOOKUP(A20,'PO NÃO DES'!B:J,3,FALSE) -> FABRICAÇÃO DE FÔRMA PARA LAJES, EM CHAPA DE MADEIRA COMPENSADA RESINADA, E = 17 MM. AF_09/2020 | D20: =VLOOKUP(A20,'PO NÃO DES'!B:J,4,FALSE) -> M2 | E20: =SUMIF('PO NÃO DES'!B:B,A20,'PO NÃO DES'!F:F) -> 255.6 | F20: =VLOOKUP(A20,'PO NÃO DES'!B:J,6,FALSE) -> 44.95 | G20: =VLOOKUP(A20,'PO NÃO DES'!B:J,8,FALSE) -> 55.457892 | H20: 11.136263 | I20: =TRUNC(E20*G20,2) -> 14175.03 | J20: =I20/SUM($I$11:$I$47) -> 0.028990922 | K20: =SUM(J20,K19) -> 0.71134513 | L20: A
A21: 94992 | B21: =VLOOKUP(A21,'PO NÃO DES'!B:J,2,FALSE) -> SINAPI | C21: =VLOOKUP(A21,'PO NÃO DES'!B:J,3,FALSE) -> EXECUÇÃO DE PASSEIO (CALÇADA) OU PISO DE CONCRETO COM CONCRETO MOLDADO IN LOCO, FEITO EM OBRA, ACABAMENTO CONVENCIONAL, ESPESSURA 6 CM, ARMADO. AF_08/2022 | D21: =VLOOKUP(A21,'PO NÃO DES'!B:J,4,FALSE) -> M2 | E21: =SUMIF('PO NÃO DES'!B:B,A21,'PO NÃO DES'!F:F) -> 133.674 | F21: =VLOOKUP(A21,'PO NÃO DES'!B:J,6,FALSE) -> 80.7 | G21: =VLOOKUP(A21,'PO NÃO DES'!B:J,8,FALSE) -> 99.565115 | I21: =TRUNC(E21*G21,2) -> 13309.26 | J21: =I21/SUM($I$11:$I$47) -> 0.02722024 | K21: =SUM(J21,K20) -> 0.73856537 | L21: A
A22: 90777 | B22: =VLOOKUP(A22,'PO NÃO DES'!B:J,2,FALSE) -> SINAPI | C22: =VLOOKUP(A22,'PO NÃO DES'!B:J,3,FALSE) -> ENGENHEIRO CIVIL DE OBRA JUNIOR COM ENCARGOS COMPLEMENTARES | D22: =VLOOKUP(A22,'PO NÃO DES'!B:J,4,FALSE) -> H | E22: =SUMIF('PO NÃO DES'!B:B,A22,'PO NÃO DES'!F:F) -> 72 | F22: =VLOOKUP(A22,'PO NÃO DES'!B:J,6,FALSE) -> 141.74 | G22: =VLOOKUP(A22,'PO NÃO DES'!B:J,8,FALSE) -> 174.87434 | H22: 805.88729 | I22: =TRUNC(E22*G22,2) -> 12590.95 | J22: =I22/SUM($I$11:$I$47) -> 0.025751144 | K22: =SUM(J22,K21) -> 0.76431652 | L22: A
A23: 99842 | B23: =VLOOKUP(A23,'PO NÃO DES'!B:J,2,FALSE) -> SINAPI | C23: =VLOOKUP(A23,'PO NÃO DES'!B:J,3,FALSE) -> GUARDA-CORPO DE AÇO GALVANIZADO DE 1,10M, MONTANTES TUBULARES DE 1.1/4" ESPAÇADOS 1,20M, TRAVESSA SUPERIOR DE 1.1/2", GRADIL FORMADO POR TUBOS HORIZONTAIS DE 1" E VERTICAIS DE 3/4", FIXADO COM ADESIVO ESTRUTURAL EPOXI. AF_10/2025_PS | D23: =VLOOKUP(A23,'PO NÃO DES'!B:J,4,FALSE) -> M | E23: =SUMIF('PO NÃO DES'!B:B,A23,'PO NÃO DES'!F:F) -> 20.1 | F23: =VLOOKUP(A23,'PO NÃO DES'!B:J,6,FALSE) -> 477.71 | G23: =VLOOKUP(A23,'PO NÃO DES'!B:J,8,FALSE) -> 589.38353 | H23: 3.0818104 | I23: =TRUNC(E23*G23,2) -> 11846.6 | J23: =I23/SUM($I$11:$I$47) -> 0.024228792 | K23: =SUM(J23,K22) -> 0.78854531 | L23: A
A24: 90776 | B24: =VLOOKUP(A24,'PO NÃO DES'!B:J,2,FALSE) -> SINAPI | C24: =VLOOKUP(A24,'PO NÃO DES'!B:J,3,FALSE) -> ENCARREGADO GERAL COM ENCARGOS COMPLEMENTARES | D24: =VLOOKUP(A24,'PO NÃO DES'!B:J,4,FALSE) -> H | E24: =SUMIF('PO NÃO DES'!B:B,A24,'PO NÃO DES'!F:F) -> 180 | F24: =VLOOKUP(A24,'PO NÃO DES'!B:J,6,FALSE) -> 48.38 | G24: =VLOOKUP(A24,'PO NÃO DES'!B:J,8,FALSE) -> 59.689718 | H24: 86.290692 | I24: =TRUNC(E24*G24,2) -> 10744.14 | J24: =I24/SUM($I$11:$I$47) -> 0.021974029 | K24: =SUM(J24,K23) -> 0.81051934 | L24: B
A25: 92769 | B25: =VLOOKUP(A25,'PO NÃO DES'!B:J,2,FALSE) -> SINAPI | C25: =VLOOKUP(A25,'PO NÃO DES'!B:J,3,FALSE) -> ARMAÇÃO DE LAJE DE ESTRUTURA CONVENCIONAL DE CONCRETO ARMADO UTILIZANDO AÇO CA-50 DE 6,3 MM - MONTAGEM. AF_06/2022 | D25: =VLOOKUP(A25,'PO NÃO DES'!B:J,4,FALSE) -> KG | E25: =SUMIF('PO NÃO DES'!B:B,A25,'PO NÃO DES'!F:F) -> 636 | F25: =VLOOKUP(A25,'PO NÃO DES'!B:J,6,FALSE) -> 12.24 | G25: =VLOOKUP(A25,'PO NÃO DES'!B:J,8,FALSE) -> 15.101326 | I25: =TRUNC(E25*G25,2) -> 9604.44 | J25: =I25/SUM($I$11:$I$47) -> 0.019643103 | K25: =SUM(J25,K24) -> 0.83016244 | L25: B
A26: 92226 | B26: =VLOOKUP(A26,'PO NÃO DES'!B:J,2,FALSE) -> SINAPI | C26: =VLOOKUP(A26,'PO NÃO DES'!B:J,3,FALSE) -> TUBO DE CONCRETO PARA REDES COLETORAS DE ÁGUAS PLUVIAIS, DIÂMETRO DE 1000 MM, JUNTA RÍGIDA, INSTALADO EM LOCAL COM ALTO NÍVEL DE INTERFERÊNCIAS - FORNECIMENTO E ASSENTAMENTO. AF_03/2024 | D26: =VLOOKUP(A26,'PO NÃO DES'!B:J,4,FALSE) -> M | E26: =SUMIF('PO NÃO DES'!B:B,A26,'PO NÃO DES'!F:F) -> 15 | F26: =VLOOKUP(A26,'PO NÃO DES'!B:J,6,FALSE) -> 485.98 | G26: =VLOOKUP(A26,'PO NÃO DES'!B:J,8,FALSE) -> 599.5868 | H26: 13.972511 | I26: =TRUNC(E26*G26,2) -> 8993.8 | J26: =I26/SUM($I$11:$I$47) -> 0.018394215 | K26: =SUM(J26,K25) -> 0.84855665 | L26: B
A27: COMP.01 | B27: =VLOOKUP(A27,'PO NÃO DES'!B:J,2,FALSE) -> PRÓPRIA | C27: =VLOOKUP(A27,'PO NÃO DES'!B:J,3,FALSE) -> INSTALAÇÃO DE JUNTA ELASTOMÉRICA | D27: =VLOOKUP(A27,'PO NÃO DES'!B:J,4,FALSE) -> M | E27: =SUMIF('PO NÃO DES'!B:B,A27,'PO NÃO DES'!F:F) -> 18.8 | F27: =VLOOKUP(A27,'PO NÃO DES'!B:J,6,FALSE) -> 348.39 | G27: =VLOOKUP(A27,'PO NÃO DES'!B:J,8,FALSE) -> 429.83259 | H27: 13.972511 | I27: =TRUNC(E27*G27,2) -> 8080.85 | J27: =I27/SUM($I$11:$I$47) -> 0.01652704 | K27: =SUM(J27,K26) -> 0.86508369 | L27: B
A28: 101838 | B28: =VLOOKUP(A28,'PO NÃO DES'!B:J,2,FALSE) -> SINAPI | C28: =VLOOKUP(A28,'PO NÃO DES'!B:J,3,FALSE) -> RECOMPOSIÇÃO DE BASE E OU SUB-BASE PARA FECHAMENTO DE VALAS DE SOLO MELHORADO COM CIMENTO (TEOR DE 4%) - INCLUSO RETIRADA E COLOCAÇÃO DO MATERIAL. AF_12/2020 | D28: =VLOOKUP(A28,'PO NÃO DES'!B:J,4,FALSE) -> M3 | E28: =SUMIF('PO NÃO DES'!B:B,A28,'PO NÃO DES'!F:F) -> 57.6 | F28: =VLOOKUP(A28,'PO NÃO DES'!B:J,6,FALSE) -> 104.74 | G28: =VLOOKUP(A28,'PO NÃO DES'!B:J,8,FALSE) -> 129.22491 | H28: 59.008689 | I28: =TRUNC(E28*G28,2) -> 7443.35 | J28: =I28/SUM($I$11:$I$47) -> 0.015223218 | K28: =SUM(J28,K27) -> 0.88030691 | L28: B
A29: 102487 | B29: =VLOOKUP(A29,'PO NÃO DES'!B:J,2,FALSE) -> SINAPI | C29: =VLOOKUP(A29,'PO NÃO DES'!B:J,3,FALSE) -> CONCRETO CICLÓPICO FCK = 15MPA, 30% PEDRA DE MÃO EM VOLUME REAL, INCLUSIVE LANÇAMENTO. AF_05/2021 | D29: =VLOOKUP(A29,'PO NÃO DES'!B:J,4,FALSE) -> M3 | E29: =SUMIF('PO NÃO DES'!B:B,A29,'PO NÃO DES'!F:F) -> 9 | F29: =VLOOKUP(A29,'PO NÃO DES'!B:J,6,FALSE) -> 652.84 | G29: =VLOOKUP(A29,'PO NÃO DES'!B:J,8,FALSE) -> 805.4534 | I29: =TRUNC(E29*G29,2) -> 7249.08 | J29: =I29/SUM($I$11:$I$47) -> 0.014825895 | K29: =SUM(J29,K28) -> 0.89513281 | L29: B
A30: 103689 | B30: =VLOOKUP(A30,'PO NÃO DES'!B:J,2,FALSE) -> SINAPI | C30: =VLOOKUP(A30,'PO NÃO DES'!B:J,3,FALSE) -> FORNECIMENTO E INSTALAÇÃO DE PLACA DE OBRA COM CHAPA GALVANIZADA E ESTRUTURA DE MADEIRA. AF_03/2022_PS | D30: =VLOOKUP(A30,'PO NÃO DES'!B:J,4,FALSE) -> M2 | E30: =SUMIF('PO NÃO DES'!B:B,A30,'PO NÃO DES'!F:F) -> 12 | F30: =VLOOKUP(A30,'PO NÃO DES'!B:J,6,FALSE) -> 468.67 | G30: =VLOOKUP(A30,'PO NÃO DES'!B:J,8,FALSE) -> 578.23027 | H30: 10.264516 | I30: =TRUNC(E30*G30,2) -> 6938.76 | J30: =I30/SUM($I$11:$I$47) -> 0.014191226 | K30: =SUM(J30,K29) -> 0.90932403 | L30: B
A31: 95875 | B31: =VLOOKUP(A31,'PO NÃO DES'!B:J,2,FALSE) -> SINAPI | C31: =VLOOKUP(A31,'PO NÃO DES'!B:J,3,FALSE) -> TRANSPORTE COM CAMINHÃO BASCULANTE DE 10 M³, EM VIA URBANA PAVIMENTADA, DMT ATÉ 30 KM (UNIDADE: M3XKM). AF_07/2020 | D31: =VLOOKUP(A31,'PO NÃO DES'!B:J,4,FALSE) -> M3XKM | E31: =SUMIF('PO NÃO DES'!B:B,A31,'PO NÃO DES'!F:F) -> 1969.5 | F31: =VLOOKUP(A31,'PO NÃO DES'!B:J,6,FALSE) -> 2.51 | G31: =VLOOKUP(A31,'PO NÃO DES'!B:J,8,FALSE) -> 3.0967588 | H31: 408.33374 | I31: =TRUNC(E31*G31,2) -> 6099.06 | J31: =I31/SUM($I$11:$I$47) -> 0.012473862 | K31: =SUM(J31,K30) -> 0.9217979 | L31: B
A32: 94275 | B32: =VLOOKUP(A32,'PO NÃO DES'!B:J,2,FALSE) -> SINAPI | C32: =VLOOKUP(A32,'PO NÃO DES'!B:J,3,FALSE) -> ASSENTAMENTO DE GUIA (MEIO-FIO) EM TRECHO RETO, CONFECCIONADA EM CONCRETO PRÉ-FABRICADO, DIMENSÕES 100X15X13X20 CM (COMPRIMENTO X BASE INFERIOR X BASE SUPERIOR X ALTURA). AF_01/2024 | D32: =VLOOKUP(A32,'PO NÃO DES'!B:J,4,FALSE) -> M | E32: =SUMIF('PO NÃO DES'!B:B,A32,'PO NÃO DES'!F:F) -> 105.88 | F32: =VLOOKUP(A32,'PO NÃO DES'!B:J,6,FALSE) -> 44.84 | G32: =VLOOKUP(A32,'PO NÃO DES'!B:J,8,FALSE) -> 55.322178 | H32: 13.972511 | I32: =TRUNC(E32*G32,2) -> 5857.51 | J32: =I32/SUM($I$11:$I$47) -> 0.011979842 | K32: =SUM(J32,K31) -> 0.93377774 | L32: B
A33: 01.08.38U | B33: =VLOOKUP(A33,'PO NÃO DES'!B:J,2,FALSE) -> COMPESA | C33: =VLOOKUP(A33,'PO NÃO DES'!B:J,3,FALSE) -> ALUGUEL CONTAINER/ESCRITÓRIO INCLUSIVE INSTALAÇÕES ELÉTRICAS LARG=2,20 COMP=6,20M ALT=2,50M EM CHAPA ACO COM NERVURAS TRAPEZ. FORRO COM ISOLAMENTO TERMO/ACUSTICO CHASSIS REFORCADO PISO COMPENSADO NAVAL EXCLUSO TRANSP/CARGA/DESCARGA | D33: =VLOOKUP(A33,'PO NÃO DES'!B:J,4,FALSE) -> MÊS | E33: =SUMIF('PO NÃO DES'!B:B,A33,'PO NÃO DES'!F:F) -> 6 | F33: =VLOOKUP(A33,'PO NÃO DES'!B:J,6,FALSE) -> 650.39 | G33: =VLOOKUP(A33,'PO NÃO DES'!B:J,8,FALSE) -> 802.43067 | I33: =TRUNC(E33*G33,2) -> 4814.58 | J33: =I33/SUM($I$11:$I$47) -> 0.0098468301 | K33: =SUM(J33,K32) -> 0.94362457 | L33: B
A34: 94281 | B34: =VLOOKUP(A34,'PO NÃO DES'!B:J,2,FALSE) -> SINAPI | C34: =VLOOKUP(A34,'PO NÃO DES'!B:J,3,FALSE) -> EXECUÇÃO DE SARJETA DE CONCRETO USINADO, MOLDADA IN LOCO EM TRECHO RETO, 30 CM BASE X 15 CM ALTURA. AF_01/2024 | D34: =VLOOKUP(A34,'PO NÃO DES'!B:J,4,FALSE) -> M | E34: =SUMIF('PO NÃO DES'!B:B,A34,'PO NÃO DES'!F:F) -> 70 | F34: =VLOOKUP(A34,'PO NÃO DES'!B:J,6,FALSE) -> 47.21 | G34: =VLOOKUP(A34,'PO NÃO DES'!B:J,8,FALSE) -> 58.246209 | I34: =TRUNC(E34*G34,2) -> 4077.23 | J34: =I34/SUM($I$11:$I$47) -> 0.008338794 | K34: =SUM(J34,K33) -> 0.95196336 | L34: C
A35: 94968 | B35: =VLOOKUP(A35,'PO NÃO DES'!B:J,2,FALSE) -> SINAPI | C35: =VLOOKUP(A35,'PO NÃO DES'!B:J,3,FALSE) -> CONCRETO MAGRO PARA LASTRO, TRAÇO 1:4,5:4,5 (EM MASSA SECA DE CIMENTO/ AREIA MÉDIA/ BRITA 1) - PREPARO MECÂNICO COM BETONEIRA 600 L. AF_05/2021 | D35: =VLOOKUP(A35,'PO NÃO DES'!B:J,4,FALSE) -> M3 | E35: =SUMIF('PO NÃO DES'!B:B,A35,'PO NÃO DES'!F:F) -> 6.672 | F35: =VLOOKUP(A35,'PO NÃO DES'!B:J,6,FALSE) -> 444.5 | G35: =VLOOKUP(A35,'PO NÃO DES'!B:J,8,FALSE) -> 548.41008 | H35: 78.088902 | I35: =TRUNC(E35*G35,2) -> 3658.99 | J35: =I35/SUM($I$11:$I$47) -> 0.0074834052 | K35: =SUM(J35,K34) -> 0.95944677 | L35: C
A36: 105632 | B36: =VLOOKUP(A36,'PO NÃO DES'!B:J,2,FALSE) -> SINAPI | C36: =VLOOKUP(A36,'PO NÃO DES'!B:J,3,FALSE) -> CONSTRUÇÃO DE BASE E SUB-BASE PARA PAVIMENTAÇÃO DE SOLO (PREDOMINANTEMENTE ARENOSO) COM CIMENTO - 6%, MISTURA EM PISTA, COM ESPESSURA DE 20 CM - EXCLUSIVE ESCAVAÇÃO, CARGA E TRANSPORTE E SOLO. AF_09/2024 | D36: =VLOOKUP(A36,'PO NÃO DES'!B:J,4,FALSE) -> M3 | E36: =SUMIF('PO NÃO DES'!B:B,A36,'PO NÃO DES'!F:F) -> 22.56 | F36: =VLOOKUP(A36,'PO NÃO DES'!B:J,6,FALSE) -> 127.13 | G36: =VLOOKUP(A36,'PO NÃO DES'!B:J,8,FALSE) -> 156.84898 | H36: 136.04167 | I36: =TRUNC(E36*G36,2) -> 3538.51 | J36: =I36/SUM($I$11:$I$47) -> 0.0072369982 | K36: =SUM(J36,K35) -> 0.96668376 | L36: C
A37: 104742 | B37: =VLOOKUP(A37,'PO NÃO DES'!B:J,2,FALSE) -> SINAPI | C37: =VLOOKUP(A37,'PO NÃO DES'!B:J,3,FALSE) -> COMPACTAÇÃO DE VALAS COM ROLO COMPRESSOR. AF_08/2023 | D37: =VLOOKUP(A37,'PO NÃO DES'!B:J,4,FALSE) -> M2 | E37: =SUMIF('PO NÃO DES'!B:B,A37,'PO NÃO DES'!F:F) -> 336 | F37: =VLOOKUP(A37,'PO NÃO DES'!B:J,6,FALSE) -> 8.17 | G37: =VLOOKUP(A37,'PO NÃO DES'!B:J,8,FALSE) -> 10.079888 | H37: 13.972511 | I37: =TRUNC(E37*G37,2) -> 3386.84 | J37: =I37/SUM($I$11:$I$47) -> 0.0069268011 | K37: =SUM(J37,K36) -> 0.97361057 | L37: C
A38: 1619003 | B38: =VLOOKUP(A38,'PO NÃO DES'!B:J,2,FALSE) -> SICRO | C38: =VLOOKUP(A38,'PO NÃO DES'!B:J,3,FALSE) -> DEMOLIÇÃO MECÂNICA DE CONCRETO ARMADO COM ESCAVADEIRA HIDRÁULICA | D38: =VLOOKUP(A38,'PO NÃO DES'!B:J,4,FALSE) -> M³ | E38: =SUMIF('PO NÃO DES'!B:B,A38,'PO NÃO DES'!F:F) -> 43.4 | F38: =VLOOKUP(A38,'PO NÃO DES'!B:J,6,FALSE) -> 62.6 | G38: =VLOOKUP(A38,'PO NÃO DES'!B:J,8,FALSE) -> 77.233906 | H38: 704.81373 | I38: =TRUNC(E38*G38,2) -> 3351.95 | J38: =I38/SUM($I$11:$I$47) -> 0.0068554437 | K38: =SUM(J38,K37) -> 0.98046601 | L38: C
A39: 99264 | B39: =VLOOKUP(A39,'PO NÃO DES'!B:J,2,FALSE) -> SINAPI | C39: =VLOOKUP(A39,'PO NÃO DES'!B:J,3,FALSE) -> CAIXA ENTERRADA HIDRÁULICA RETANGULAR, EM ALVENARIA COM BLOCOS DE CONCRETO, DIMENSÕES INTERNAS: 1X1X0,6 M PARA REDE DE DRENAGEM. AF_12/2020 | D39: =VLOOKUP(A39,'PO NÃO DES'!B:J,4,FALSE) -> UN | E39: =SUMIF('PO NÃO DES'!B:B,A39,'PO NÃO DES'!F:F) -> 3 | F39: =VLOOKUP(A39,'PO NÃO DES'!B:J,6,FALSE) -> 782.73 | G39: =VLOOKUP(A39,'PO NÃO DES'!B:J,8,FALSE) -> 965.70759 | I39: =TRUNC(E39*G39,2) -> 2897.12 | J39: =I39/SUM($I$11:$I$47) -> 0.0059252206 | K39: =SUM(J39,K38) -> 0.98639123 | L39: C
A40: 92221 | B40: =VLOOKUP(A40,'PO NÃO DES'!B:J,2,FALSE) -> SINAPI | C40: =VLOOKUP(A40,'PO NÃO DES'!B:J,3,FALSE) -> TUBO DE CONCRETO PARA REDES COLETORAS DE ÁGUAS PLUVIAIS, DIÂMETRO DE 600 MM, JUNTA RÍGIDA, INSTALADO EM LOCAL COM ALTO NÍVEL DE INTERFERÊNCIAS - FORNECIMENTO E ASSENTAMENTO. AF_03/2024 | D40: =VLOOKUP(A40,'PO NÃO DES'!B:J,4,FALSE) -> M | E40: =SUMIF('PO NÃO DES'!B:B,A40,'PO NÃO DES'!F:F) -> 8 | F40: =VLOOKUP(A40,'PO NÃO DES'!B:J,6,FALSE) -> 253.81 | G40: =VLOOKUP(A40,'PO NÃO DES'!B:J,8,FALSE) -> 313.14277 | H40: 13.972511 | I40: =TRUNC(E40*G40,2) -> 2505.14 | J40: =I40/SUM($I$11:$I$47) -> 0.0051235389 | K40: =SUM(J40,K39) -> 0.99151477 | L40: C
A41: 100982 | B41: =VLOOKUP(A41,'PO NÃO DES'!B:J,2,FALSE) -> SINAPI | C41: =VLOOKUP(A41,'PO NÃO DES'!B:J,3,FALSE) -> CARGA, MANOBRA E DESCARGA DE ENTULHO EM CAMINHÃO BASCULANTE 10 M³ - CARGA COM ESCAVADEIRA HIDRÁULICA (CAÇAMBA DE 0,80 M³ / 111 HP) E DESCARGA LIVRE (UNIDADE: M3). AF_07/2020 | D41: =VLOOKUP(A41,'PO NÃO DES'!B:J,4,FALSE) -> M3 | E41: =SUMIF('PO NÃO DES'!B:B,A41,'PO NÃO DES'!F:F) -> 131.3 | F41: =VLOOKUP(A41,'PO NÃO DES'!B:J,6,FALSE) -> 9.1 | G41: =VLOOKUP(A41,'PO NÃO DES'!B:J,8,FALSE) -> 11.227293 | H41: 15.077543 | I41: =TRUNC(E41*G41,2) -> 1474.14 | J41: =I41/SUM($I$11:$I$47) -> 0.0030149268 | K41: =SUM(J41,K40) -> 0.9945297 | L41: C
A42: 102308 | B42: =VLOOKUP(A42,'PO NÃO DES'!B:J,2,FALSE) -> SINAPI | C42: =VLOOKUP(A42,'PO NÃO DES'!B:J,3,FALSE) -> ESCAVAÇÃO MECANIZADA DE VALA COM PROF. MAIOR QUE 1,5 M ATÉ 3,0 M (MÉDIA MONTANTE E JUSANTE/UMA COMPOSIÇÃO POR TRECHO), ESCAVADEIRA (0,8 M3), LARG. ATÉ 1,5 M, EM SOLO DE 2A CATEGORIA, EM LOCAIS COM ALTO NÍVEL DE INTERFERÊNCIA. AF_09/2024 | D42: =VLOOKUP(A42,'PO NÃO DES'!B:J,4,FALSE) -> M3 | E42: =SUMIF('PO NÃO DES'!B:B,A42,'PO NÃO DES'!F:F) -> 64.8 | F42: =VLOOKUP(A42,'PO NÃO DES'!B:J,6,FALSE) -> 11.67 | G42: =VLOOKUP(A42,'PO NÃO DES'!B:J,8,FALSE) -> 14.398078 | H42: 13.972511 | I42: =TRUNC(E42*G42,2) -> 932.99 | J42: =I42/SUM($I$11:$I$47) -> 0.001908161 | K42: =SUM(J42,K41) -> 0.99643786 | L42: C
A43: 102316 | B43: =VLOOKUP(A43,'PO NÃO DES'!B:J,2,FALSE) -> SINAPI | C43: =VLOOKUP(A43,'PO NÃO DES'!B:J,3,FALSE) -> ESCAVAÇÃO MECANIZADA DE VALA COM PROF. MAIOR QUE 1,5 M E ATÉ 3,0 M (MÉDIA MONTANTE E JUSANTE/UMA COMPOSIÇÃO POR TRECHO), ESCAVADEIRA (0,8 M3), LARG. MENOR QUE 1,5 M, EM SOLO DE 2A CATEGORIA, LOCAIS COM BAIXO NÍVEL DE INTERFERÊNCIA. AF_09/2024 | D43: =VLOOKUP(A43,'PO NÃO DES'!B:J,4,FALSE) -> M3 | E43: =SUMIF('PO NÃO DES'!B:B,A43,'PO NÃO DES'!F:F) -> 57.6 | F43: =VLOOKUP(A43,'PO NÃO DES'!B:J,6,FALSE) -> 7.35 | G43: =VLOOKUP(A43,'PO NÃO DES'!B:J,8,FALSE) -> 9.0681982 | I43: =TRUNC(E43*G43,2) -> 522.32 | J43: =I43/SUM($I$11:$I$47) -> 0.0010682544 | K43: =SUM(J43,K42) -> 0.99750611 | L43: C
A44: 92264 | B44: =VLOOKUP(A44,'PO NÃO DES'!B:J,2,FALSE) -> SINAPI | C44: =VLOOKUP(A44,'PO NÃO DES'!B:J,3,FALSE) -> FABRICAÇÃO DE FÔRMA PARA PILARES E ESTRUTURAS SIMILARES, EM CHAPA DE MADEIRA COMPENSADA PLASTIFICADA, E = 18 MM. AF_09/2020 | D44: =VLOOKUP(A44,'PO NÃO DES'!B:J,4,FALSE) -> M2 | E44: =SUMIF('PO NÃO DES'!B:B,A44,'PO NÃO DES'!F:F) -> 1.8 | F44: =VLOOKUP(A44,'PO NÃO DES'!B:J,6,FALSE) -> 207.51 | G44: =VLOOKUP(A44,'PO NÃO DES'!B:J,8,FALSE) -> 256.01929 | H44: 13.972511 | I44: =TRUNC(E44*G44,2) -> 460.83 | J44: =I44/SUM($I$11:$I$47) -> 0.0009424944 | K44: =SUM(J44,K43) -> 0.99844861 | L44: C
A45: 01.08.37U | B45: =VLOOKUP(A45,'PO NÃO DES'!B:J,2,FALSE) -> COMPESA | C45: =VLOOKUP(A45,'PO NÃO DES'!B:J,3,FALSE) -> MOBILIZACAO E DESMOBILIZACAO DE EQUIPAMENTOS - CARGA E DESCARGA | D45: =VLOOKUP(A45,'PO NÃO DES'!B:J,4,FALSE) -> T | E45: =SUMIF('PO NÃO DES'!B:B,A45,'PO NÃO DES'!F:F) -> 2.3 | F45: =VLOOKUP(A45,'PO NÃO DES'!B:J,6,FALSE) -> 145.52 | G45: =VLOOKUP(A45,'PO NÃO DES'!B:J,8,FALSE) -> 179.53799 | H45: 12.327242 | I45: =TRUNC(E45*G45,2) -> 412.93 | J45: =I45/SUM($I$11:$I$47) -> 0.00084452882 | K45: =SUM(J45,K44) -> 0.99929313 | L45: C
A46: 92770 | B46: =VLOOKUP(A46,'PO NÃO DES'!B:J,2,FALSE) -> SINAPI | C46: =VLOOKUP(A46,'PO NÃO DES'!B:J,3,FALSE) -> ARMAÇÃO DE LAJE DE ESTRUTURA CONVENCIONAL DE CONCRETO ARMADO UTILIZANDO AÇO CA-50 DE 8,0 MM - MONTAGEM. AF_06/2022 | D46: =VLOOKUP(A46,'PO NÃO DES'!B:J,4,FALSE) -> KG | E46: =SUMIF('PO NÃO DES'!B:B,A46,'PO NÃO DES'!F:F) -> 23 | F46: =VLOOKUP(A46,'PO NÃO DES'!B:J,6,FALSE) -> 11.31 | G46: =VLOOKUP(A46,'PO NÃO DES'!B:J,8,FALSE) -> 13.953921 | H46: 3.0818104 | I46: =TRUNC(E46*G46,2) -> 320.94 | J46: =I46/SUM($I$11:$I$47) -> 0.00065638989 | K46: =SUM(J46,K45) -> 0.99994952 | L46: C
A47: 01.08.36U | B47: =VLOOKUP(A47,'PO NÃO DES'!B:J,2,FALSE) -> COMPESA | C47: =VLOOKUP(A47,'PO NÃO DES'!B:J,3,FALSE) -> MOBILIZACAO E DESMOBILIZACAO DE EQUIPAMENTOS - TRANSPORTE | D47: =VLOOKUP(A47,'PO NÃO DES'!B:J,4,FALSE) -> TXKM | E47: =SUMIF('PO NÃO DES'!B:B,A47,'PO NÃO DES'!F:F) -> 34.5 | F47: =VLOOKUP(A47,'PO NÃO DES'!B:J,6,FALSE) -> 0.58 | G47: =VLOOKUP(A47,'PO NÃO DES'!B:J,8,FALSE) -> 0.71558571 | H47: 13.555055 | I47: =TRUNC(E47*G47,2) -> 24.68 | J47: =I47/SUM($I$11:$I$47) -> 5.0475798e-05 | K47: =SUM(J47,K46) -> 1 | L47: C

Sheet Orçamento Desonerado
A2: PREFEITURA MUNICIPAL DE OLINDA - PMO
A3: SECRETARIA DE OBRAS - SO
A4: SECRETARIA EXECUTIVA DE OBRAS - SEO
A6: OBJETO: | E6: BDI DESONERADO | G6: ='BDI DES'!B39 -> 0.29769429 | H6: DATA: | I6: ='MEMÓRIA DE CÁLCULO'!AA4 -> 46080
A7: CONTRATAÇÃO DE EMPRESA DE ENGENHARIA ESPECIALIZADA PARA DEMOLIÇÃO E CONSTRUÇÃO DE UM NOVO PONTILHÃO TIPO BUEIRO CELULAR NA RUA TAINHA, SOBRE O CANAL DA AVENIDA OURIÇO DO MAR, NO BAIRRO DE OURO PRETO, E DE PAVIMENTAÇÃO, PONTAS DE ALA E DRENAGEM NA RUA TRAVESSA JULES RIMET, PARA COMPLEMENTO DOS ACESSOS AO PONTILHÃO SOBRE O CANAL DA AVENIDA MÉXICO, NO BAIRRO DE RIO DOCE, AMBOS NO MUNICÍPIO DE OLINDA-PE.
A8: LOCAL: RUA TAINHA/ RUA TRAVESSA JULES RIMET | E8: ENCARGOS SOCIAIS: 98,83% HORISTA, 58,10% MENSALISTA
A9: BAIRRO: OURO PRETO, NO MUNICÍPIO DE OLINDA-PE | E9: TABELAS DE REFERÊNCIA: SINAPI JAN/26; SICRO OUT/25; COMPESA 2024.2
A10: PLANILHA ORÇAMENTÁRIA - DESONERADA
A11: Item | B11: Código | C11: Banco | D11: Descrição | E11: Und | F11: Quant. | G11: Valor Unit. Sem BDI | H11: Valor Total sem BDI | I11: Valor Unit. com BDI | J11: Valor Total com BDI
A12: 1 | D12: ADMINISTRAÇÃO LOCAL | H12: =TRUNC(SUM(H13:H14),2) -> 17630.28 | J12: =TRUNC(SUM(J13:J14),2) -> 22878.71
A13: 1.1 | B13: 90777 | C13: SINAPI | D13: =VLOOKUP(B13,'Base de dado DESONERADA'!A:D,2,FALSE) -> ENGENHEIRO CIVIL DE OBRA JUNIOR COM ENCARGOS COMPLEMENTARES | E13: =VLOOKUP(B13,'Base de dado DESONERADA'!A:D,3,FALSE) -> H | F13: ='MEMÓRIA DE CÁLCULO'!AE12 -> 72 | G13: =VLOOKUP(B13,'Base de dado DESONERADA'!A:D,4,FALSE) -> 131.69 | H13: =TRUNC((F13*G13),2) -> 9481.68 | I13: =G13*(1+$G$6) -> 170.89336 | J13: =TRUNC((F13*I13),2) -> 12304.32
A14: 1.2 | B14: 90776 | C14: SINAPI | D14: =VLOOKUP(B14,'Base de dado DESONERADA'!A:D,2,FALSE) -> ENCARREGADO GERAL COM ENCARGOS COMPLEMENTARES | E14: =VLOOKUP(B14,'Base de dado DESONERADA'!A:D,3,FALSE) -> H | F14: ='MEMÓRIA DE CÁLCULO'!AE16 -> 180 | G14: =VLOOKUP(B14,'Base de dado DESONERADA'!A:D,4,FALSE) -> 45.27 | H14: =TRUNC((F14*G14),2) -> 8148.6 | I14: =G14*(1+$G$6) -> 58.74662 | J14: =TRUNC((F14*I14),2) -> 10574.39
A15: RUA TAINHA - OURO PRETO
A16: 2 | D16: SERVIÇOS PRELIMINARES | H16: =TRUNC(SUM(H17:H21),2) -> 32137.44 | J16: =TRUNC(SUM(J17:J21),2) -> 41704.54
A17: 2.1 | B17: 103689 | C17: SINAPI | D17: =VLOOKUP(B17,'Base de dado DESONERADA'!A:D,2,FALSE) -> FORNECIMENTO E INSTALAÇÃO DE PLACA DE OBRA COM CHAPA GALVANIZADA E ESTRUTURA DE MADEIRA. AF_03/2022_PS | E17: =VLOOKUP(B17,'Base de dado DESONERADA'!A:D,3,FALSE) -> M2 | F17: ='MEMÓRIA DE CÁLCULO'!AE22 -> 6 | G17: =VLOOKUP(B17,'Base de dado DESONERADA'!A:D,4,FALSE) -> 466.25 | H17: =TRUNC((F17*G17),2) -> 2797.5 | I17: =G17*(1+$G$6) -> 605.04996 | J17: =TRUNC((F17*I17),2) -> 3630.29
A18: 2.2 | B18: 01.08.38U | C18: COMPESA | D18: =VLOOKUP(B18,'Base de dado DESONERADA'!A:D,2,FALSE) -> ALUGUEL CONTAINER/ESCRITÓRIO INCLUSIVE INSTALAÇÕES ELÉTRICAS LARG=2,20 COMP=6,20M ALT=2,50M EM CHAPA ACO COM NERVURAS TRAPEZ. FORRO COM ISOLAMENTO TERMO/ACUSTICO CHASSIS REFORCADO PISO COMPENSADO NAVAL EXCLUSO TRANSP/CARGA/DESCARGA | E18: =VLOOKUP(B18,'Base de dado DESONERADA'!A:D,3,FALSE) -> MÊS | F18: ='MEMÓRIA DE CÁLCULO'!AE26 -> 6 | G18: =VLOOKUP(B18,'Base de dado DESONERADA'!A:D,4,FALSE) -> 650.39 | H18: =TRUNC((F18*G18),2) -> 3902.34 | I18: =G18*(1+$G$6) -> 844.00739 | J18: =TRUNC((F18*I18),2) -> 5064.04
A19: 2.3 | B19: 01.08.37U | C19: COMPESA | D19: =VLOOKUP(B19,'Base de dado DESONERADA'!A:D,2,FALSE) -> MOBILIZACAO E DESMOBILIZACAO DE EQUIPAMENTOS - CARGA E DESCARGA | E19: =VLOOKUP(B19,'Base de dado DESONERADA'!A:D,3,FALSE) -> T | F19: ='MEMÓRIA DE CÁLCULO'!AE30 -> 2.3 | G19: =VLOOKUP(B19,'Base de dado DESONERADA'!A:D,4,FALSE) -> 142 | H19: =TRUNC((F19*G19),2) -> 326.6 | I19: =G19*(1+$G$6) -> 184.27259 | J19: =TRUNC((F19*I19),2) -> 423.82
A20: 2.4 | B20: 01.08.36U | C20: COMPESA | D20: =VLOOKUP(B20,'Base de dado DESONERADA'!A:D,2,FALSE) -> MOBILIZACAO E DESMOBILIZACAO DE EQUIPAMENTOS - TRANSPORTE | E20: =VLOOKUP(B20,'Base de dado DESONERADA'!A:D,3,FALSE) -> TXKM | F20: ='MEMÓRIA DE CÁLCULO'!AE34 -> 34.5 | G20: =VLOOKUP(B20,'Base de dado DESONERADA'!A:D,4,FALSE) -> 0.57 | H20: =TRUNC((F20*G20),2) -> 19.66 | I20: =G20*(1+$G$6) -> 0.73968574 | J20: =TRUNC((F20*I20),2) -> 25.51
A21: 2.5 | B21: 01.08.42U | C21: COMPESA | D21: =VLOOKUP(B21,'Base de dado DESONERADA'!A:D,2,FALSE) -> CANTEIRO ITINERANTE COMPOSTO DE TOLDO, CONJUNTO DE MESA E CADEIRAS E BANHEIRO QUÍMICO COM LIMPEZA DIÁRIA INCLUSO COLETA E DESTINAÇÃO FINAL DE EFLUENTES | E21: =VLOOKUP(B21,'Base de dado DESONERADA'!A:D,3,FALSE) -> MÊS | F21: ='MEMÓRIA DE CÁLCULO'!AE38 -> 6 | G21: =VLOOKUP(B21,'Base de dado DESONERADA'!A:D,4,FALSE) -> 4181.89 | H21: =TRUNC((F21*G21),2) -> 25091.34 | I21: =G21*(1+$G$6) -> 5426.8148 | J21: =TRUNC((F21*I21),2) -> 32560.88
A22: 3 | D22: DEMOLIÇÃO | H22: =TRUNC(SUM(H23:H25),2) -> 5341.49 | J22: =TRUNC(SUM(J23:J25),2) -> 6931.61
A23: 3.1 | B23: 1619003 | C23: SICRO | D23: =VLOOKUP(B23,'Base de dado DESONERADA'!A:D,2,FALSE) -> DEMOLIÇÃO MECÂNICA DE CONCRETO ARMADO COM ESCAVADEIRA HIDRÁULICA | E23: =VLOOKUP(B23,'Base de dado DESONERADA'!A:D,3,FALSE) -> M³ | F23: ='MEMÓRIA DE CÁLCULO'!AE43 -> 43.4 | G23: =VLOOKUP(B23,'Base de dado DESONERADA'!A:D,4,FALSE) -> 62.6 | H23: =TRUNC((F23*G23),2) -> 2716.84 | I23: =G23*(1+$G$6) -> 81.235663 | J23: =TRUNC((F23*I23),2) -> 3525.62
A24: 3.2 | B24: 100982 | C24: SINAPI | D24: =VLOOKUP(B24,'Base de dado DESONERADA'!A:D,2,FALSE) -> CARGA, MANOBRA E DESCARGA DE ENTULHO EM CAMINHÃO BASCULANTE 10 M³ - CARGA COM ESCAVADEIRA HIDRÁULICA (CAÇAMBA DE 0,80 M³ / 111 HP) E DESCARGA LIVRE (UNIDADE: M3). AF_07/2020 | E24: =VLOOKUP(B24,'Base de dado DESONERADA'!A:D,3,FALSE) -> M3 | F24: ='MEMÓRIA DE CÁLCULO'!AE49 -> 56.42 | G24: =VLOOKUP(B24,'Base de dado DESONERADA'!A:D,4,FALSE) -> 9.02 | H24: =TRUNC((F24*G24),2) -> 508.9 | I24: =G24*(1+$G$6) -> 11.705202 | J24: =TRUNC((F24*I24),2) -> 660.4
A25: 3.3 | B25: 95875 | C25: SINAPI | D25: =VLOOKUP(B25,'Base de dado DESONERADA'!A:D,2,FALSE) -> TRANSPORTE COM CAMINHÃO BASCULANTE DE 10 M³, EM VIA URBANA PAVIMENTADA, DMT ATÉ 30 KM (UNIDADE: M3XKM). AF_07/2020 | E25: =VLOOKUP(B25,'Base de dado DESONERADA'!A:D,3,FALSE) -> M3XKM | F25: ='MEMÓRIA DE CÁLCULO'!AE53 -> 846.3 | G25: =VLOOKUP(B25,'Base de dado DESONERADA'!A:D,4,FALSE) -> 2.5 | H25: =TRUNC((F25*G25),2) -> 2115.75 | I25: =G25*(1+$G$6) -> 3.2442357 | J25: =TRUNC((F25*I25),2) -> 2745.59
A26: 4 | D26: ESTRUTURA | H26: =TRUNC(SUM(H27:H39),2) -> 158409.28 | J26: =TRUNC(SUM(J27:J40),2) -> 213352.47
A27: 4.1 | B27: 102482 | C27: SINAPI | D27: =VLOOKUP(B27,'Base de dado DESONERADA'!A:D,2,FALSE) -> CONCRETO FCK = 25MPA, TRAÇO 1:2,2:2,5 (EM MASSA SECA DE CIMENTO/ AREIA MÉDIA/ SEIXO ROLADO) - PREPARO MECÂNICO COM BETONEIRA 600 L. AF_05/2021 | E27: =VLOOKUP(B27,'Base de dado DESONERADA'!A:D,3,FALSE) -> M3 | F27: ='MEMÓRIA DE CÁLCULO'!AE58 -> 67.68 | G27: =VLOOKUP(B27,'Base de dado DESONERADA'!A:D,4,FALSE) -> 713.46 | H27: =TRUNC((F27*G27),2) -> 48286.97 | I27: =G27*(1+$G$6) -> 925.85297 | J27: =TRUNC((F27*I27),2) -> 62661.72
A28: 4.2 | B28: 92772 | C28: SINAPI | D28: =VLOOKUP(B28,'Base de dado DESONERADA'!A:D,2,FALSE) -> ARMAÇÃO DE LAJE DE ESTRUTURA CONVENCIONAL DE CONCRETO ARMADO UTILIZANDO AÇO CA-50 DE 12,5 MM - MONTAGEM. AF_06/2022 | E28: =VLOOKUP(B28,'Base de dado DESONERADA'!A:D,3,FALSE) -> KG | F28: ='MEMÓRIA DE CÁLCULO'!AE63 -> 3845 | G28: =VLOOKUP(B28,'Base de dado DESONERADA'!A:D,4,FALSE) -> 8.26 | H28: =TRUNC((F28*G28),2) -> 31759.7 | I28: =G28*(1+$G$6) -> 10.718955 | J28: =TRUNC((F28*I28),2) -> 41214.38
A29: 4.3 | B29: 92771 | C29: SINAPI | D29: =VLOOKUP(B29,'Base de dado DESONERADA'!A:D,2,FALSE) -> ARMAÇÃO DE LAJE DE ESTRUTURA CONVENCIONAL DE CONCRETO ARMADO UTILIZANDO AÇO CA-50 DE 10,0 MM - MONTAGEM. AF_06/2022 | E29: =VLOOKUP(B29,'Base de dado DESONERADA'!A:D,3,FALSE) -> KG | F29: ='MEMÓRIA DE CÁLCULO'!AE67 -> 1941 | G29: =VLOOKUP(B29,'Base de dado DESONERADA'!A:D,4,FALSE) -> 9.92 | H29: =TRUNC((F29*G29),2) -> 19254.72 | I29: =G29*(1+$G$6) -> 12.873127 | J29: =TRUNC((F29*I29),2) -> 24986.74
A30: 4.4 | B30: 92770 | C30: SINAPI | D30: =VLOOKUP(B30,'Base de dado DESONERADA'!A:D,2,FALSE) -> ARMAÇÃO DE LAJE DE ESTRUTURA CONVENCIONAL DE CONCRETO ARMADO UTILIZANDO AÇO CA-50 DE 8,0 MM - MONTAGEM. AF_06/2022 | E30: =VLOOKUP(B30,'Base de dado DESONERADA'!A:D,3,FALSE) -> KG | F30: ='MEMÓRIA DE CÁLCULO'!AE71 -> 23 | G30: =VLOOKUP(B30,'Base de dado DESONERADA'!A:D,4,FALSE) -> 11.21 | H30: =TRUNC((F30*G30),2) -> 257.83 | I30: =G30*(1+$G$6) -> 14.547153 | J30: =TRUNC((F30*I30),2) -> 334.58
A31: 4.5 | B31: 92769 | C31: SINAPI | D31: =VLOOKUP(B31,'Base de dado DESONERADA'!A:D,2,FALSE) -> ARMAÇÃO DE LAJE DE ESTRUTURA CONVENCIONAL DE CONCRETO ARMADO UTILIZANDO AÇO CA-50 DE 6,3 MM - MONTAGEM. AF_06/2022 | E31: =VLOOKUP(B31,'Base de dado DESONERADA'!A:D,3,FALSE) -> KG | F31: ='MEMÓRIA DE CÁLCULO'!AE75 -> 636 | G31: =VLOOKUP(B31,'Base de dado DESONERADA'!A:D,4,FALSE) -> 12.08 | H31: =TRUNC((F31*G31),2) -> 7682.88 | I31: =G31*(1+$G$6) -> 15.676147 | J31: =TRUNC((F31*I31),2) -> 9970.02
A32: 4.6 | B32: 92267 | C32: SINAPI | D32: =VLOOKUP(B32,'Base de dado DESONERADA'!A:D,2,FALSE) -> FABRICAÇÃO DE FÔRMA PARA LAJES, EM CHAPA DE MADEIRA COMPENSADA RESINADA, E = 17 MM. AF_09/2020 | E32: =VLOOKUP(B32,'Base de dado DESONERADA'!A:D,3,FALSE) -> M2 | F32: ='MEMÓRIA DE CÁLCULO'!AE79 -> 255.6 | G32: =VLOOKUP(B32,'Base de dado DESONERADA'!A:D,4,FALSE) -> 44.88 | H32: =TRUNC((F32*G32),2) -> 11471.32 | I32: =G32*(1+$G$6) -> 58.24052 | J32: =TRUNC((F32*I32),2) -> 14886.27
A33: 4.7 | B33: 92524 | C33: SINAPI | D33: =VLOOKUP(B33,'Base de dado DESONERADA'!A:D,2,FALSE) -> MONTAGEM E DESMONTAGEM DE FÔRMA DE LAJE MACIÇA, PÉ-DIREITO DUPLO, EM CHAPA DE MADEIRA COMPENSADA PLASTIFICADA, 10 UTILIZAÇÕES. AF_09/2020 | E33: =VLOOKUP(B33,'Base de dado DESONERADA'!A:D,3,FALSE) -> M2 | F33: ='MEMÓRIA DE CÁLCULO'!AE83 -> 255.6 | G33: =VLOOKUP(B33,'Base de dado DESONERADA'!A:D,4,FALSE) -> 80.61 | H33: =TRUNC((F33*G33),2) -> 20603.91 | I33: =G33*(1+$G$6) -> 104.60714 | J33: =TRUNC((F33*I33),2) -> 26737.58
A34: 4.8 | B34: 94968 | C34: SINAPI | D34: =VLOOKUP(B34,'Base de dado DESONERADA'!A:D,2,FALSE) -> CONCRETO MAGRO PARA LASTRO, TRAÇO 1:4,5:4,5 (EM MASSA SECA DE CIMENTO/ AREIA MÉDIA/ BRITA 1) - PREPARO MECÂNICO COM BETONEIRA 600 L. AF_05/2021 | E34: =VLOOKUP(B34,'Base de dado DESONERADA'!A:D,3,FALSE) -> M3 | F34: ='MEMÓRIA DE CÁLCULO'!AE87 -> 6.672 | G34: =VLOOKUP(B34,'Base de dado DESONERADA'!A:D,4,FALSE) -> 440.17 | H34: =TRUNC((F34*G34),2) -> 2936.81 | I34: =G34*(1+$G$6) -> 571.2061 | J34: =TRUNC((F34*I34),2) -> 3811.08
A35: 4.9 | B35: 105632 | C35: SINAPI | D35: =VLOOKUP(B35,'Base de dado DESONERADA'!A:D,2,FALSE) -> CONSTRUÇÃO DE BASE E SUB-BASE PARA PAVIMENTAÇÃO DE SOLO (PREDOMINANTEMENTE ARENOSO) COM CIMENTO - 6%, MISTURA EM PISTA, COM ESPESSURA DE 20 CM - EXCLUSIVE ESCAVAÇÃO, CARGA E TRANSPORTE E SOLO. AF_09/2024 | E35: =VLOOKUP(B35,'Base de dado DESONERADA'!A:D,3,FALSE) -> M3 | F35: ='MEMÓRIA DE CÁLCULO'!AE92 -> 22.56 | G35: =VLOOKUP(B35,'Base de dado DESONERADA'!A:D,4,FALSE) -> 126.86 | H35: =TRUNC((F35*G35),2) -> 2861.96 | I35: =G35*(1+$G$6) -> 164.6255 | J35: =TRUNC((F35*I35),2) -> 3713.95
A36: 4.10 | B36: 99842 | C36: SINAPI | D36: =VLOOKUP(B36,'Base de dado DESONERADA'!A:D,2,FALSE) -> GUARDA-CORPO DE AÇO GALVANIZADO DE 1,10M, MONTANTES TUBULARES DE 1.1/4" ESPAÇADOS 1,20M, TRAVESSA SUPERIOR DE 1.1/2", GRADIL FORMADO POR TUBOS HORIZONTAIS DE 1" E VERTICAIS DE 3/4", FIXADO COM ADESIVO ESTRUTURAL EPOXI. AF_10/2025_PS | E36: =VLOOKUP(B36,'Base de dado DESONERADA'!A:D,3,FALSE) -> M | F36: ='MEMÓRIA DE CÁLCULO'!AE97 -> 20.1 | G36: =VLOOKUP(B36,'Base de dado DESONERADA'!A:D,4,FALSE) -> 467.33 | H36: =TRUNC((F36*G36),2) -> 9393.33 | I36: =G36*(1+$G$6) -> 606.45147 | J36: =TRUNC((F36*I36),2) -> 12189.67
A37: 4.11 | B37: 102316 | C37: SINAPI | D37: =VLOOKUP(B37,'Base de dado DESONERADA'!A:D,2,FALSE) -> ESCAVAÇÃO MECANIZADA DE VALA COM PROF. MAIOR QUE 1,5 M E ATÉ 3,0 M (MÉDIA MONTANTE E JUSANTE/UMA COMPOSIÇÃO POR TRECHO), ESCAVADEIRA (0,8 M3), LARG. MENOR QUE 1,5 M, EM SOLO DE 2A CATEGORIA, LOCAIS COM BAIXO NÍVEL DE INTERFERÊNCIA. AF_09/2024 | E37: =VLOOKUP(B37,'Base de dado DESONERADA'!A:D,3,FALSE) -> M3 | F37: ='MEMÓRIA DE CÁLCULO'!AE102 -> 57.6 | G37: =VLOOKUP(B37,'Base de dado DESONERADA'!A:D,4,FALSE) -> 7.23 | H37: =TRUNC((F37*G37),2) -> 416.44 | I37: =G37*(1+$G$6) -> 9.3823297 | J37: =TRUNC((F37*I37),2) -> 540.42
A38: 4.12 | B38: 100982 | C38: SINAPI | D38: =VLOOKUP(B38,'Base de dado DESONERADA'!A:D,2,FALSE) -> CARGA, MANOBRA E DESCARGA DE ENTULHO EM CAMINHÃO BASCULANTE 10 M³ - CARGA COM ESCAVADEIRA HIDRÁULICA (CAÇAMBA DE 0,80 M³ / 111 HP) E DESCARGA LIVRE (UNIDADE: M3). AF_07/2020 | E38: =VLOOKUP(B38,'Base de dado DESONERADA'!A:D,3,FALSE) -> M3 | F38: ='MEMÓRIA DE CÁLCULO'!AE107 -> 74.88 | G38: =VLOOKUP(B38,'Base de dado DESONERADA'!A:D,4,FALSE) -> 9.02 | H38: =TRUNC((F38*G38),2) -> 675.41 | I38: =G38*(1+$G$6) -> 11.705202 | J38: =TRUNC((F38*I38),2) -> 876.48
A39: 4.13 | B39: 95875 | C39: SINAPI | D39: =VLOOKUP(B39,'Base de dado DESONERADA'!A:D,2,FALSE) -> TRANSPORTE COM CAMINHÃO BASCULANTE DE 10 M³, EM VIA URBANA PAVIMENTADA, DMT ATÉ 30 KM (UNIDADE: M3XKM). AF_07/2020 | E39: =VLOOKUP(B39,'Base de dado DESONERADA'!A:D,3,FALSE) -> M3XKM | F39: ='MEMÓRIA DE CÁLCULO'!AE111 -> 1123.2 | G39: =VLOOKUP(B39,'Base de dado DESONERADA'!A:D,4,FALSE) -> 2.5 | H39: =TRUNC((F39*G39),2) -> 2808 | I39: =G39*(1+$G$6) -> 3.2442357 | J39: =TRUNC((F39*I39),2) -> 3643.92
A40: 4.14 | B40: 101838 | C40: SINAPI | D40: =VLOOKUP(B40,'Base de dado DESONERADA'!A:D,2,FALSE) -> RECOMPOSIÇÃO DE BASE E OU SUB-BASE PARA FECHAMENTO DE VALAS DE SOLO MELHORADO COM CIMENTO (TEOR DE 4%) - INCLUSO RETIRADA E COLOCAÇÃO DO MATERIAL. AF_12/2020 | E40: =VLOOKUP(B40,'Base de dado DESONERADA'!A:D,3,FALSE) -> M3 | F40: 57.6 | G40: =VLOOKUP(B40,'Base de dado DESONERADA'!A:D,4,FALSE) -> 104.16 | H40: =TRUNC((F40*G40),2) -> 5999.61 | I40: =G40*(1+$G$6) -> 135.16784 | J40: =TRUNC((F40*I40),2) -> 7785.66
A41: 5 | D41: SERVIÇOS COMPLEMENTARES (ENSECADEIRA) | H41: =TRUNC(SUM(H42:H43),2) -> 53872.2 | J41: =TRUNC(SUM(J42:J43),2) -> 69909.63
A42: 5.1 | B42: 94306 | C42: SINAPI | D42: =VLOOKUP(B42,'Base de dado DESONERADA'!A:D,2,FALSE) -> ATERRO MECANIZADO DE VALA COM ESCAVADEIRA HIDRÁULICA (CAPACIDADE DA CAÇAMBA: 0,8 M³ / POTÊNCIA: 111 HP), LARGURA ATÉ 2,5 M, PROFUNDIDADE DE 1,5 A 3,0 M, COM SOLO ARGILO-ARENOSO. AF_08/2023 | E42: =VLOOKUP(B42,'Base de dado DESONERADA'!A:D,3,FALSE) -> M3 | F42: ='MEMÓRIA DE CÁLCULO'!AE121 -> 540 | G42: =VLOOKUP(B42,'Base de dado DESONERADA'!A:D,4,FALSE) -> 70.03 | H42: =TRUNC((F42*G42),2) -> 37816.2 | I42: =G42*(1+$G$6) -> 90.877531 | J42: =TRUNC((F42*I42),2) -> 49073.86
A43: 5.2 | B43: 90650 | C43: SINAPI | D43: =VLOOKUP(B43,'Base de dado DESONERADA'!A:D,2,FALSE) -> BOMBA CENTRÍFUGA MONOESTÁGIO COM MOTOR ELÉTRICO MONOFÁSICO, POTÊNCIA 15 HP, DIÂMETRO DO ROTOR 173 MM, HM/Q = 30 MCA / 90 M3/H A 45 MCA / 55 M3/H - CHP DIURNO. AF_06/2015 | E43: =VLOOKUP(B43,'Base de dado DESONERADA'!A:D,3,FALSE) -> CHP | F43: ='MEMÓRIA DE CÁLCULO'!AE126 -> 1440 | G43: =VLOOKUP(B43,'Base de dado DESONERADA'!A:D,4,FALSE) -> 11.15 | H43: =TRUNC((F43*G43),2) -> 16056 | I43: =G43*(1+$G$6) -> 14.469291 | J43: =TRUNC((F43*I43),2) -> 20835.77
A44: 6 | D44: PAVIMENTAÇÃO | H44: =TRUNC(SUM(H45:H48),2) -> 17705.62 | J44: =TRUNC(SUM(J45:J48),2) -> 22976.49
A45: 6.1 | B45: COMP.01 | C45: PRÓPRIA | D45: =VLOOKUP(B45,'Base de dado DESONERADA'!A:D,2,FALSE) -> INSTALAÇÃO DE JUNTA ELASTOMÉRICA | E45: =VLOOKUP(B45,'Base de dado DESONERADA'!A:D,3,FALSE) -> M | F45: ='MEMÓRIA DE CÁLCULO'!AE131 -> 18.8 | G45: =VLOOKUP(B45,'Base de dado DESONERADA'!A:D,4,FALSE) -> 341.59 | H45: =TRUNC((F45*G45),2) -> 6421.89 | I45: =G45*(1+$G$6) -> 443.27939 | J45: =TRUNC((F45*I45),2) -> 8333.65
A46: 6.2 | B46: 94275 | C46: SINAPI | D46: =VLOOKUP(B46,'Base de dado DESONERADA'!A:D,2,FALSE) -> ASSENTAMENTO DE GUIA (MEIO-FIO) EM TRECHO RETO, CONFECCIONADA EM CONCRETO PRÉ-FABRICADO, DIMENSÕES 100X15X13X20 CM (COMPRIMENTO X BASE INFERIOR X BASE SUPERIOR X ALTURA). AF_01/2024 | E46: =VLOOKUP(B46,'Base de dado DESONERADA'!A:D,3,FALSE) -> M | F46: ='MEMÓRIA DE CÁLCULO'!AE136 -> 35.88 | G46: =VLOOKUP(B46,'Base de dado DESONERADA'!A:D,4,FALSE) -> 44.2 | H46: =TRUNC((F46*G46),2) -> 1585.89 | I46: =G46*(1+$G$6) -> 57.358088 | J46: =TRUNC((F46*I46),2) -> 2058
A47: 6.3 | B47: 94306 | C47: SINAPI | D47: =VLOOKUP(B47,'Base de dado DESONERADA'!A:D,2,FALSE) -> ATERRO MECANIZADO DE VALA COM ESCAVADEIRA HIDRÁULICA (CAPACIDADE DA CAÇAMBA: 0,8 M³ / POTÊNCIA: 111 HP), LARGURA ATÉ 2,5 M, PROFUNDIDADE DE 1,5 A 3,0 M, COM SOLO ARGILO-ARENOSO. AF_08/2023 | E47: =VLOOKUP(B47,'Base de dado DESONERADA'!A:D,3,FALSE) -> M3 | F47: ='MEMÓRIA DE CÁLCULO'!AE141 -> 50.76 | G47: =VLOOKUP(B47,'Base de dado DESONERADA'!A:D,4,FALSE) -> 70.03 | H47: =TRUNC((F47*G47),2) -> 3554.72 | I47: =G47*(1+$G$6) -> 90.877531 | J47: =TRUNC((F47*I47),2) -> 4612.94
A48: 6.4 | B48: 101169 | C48: SINAPI | D48: =VLOOKUP(B48,'Base de dado DESONERADA'!A:D,2,FALSE) -> EXECUÇÃO DE PAVIMENTO EM PARALELEPÍPEDOS, REJUNTAMENTO COM ARGAMASSA TRAÇO 1:3 (CIMENTO E AREIA). AF_05/2020 | E48: =VLOOKUP(B48,'Base de dado DESONERADA'!A:D,3,FALSE) -> M2 | F48: ='MEMÓRIA DE CÁLCULO'!AE146 -> 67.116 | G48: =VLOOKUP(B48,'Base de dado DESONERADA'!A:D,4,FALSE) -> 91.53 | H48: =TRUNC((F48*G48),2) -> 6143.12 | I48: =G48*(1+$G$6) -> 118.77796 | J48: =TRUNC((F48*I48),2) -> 7971.9
A49: 7 | D49: PASSEIO | H49: =TRUNC(SUM(H50),2) -> 2998.85 | J49: =TRUNC(SUM(J50),2) -> 3891.59
A50: 7.1 | B50: 94992 | C50: SINAPI | D50: =VLOOKUP(B50,'Base de dado DESONERADA'!A:D,2,FALSE) -> EXECUÇÃO DE PASSEIO (CALÇADA) OU PISO DE CONCRETO COM CONCRETO MOLDADO IN LOCO, FEITO EM OBRA, ACABAMENTO CONVENCIONAL, ESPESSURA 6 CM, ARMADO. AF_08/2022 | E50: =VLOOKUP(B50,'Base de dado DESONERADA'!A:D,3,FALSE) -> M2 | F50: ='MEMÓRIA DE CÁLCULO'!AE152 -> 37.674 | G50: =VLOOKUP(B50,'Base de dado DESONERADA'!A:D,4,FALSE) -> 79.6 | H50: =TRUNC((F50*G50),2) -> 2998.85 | I50: =G50*(1+$G$6) -> 103.29647 | J50: =TRUNC((F50*I50),2) -> 3891.59
A51: RUA TRAVESSA JULES RIMET - RIO DOCE
A52: 2 | D52: SERVIÇOS PRELIMINARES | H52: =TRUNC(SUM(H53:H53),2) -> 2797.5 | J52: =TRUNC(SUM(J53:J53),2) -> 3630.29
A53: 2.1 | B53: 103689 | C53: SINAPI | D53: =VLOOKUP(B53,'Base de dado DESONERADA'!A:D,2,FALSE) -> FORNECIMENTO E INSTALAÇÃO DE PLACA DE OBRA COM CHAPA GALVANIZADA E ESTRUTURA DE MADEIRA. AF_03/2022_PS | E53: =VLOOKUP(B53,'Base de dado DESONERADA'!A:D,3,FALSE) -> M2 | F53: 6 | G53: =VLOOKUP(B53,'Base de dado DESONERADA'!A:D,4,FALSE) -> 466.25 | H53: =TRUNC((F53*G53),2) -> 2797.5 | I53: =G53*(1+$G$6) -> 605.04996 | J53: =TRUNC((F53*I53),2) -> 3630.29
A54: 3 | D54: MOVIMENTAÇÃO DE TERRA | H54: =TRUNC(SUM(H55:H57),2) -> 32212.98 | J54: =TRUNC(SUM(J55:J57),2) -> 41802.6
A55: 3.1 | B55: 102308 | C55: SINAPI | D55: =VLOOKUP(B55,'Base de dado DESONERADA'!A:D,2,FALSE) -> ESCAVAÇÃO MECANIZADA DE VALA COM PROF. MAIOR QUE 1,5 M ATÉ 3,0 M (MÉDIA MONTANTE E JUSANTE/UMA COMPOSIÇÃO POR TRECHO), ESCAVADEIRA (0,8 M3), LARG. ATÉ 1,5 M, EM SOLO DE 2A CATEGORIA, EM LOCAIS COM ALTO NÍVEL DE INTERFERÊNCIA. AF_09/2024 | E55: =VLOOKUP(B55,'Base de dado DESONERADA'!A:D,3,FALSE) -> M3 | F55: 64.8 | G55: =VLOOKUP(B55,'Base de dado DESONERADA'!A:D,4,FALSE) -> 11.48 | H55: =TRUNC((F55*G55),2) -> 743.9 | I55: =G55*(1+$G$6) -> 14.89753 | J55: =TRUNC((F55*I55),2) -> 965.35
A56: 3.2 | B56: 94310 | C56: SINAPI | D56: =VLOOKUP(B56,'Base de dado DESONERADA'!A:D,2,FALSE) -> ATERRO MECANIZADO DE VALA COM ESCAVADEIRA HIDRÁULICA (CAPACIDADE DA CAÇAMBA: 0,8 M³/POTÊNCIA: 111 HP), LARGURA ATÉ 2,5 M, PROFUNDIDADE DE 3,0 A 6,0 M, COM SOLO ARGILO-ARENOSO. AF_08/2023 | E56: =VLOOKUP(B56,'Base de dado DESONERADA'!A:D,3,FALSE) -> M3 | F56: 428.4 | G56: =VLOOKUP(B56,'Base de dado DESONERADA'!A:D,4,FALSE) -> 67.12 | H56: =TRUNC((F56*G56),2) -> 28754.2 | I56: =G56*(1+$G$6) -> 87.101241 | J56: =TRUNC((F56*I56),2) -> 37314.17
A57: 3.3 | B57: 104742 | C57: SINAPI | D57: =VLOOKUP(B57,'Base de dado DESONERADA'!A:D,2,FALSE) -> COMPACTAÇÃO DE VALAS COM ROLO COMPRESSOR. AF_08/2023 | E57: =VLOOKUP(B57,'Base de dado DESONERADA'!A:D,3,FALSE) -> M2 | F57: 336 | G57: =VLOOKUP(B57,'Base de dado DESONERADA'!A:D,4,FALSE) -> 8.08 | H57: =TRUNC((F57*G57),2) -> 2714.88 | I57: =G57*(1+$G$6) -> 10.48537 | J57: =TRUNC((F57*I57),2) -> 3523.08
A58: 4 | D58: DRENAGEM | H58: =TRUNC(SUM(H59:H63),2) -> 17652.18 | J58: =TRUNC(SUM(J59:J63),2) -> 22907.11
A59: 4.1 | B59: 92226 | C59: SINAPI | D59: =VLOOKUP(B59,'Base de dado DESONERADA'!A:D,2,FALSE) -> TUBO DE CONCRETO PARA REDES COLETORAS DE ÁGUAS PLUVIAIS, DIÂMETRO DE 1000 MM, JUNTA RÍGIDA, INSTALADO EM LOCAL COM ALTO NÍVEL DE INTERFERÊNCIAS - FORNECIMENTO E ASSENTAMENTO. AF_03/2024 | E59: =VLOOKUP(B59,'Base de dado DESONERADA'!A:D,3,FALSE) -> M | F59: 15 | G59: =VLOOKUP(B59,'Base de dado DESONERADA'!A:D,4,FALSE) -> 482.93 | H59: =TRUNC((F59*G59),2) -> 7243.95 | I59: =G59*(1+$G$6) -> 626.6955 | J59: =TRUNC((F59*I59),2) -> 9400.43
A60: 4.2 | B60: 92221 | C60: SINAPI | D60: =VLOOKUP(B60,'Base de dado DESONERADA'!A:D,2,FALSE) -> TUBO DE CONCRETO PARA REDES COLETORAS DE ÁGUAS PLUVIAIS, DIÂMETRO DE 600 MM, JUNTA RÍGIDA, INSTALADO EM LOCAL COM ALTO NÍVEL DE INTERFERÊNCIAS - FORNECIMENTO E ASSENTAMENTO. AF_03/2024 | E60: =VLOOKUP(B60,'Base de dado DESONERADA'!A:D,3,FALSE) -> M | F60: 8 | G60: =VLOOKUP(B60,'Base de dado DESONERADA'!A:D,4,FALSE) -> 252.08 | H60: =TRUNC((F60*G60),2) -> 2016.64 | I60: =G60*(1+$G$6) -> 327.12278 | J60: =TRUNC((F60*I60),2) -> 2616.98
A61: 4.3 | B61: 102487 | C61: SINAPI | D61: =VLOOKUP(B61,'Base de dado DESONERADA'!A:D,2,FALSE) -> CONCRETO CICLÓPICO FCK = 15MPA, 30% PEDRA DE MÃO EM VOLUME REAL, INCLUSIVE LANÇAMENTO. AF_05/2021 | E61: =VLOOKUP(B61,'Base de dado DESONERADA'!A:D,3,FALSE) -> M3 | F61: 9 | G61: =VLOOKUP(B61,'Base de dado DESONERADA'!A:D,4,FALSE) -> 637.94 | H61: =TRUNC((F61*G61),2) -> 5741.46 | I61: =G61*(1+$G$6) -> 827.85109 | J61: =TRUNC((F61*I61),2) -> 7450.65
A62: 4.4 | B62: 92264 | C62: SINAPI | D62: =VLOOKUP(B62,'Base de dado DESONERADA'!A:D,2,FALSE) -> FABRICAÇÃO DE FÔRMA PARA PILARES E ESTRUTURAS SIMILARES, EM CHAPA DE MADEIRA COMPENSADA PLASTIFICADA, E = 18 MM. AF_09/2020 | E62: =VLOOKUP(B62,'Base de dado DESONERADA'!A:D,3,FALSE) -> M2 | F62: 1.8 | G62: =VLOOKUP(B62,'Base de dado DESONERADA'!A:D,4,FALSE) -> 204.73 | H62: =TRUNC((F62*G62),2) -> 368.51 | I62: =G62*(1+$G$6) -> 265.67695 | J62: =TRUNC((F62*I62),2) -> 478.21
A63: 4.5 | B63: 99264 | C63: SINAPI | D63: =VLOOKUP(B63,'Base de dado DESONERADA'!A:D,2,FALSE) -> CAIXA ENTERRADA HIDRÁULICA RETANGULAR, EM ALVENARIA COM BLOCOS DE CONCRETO, DIMENSÕES INTERNAS: 1X1X0,6 M PARA REDE DE DRENAGEM. AF_12/2020 | E63: =VLOOKUP(B63,'Base de dado DESONERADA'!A:D,3,FALSE) -> UN | F63: 3 | G63: =VLOOKUP(B63,'Base de dado DESONERADA'!A:D,4,FALSE) -> 760.54 | H63: =TRUNC((F63*G63),2) -> 2281.62 | I63: =G63*(1+$G$6) -> 986.94841 | J63: =TRUNC((F63*I63),2) -> 2960.84
A64: 5 | D64: PAVIMENTAÇÃO | H64: =TRUNC(SUM(H65:H67),2) -> 37100.28 | J64: =TRUNC(SUM(J65:J67),2) -> 48144.81
A65: 5.1 | B65: 101169 | C65: SINAPI | D65: =VLOOKUP(B65,'Base de dado DESONERADA'!A:D,2,FALSE) -> EXECUÇÃO DE PAVIMENTO EM PARALELEPÍPEDOS, REJUNTAMENTO COM ARGAMASSA TRAÇO 1:3 (CIMENTO E AREIA). AF_05/2020 | E65: =VLOOKUP(B65,'Base de dado DESONERADA'!A:D,3,FALSE) -> M2 | F65: 336 | G65: =VLOOKUP(B65,'Base de dado DESONERADA'!A:D,4,FALSE) -> 91.53 | H65: =TRUNC((F65*G65),2) -> 30754.08 | I65: =G65*(1+$G$6) -> 118.77796 | J65: =TRUNC((F65*I65),2) -> 39909.39
A66: 5.2 | B66: 94275 | C66: SINAPI | D66: =VLOOKUP(B66,'Base de dado DESONERADA'!A:D,2,FALSE) -> ASSENTAMENTO DE GUIA (MEIO-FIO) EM TRECHO RETO, CONFECCIONADA EM CONCRETO PRÉ-FABRICADO, DIMENSÕES 100X15X13X20 CM (COMPRIMENTO X BASE INFERIOR X BASE SUPERIOR X ALTURA). AF_01/2024 | E66: =VLOOKUP(B66,'Base de dado DESONERADA'!A:D,3,FALSE) -> M | F66: 70 | G66: =VLOOKUP(B66,'Base de dado DESONERADA'!A:D,4,FALSE) -> 44.2 | H66: =TRUNC((F66*G66),2) -> 3094 | I66: =G66*(1+$G$6) -> 57.358088 | J66: =TRUNC((F66*I66),2) -> 4015.06
A67: 5.3 | B67: 94281 | C67: SINAPI | D67: =VLOOKUP(B67,'Base de dado DESONERADA'!A:D,2,FALSE) -> EXECUÇÃO DE SARJETA DE CONCRETO USINADO, MOLDADA IN LOCO EM TRECHO RETO, 30 CM BASE X 15 CM ALTURA. AF_01/2024 | E67: =VLOOKUP(B67,'Base de dado DESONERADA'!A:D,3,FALSE) -> M | F67: 70 | G67: =VLOOKUP(B67,'Base de dado DESONERADA'!A:D,4,FALSE) -> 46.46 | H67: =TRUNC((F67*G67),2) -> 3252.2 | I67: =G67*(1+$G$6) -> 60.290877 | J67: =TRUNC((F67*I67),2) -> 4220.36
A68: 6 | D68: PASSEIO | H68: =TRUNC(SUM(H69),2) -> 7641.6 | J68: =TRUNC(SUM(J69:J69),2) -> 9916.46
A69: 6.1 | B69: 94992 | C69: SINAPI | D69: =VLOOKUP(B69,'Base de dado DESONERADA'!A:D,2,FALSE) -> EXECUÇÃO DE PASSEIO (CALÇADA) OU PISO DE CONCRETO COM CONCRETO MOLDADO IN LOCO, FEITO EM OBRA, ACABAMENTO CONVENCIONAL, ESPESSURA 6 CM, ARMADO. AF_08/2022 | E69: =VLOOKUP(B69,'Base de dado DESONERADA'!A:D,3,FALSE) -> M2 | F69: 96 | G69: =VLOOKUP(B69,'Base de dado DESONERADA'!A:D,4,FALSE) -> 79.6 | H69: =TRUNC((F69*G69),2) -> 7641.6 | I69: =G69*(1+$G$6) -> 103.29647 | J69: =TRUNC((F69*I69),2) -> 9916.46
F71: Total sem BDI | H71: =H12+H16+H22+H26+H44+H41+H49+H52+H54+H58+H64+H68 -> 385499.7
F72: Total do BDI | H72: =H73-H71 -> 122546.61
F73: Total Geral | H73: =J12+J16+J22+J26+J44+J49+J41+J52+J54+J58+J64+J68 -> 508046.31

Sheet Composições Desonerado
A1: PREFEITURA MUNICIPAL DE OLINDA - PMO
A2: SECRETARIA DE OBRAS - SO
A3: SECRETARIA EXECUTIVA DE OBRAS - SEO
A4: ='[51]RESUMO '!$A$4 -> Objeto: | E4: DATA
A5: CONTRATAÇÃO DE EMPRESA DE ENGENHARIA ESPECIALIZADA PARA DEMOLIÇÃO E CONSTRUÇÃO DE UM NOVO PONTILHÃO TIPO BUEIRO CELULAR NA RUA TAINHA, SOBRE O CANAL DA AVENIDA OURIÇO DO MAR, NO BAIRRO DE OURO PRETO, E DE PAVIMENTAÇÃO, PONTAS DE ALA E DRENAGEM NA RUA TRAVESSA JULES RIMET, PARA COMPLEMENTO DOS ACESSOS AO PONTILHÃO SOBRE O CANAL DA AVENIDA MÉXICO, NO BAIRRO DE RIO DOCE, AMBOS NO MUNICÍPIO DE OLINDA-PE. | E5: ='MEMÓRIA DE CÁLCULO'!AA4 -> 46080
A6: Local da obra (Rua / Bairro / Município / UF): | E6: Tomador/Ag. Promotor ou Tomador:
A7: RUA TAINHA, OURO PRETO, OLINDA/PE | E7: Prefeitura Municipal de Olinda
A8: TABELAS DE REFERÊNCIA | D8: SINAPI JAN/26; SICRO OUT/25; COMPESA 2024.2 | E8: BDI DESONERADO | H8: ='BDI DES'!B39 -> 0.29769429
A10: COMPOSIÇÕES - DESONERADO
A12: CÓDIGO | B12: FONTE | C12: DISCRIMINAÇÃO DOS SERVIÇOS | E12: UND | F12: QUANT | G12: PREÇOS (R$)
G13: UNIT. | H13: TOTAL
A14: COMP.01 | B14: INSTALAÇÃO DE JUNTA ELASTOMÉRICA | E14: UND | H14: =TRUNC(SUM(H15:H22),2) -> 341.59
A15: M1132 | B15: Sicro material | C15: =VLOOKUP(A15,'Base de dado DESONERADA'!A:D,2,FALSE) -> JUNTA DE DILATAÇÃO EM ELASTÔMERO E PERFIL VV - L = 20 MM E H = 40 MM | E15: =VLOOKUP(A15,'Base de dado DESONERADA'!A:D,3,FALSE) -> M | F15: 1.05 | G15: =VLOOKUP(A15,'Base de dado DESONERADA'!A:D,4,FALSE) -> 186.3644 | H15: =TRUNC($F15*G15,2) -> 195.68
A16: 130 | B16: Sinapi insumo | C16: =VLOOKUP(A16,'Base de dado DESONERADA'!A:D,2,FALSE) -> ARGAMASSA POLIMERICA DE REPARO ESTRUTURAL, BICOMPONENTE | E16: =VLOOKUP(A16,'Base de dado DESONERADA'!A:D,3,FALSE) -> KG | F16: =0.005*2000 -> 10 | G16: =VLOOKUP(A16,'Base de dado DESONERADA'!A:D,4,FALSE) -> 4.5 | H16: =TRUNC($F16*G16,2) -> 45
A17: 91282 | B17: Sinapi | C17: =VLOOKUP(A17,'Base de dado DESONERADA'!A:D,2,FALSE) -> CORTADORA DE PISO COM MOTOR 4 TEMPOS A GASOLINA, POTÊNCIA DE 13 HP, COM DISCO DE CORTE DIAMANTADO SEGMENTADO PARA CONCRETO, DIÂMETRO DE 350 MM, FURO DE 1" (14 X 1") - MATERIAIS NA OPERAÇÃO. AF_08/2015 | E17: =VLOOKUP(A17,'Base de dado DESONERADA'!A:D,3,FALSE) -> H | F17: 0.15 | G17: =VLOOKUP(A17,'Base de dado DESONERADA'!A:D,4,FALSE) -> 9.52 | H17: =TRUNC($F17*G17,2) -> 1.42
A18: 97628 | B18: Sinapi | C18: =VLOOKUP(A18,'Base de dado DESONERADA'!A:D,2,FALSE) -> DEMOLIÇÃO DE LAJES, EM CONCRETO ARMADO, DE FORMA MANUAL, SEM REAPROVEITAMENTO. AF_09/2023 | E18: =VLOOKUP(A18,'Base de dado DESONERADA'!A:D,3,FALSE) -> M3 | F18: 0.005 | G18: =VLOOKUP(A18,'Base de dado DESONERADA'!A:D,4,FALSE) -> 283.02 | H18: =TRUNC($F18*G18,2) -> 1.41
A19: 6193 | B19: Sinapi insumo | C19: =VLOOKUP(A19,'Base de dado DESONERADA'!A:D,2,FALSE) -> TABUA NAO APARELHADA *2,5 X 20* CM, EM MACARANDUBA/MASSARANDUBA, ANGELIM OU EQUIVALENTE DA REGIAO - BRUTA | E19: =VLOOKUP(A19,'Base de dado DESONERADA'!A:D,3,FALSE) -> M | F19: 0.2 | G19: =VLOOKUP(A19,'Base de dado DESONERADA'!A:D,4,FALSE) -> 20.56 | H19: =TRUNC($F19*G19,2) -> 4.11
A20: 88262 | B20: Sinapi | C20: =VLOOKUP(A20,'Base de dado DESONERADA'!A:D,2,FALSE) -> CARPINTEIRO DE FORMAS COM ENCARGOS COMPLEMENTARES | E20: =VLOOKUP(A20,'Base de dado DESONERADA'!A:D,3,FALSE) -> H | F20: 0.25 | G20: =VLOOKUP(A20,'Base de dado DESONERADA'!A:D,4,FALSE) -> 27.71 | H20: =TRUNC($F20*G20,2) -> 6.92
A21: 88309 | B21: Sinapi | C21: =VLOOKUP(A21,'Base de dado DESONERADA'!A:D,2,FALSE) -> PEDREIRO COM ENCARGOS COMPLEMENTARES | E21: =VLOOKUP(A21,'Base de dado DESONERADA'!A:D,3,FALSE) -> H | F21: 0.75 | G21: =VLOOKUP(A21,'Base de dado DESONERADA'!A:D,4,FALSE) -> 28.29 | H21: =TRUNC($F21*G21,2) -> 21.21
A22: 90777 | B22: Sinapi | C22: =VLOOKUP(A22,'Base de dado DESONERADA'!A:D,2,FALSE) -> ENGENHEIRO CIVIL DE OBRA JUNIOR COM ENCARGOS COMPLEMENTARES | E22: =VLOOKUP(A22,'Base de dado DESONERADA'!A:D,3,FALSE) -> H | F22: 0.5 | G22: =VLOOKUP(A22,'Base de dado DESONERADA'!A:D,4,FALSE) -> 131.69 | H22: =TRUNC($F22*G22,2) -> 65.84
D191: ,'

Sheet BDI DES
A1: Prefeitura Municipal de Olinda - PMO Secretaria de Obras - SO SECRETARIA EXECUTIVA DE OBRAS - SEO
A2: DESONERADO
A3: COMPOSIÇÃO DO BDI (ACÓRDÃO 2.622 / 2013 - TCU)
A5: 1. TIPO DE OBRA: RODOVIAS E FERROVIAS
A8: 2. VALORES REFERENCIAIS PARA COMPOSIÇÃO DE BDI
A11: ADMINISTRAÇÃO CENTRAL ( AC ) | C11: 0.038
A13: RISCO ( R ) | C13: 0.005
A15: SEGUROS E GARANTIAS ( SG ) | C15: 0.0032
A17: DESPESAS FINANCEIRAS ( DF ) | C17: 0.0102
A19: LUCRO BRUTO ( L ) | C19: 0.0664
A21: TRIBUTOS ( T ) | C21: =SUM(B22:B25) -> 0.1315
A22: PIS | B22: 0.0065
A23: COFINS | B23: 0.03
A24: ISS (Adotado no Município) | B24: 0.05
A25: DESONERAÇÃO | B25: 0.045
A27: 3. FÓRMULA BDI (ACÓRDÃO Nº 2.369 / 2011 - TCU)
A29: ONDE:
A30: AC = TAXA DE ADMINISTRAÇÃO CENTRAL
A31: R = RISCOS
A32: SG = SEGUROS E GARANTIAS
A33: DF = DESPESAS FINANCEIRAS
A34: L = TAXA DE LUCRO
A35: T = TAXA DE TRIBUTOS
A37: 4. VALOR DO BDI PARA O TIPO DE OBRA ADOTADO
A39: BDI = | B39: =(((1+C11+C13+C15)*(1+C17)*(1+C19))/(1-C21))-1 -> 0.29769429

Sheet Base de dado ONERADA
A1: SINAPI - Sistema Nacional de Pesquisa de Custos e Índices da Construção Civil
A2: RELATÓRIO DE PREÇOS DE INSUMOS - ENGARGOS SOCIAIS SEM DESONERAÇÃO
A3: Mês de Referência: | B3: 01/2026
A4: Data de emissão: | B4: 10/02/2026
A6: Encargos sociais sobre a mão de obra:
A7: (SEM DESONERAÇÃO) | B7: PE
A8: Localidade | B8: RECIFE
A9: Horista | B9: 1.1463
A10: Mensalista | B10: 0.7067
A12: Código do Insumo | B12: Descrição do Insumo | C12: Unidade | D12: PE
A13: 45333 | B13: ABERTURA PARA ENCAIXE DE CUBA OU LAVATORIO EM BANCADA DE MARMORE/ GRANITO OU OUTRO TIPO DE PEDRA NATURAL | C13: UN | D13: 199.02
A14: 11270 | B14: ABRACADEIRA DE LATAO PARA FIXACAO DE CABO PARA-RAIO, DIMENSOES 32 X 24 X 24 MM | C14: UN | D14: 4.05
A15: 412 | B15: ABRACADEIRA DE NYLON PARA AMARRACAO DE CABOS, COMPRIMENTO DE *230* X *7,6* MM | C15: UN | D15: 1.18
A16: 414 | B16: ABRACADEIRA DE NYLON PARA AMARRACAO DE CABOS, COMPRIMENTO DE 100 X 2,5 MM | C16: UN | D16: 0.07
A17: 410 | B17: ABRACADEIRA DE NYLON PARA AMARRACAO DE CABOS, COMPRIMENTO DE 150 X *3,6* MM | C17: UN | D17: 0.18
A18: 411 | B18: ABRACADEIRA DE NYLON PARA AMARRACAO DE CABOS, COMPRIMENTO DE 200 X *4,6* MM | C18: UN | D18: 0.23
A19: 408 | B19: ABRACADEIRA DE NYLON PARA AMARRACAO DE CABOS, COMPRIMENTO DE 390 X *4,6* MM | C19: UN | D19: 1.14
A20: 39131 | B20: ABRACADEIRA EM ACO PARA AMARRACAO DE ELETRODUTOS, TIPO D, COM 1 1/2" E CUNHA DE FIXACAO | C20: UN | D20: 5.1
A21: 394 | B21: ABRACADEIRA EM ACO PARA AMARRACAO DE ELETRODUTOS, TIPO D, COM 1 1/2" E PARAFUSO DE FIXACAO | C21: UN | D21: 5.17
A22: 39130 | B22: ABRACADEIRA EM ACO PARA AMARRACAO DE ELETRODUTOS, TIPO D, COM 1 1/4" E CUNHA DE FIXACAO | C22: UN | D22: 4.65
A23: 395 | B23: ABRACADEIRA EM ACO PARA AMARRACAO DE ELETRODUTOS, TIPO D, COM 1 1/4" E PARAFUSO DE FIXACAO | C23: UN | D23: 4.97
A24: 39129 | B24: ABRACADEIRA EM ACO PARA AMARRACAO DE ELETRODUTOS, TIPO D, COM 1" E CUNHA DE FIXACAO | C24: UN | D24: 2.87
... A56: 36246 | B56: ACABAMENTO SIMPLES/CONVENCIONAL PARA FORRO PVC, TIPO "U" OU "C", COR BRANCA, COMPRIMENTO 6 M | C56: M | D56: 4.26
A57: 37600 | B57: ACESSORIO DE LIGACAO NAO ELETRICO PARA CARGAS EXPLOSIVAS, TUBO DE 6 M | C57: UN
A58: 37599 | B58: ACESSORIO INICIADOR NAO ELETRICO, TUBO DE 6 M, TEMPO DE RETARDO DE *160* MS | C58: UN
A59: 1 | B59: ACETILENO - RECARGA DE GAS PARA CILINDRO (NAO INCLUI TROCA/MANUTENCAO DO CILINDRO) | C59: KG
A60: 3 | B60: ACIDO CLORIDRICO / ACIDO MURIATICO, DILUICAO 10% A 12% PARA USO EM LIMPEZA | C60: L | D60: 25.74
A61: 43054 | B61: ACO CA-25, 10,0 MM, OU 12,5 MM, OU 16,0 MM, OU 20,0 MM, OU 25,0 MM, VERGALHAO | C61: KG | D61: 8.09
A62: 42402 | B62: ACO CA-25, 16,0 MM, BARRA DE TRANSFERENCIA | C62: KG | D62: 7.73
A63: 42403 | B63: ACO CA-25, 20,0 MM, BARRA DE TRANSFERENCIA | C63: KG | D63: 9.91
A64: 42404 | B64: ACO CA-25, 25,0 MM, BARRA DE TRANSFERENCIA | C64: KG | D64: 9.86
A65: 42405 | B65: ACO CA-25, 32,0 MM, BARRA DE TRANSFERENCIA | C65: KG | D65: 10.5
A66: 34341 | B66: ACO CA-25, 32,0 MM, VERGALHAO | C66: KG | D66: 9.11
A67: 43053 | B67: ACO CA-25, 6,3 MM OU 8,0 MM, VERGALHAO | C67: KG | D67: 7.22
A68: 43058 | B68: ACO CA-50, 10,0 MM, OU 12,5 MM, OU 16,0 MM, OU 20,0 MM, DOBRADO E CORTADO | C68: KG | D68: 7.49
A69: 34 | B69: ACO CA-50, 10,0 MM, VERGALHAO | C69: KG | D69: 7.53
A70: 43055 | B70: ACO CA-50, 12,5 MM OU 16,0 MM, VERGALHAO | C70: KG | D70: 6.52
A71: 43056 | B71: ACO CA-50, 20,0 MM OU 25,0 MM, VERGALHAO | C71: KG | D71: 7.52
... A79: 43060 | B79: ACO CA-60, 8,0 MM OU 9,5 MM, VERGALHAO | C79: KG | D79: 6.2
A80: 40410 | B80: ACOPLAMENTO RIGIDO EM FERRO FUNDIDO PARA SISTEMA DE TUBULACAO RANHURADA, DN 50 MM (2") | C80: UN
A81: 40411 | B81: ACOPLAMENTO RIGIDO EM FERRO FUNDIDO PARA SISTEMA DE TUBULACAO RANHURADA, DN 65 MM (2 1/2") | C81: UN
A82: 40412 | B82: ACOPLAMENTO RIGIDO EM FERRO FUNDIDO PARA SISTEMA DE TUBULACAO RANHURADA, DN 80 MM (3") | C82: UN
A83: 44254 | B83: ADAPTADOR CPVC, ROSCAVEL, COM FLANGES E ANEL DE VEDACAO, 15 MM, CAIXA D'AGUA PARA AGUA QUENTE | C83: UN | D83: 32.55
A84: 44255 | B84: ADAPTADOR CPVC, ROSCAVEL, COM FLANGES E ANEL DE VEDACAO, 22 MM, CAIXA D'AGUA PARA AGUA QUENTE | C84: UN | D84: 36.08
A85: 44256 | B85: ADAPTADOR CPVC, ROSCAVEL, COM FLANGES E ANEL DE VEDACAO, 28 MM, CAIXA D'AGUA PARA AGUA QUENTE | C85: UN | D85: 40.75
A86: 44257 | B86: ADAPTADOR CPVC, ROSCAVEL, COM FLANGES E ANEL DE VEDACAO, 35 MM, CAIXA D'AGUA PARA AGUA QUENTE | C86: UN | D86: 64.47
A87: 44258 | B87: ADAPTADOR CPVC, ROSCAVEL, COM FLANGES E ANEL DE VEDACAO, 42 MM, CAIXA D'AGUA PARA AGUA QUENTE | C87: UN | D87: 73.68
A88: 44259 | B88: ADAPTADOR CPVC, ROSCAVEL, COM FLANGES E ANEL DE VEDACAO, 54 MM, CAIXA D'AGUA PARA AGUA QUENTE | C88: UN | D88: 101.13
A89: 37997 | B89: ADAPTADOR CPVC, SOLDAVEL, 15 MM, PARA AGUA QUENTE | C89: UN | D89: 19.4
A90: 37998 | B90: ADAPTADOR CPVC, SOLDAVEL, 22 MM, PARA AGUA QUENTE | C90: UN | D90: 25.96
A91: 55 | B91: ADAPTADOR DE COMPRESSAO EM POLIPROPILENO (PP), PARA TUBO EM PEAD, 20 MM X 1/2", PARA LIGACAO PREDIAL DE AGUA (NTS 179) | C91: UN
A92: 61 | B92: ADAPTADOR DE COMPRESSAO EM POLIPROPILENO (PP), PARA TUBO EM PEAD, 20 MM X 3/4", PARA LIGACAO PREDIAL DE AGUA (NTS 179) | C92: UN
A93: 62 | B93: ADAPTADOR DE COMPRESSAO EM POLIPROPILENO (PP), PARA TUBO EM PEAD, 32 MM X 1", PARA LIGACAO PREDIAL DE AGUA (NTS 179) | C93: UN
A94: 10899 | B94: ADAPTADOR EM LATAO, ENGATE RAPIDO 2 1/2" X ROSCA INTERNA 5 FIOS 2 1/2", PARA INSTALACAO PREDIAL DE COMBATE A INCENDIO | C94: UN | D94: 99.66
A95: 10900 | B95: ADAPTADOR EM LATAO, ENGATE RAPIDO1 1/2" X ROSCA INTERNA 5 FIOS 2 1/2", PARA INSTALACAO PREDIAL DE COMBATE A INCENDIO | C95: UN | D95: 77.99
A96: 47 | B96: ADAPTADOR PVC PBA, BOLSA/ROSCA, JE, DN 100 / DE 110 MM | C96: UN
A97: 48 | B97: ADAPTADOR PVC PBA, BOLSA/ROSCA, JE, DN 50 / DE 60 MM | C97: UN
A98: 46 | B98: ADAPTADOR PVC PBA, BOLSA/ROSCA, JE, DN 75 / DE 85 MM | C98: UN
A99: 52 | B99: ADAPTADOR PVC PBA, PONTA/ROSCA, JE, DN 50 / DE 60 MM | C99: UN
A100: 43 | B100: ADAPTADOR PVC PBA, PONTA/ROSCA, JE, DN 75 / DE 85 MM | C100: UN
A101: 103 | B101: ADAPTADOR PVC SOLDAVEL CURTO COM BOLSA E ROSCA, 110 MM X 4", PARA AGUA FRIA | C101: UN | D101: 41.56
A102: 107 | B102: ADAPTADOR PVC SOLDAVEL CURTO COM BOLSA E ROSCA, 20 MM X 1/2", PARA AGUA FRIA | C102: UN | D102: 0.78
A103: 65 | B103: ADAPTADOR PVC SOLDAVEL CURTO COM BOLSA E ROSCA, 25 MM X 3/4", PARA AGUA FRIA | C103: UN | D103: 0.85
A104: 108 | B104: ADAPTADOR PVC SOLDAVEL CURTO COM BOLSA E ROSCA, 32 MM X 1", PARA AGUA FRIA | C104: UN | D104: 1.72
A105: 110 | B105: ADAPTADOR PVC SOLDAVEL CURTO COM BOLSA E ROSCA, 40 MM X 1 1/2", PARA AGUA FRIA | C105: UN | D105: 5.98
A106: 109 | B106: ADAPTADOR PVC SOLDAVEL CURTO COM BOLSA E ROSCA, 40 MM X 1 1/4", PARA AGUA FRIA | C106: UN | D106: 3.56
A107: 111 | B107: ADAPTADOR PVC SOLDAVEL CURTO COM BOLSA E ROSCA, 50 MM X 1 1/4", PARA AGUA FRIA | C107: UN | D107: 8.09
A108: 112 | B108: ADAPTADOR PVC SOLDAVEL CURTO COM BOLSA E ROSCA, 50 MM X1 1/2", PARA AGUA FRIA | C108: UN | D108: 4.29
A109: 113 | B109: ADAPTADOR PVC SOLDAVEL CURTO COM BOLSA E ROSCA, 60 MM X 2", PARA AGUA FRIA | C109: UN | D109: 10.73
A110: 104 | B110: ADAPTADOR PVC SOLDAVEL CURTO COM BOLSA E ROSCA, 75 MM X 2 1/2", PARA AGUA FRIA | C110: UN | D110: 18.68
A111: 102 | B111: ADAPTADOR PVC SOLDAVEL CURTO COM BOLSA E ROSCA, 85 MM X 3", PARA AGUA FRIA | C111: UN | D111: 25.75
A112: 95 | B112: ADAPTADOR PVC SOLDAVEL, COM FLANGE E ANEL DE VEDACAO, 20 MM X 1/2", PARA CAIXA D'AGUA | C112: UN | D112: 10.88
... A116: 99 | B116: ADAPTADOR PVC SOLDAVEL, COM FLANGE E ANEL DE VEDACAO, 50 MM X 1 1/2", PARA CAIXA D'AGUA | C116: UN | D116: 25.19
A117: 60 | B117: ADAPTADOR PVC, COM REGISTRO, PARA PEAD, 20 MM X 3/4", PARA LIGACAO PREDIAL DE AGUA | C117: UN
A118: 72 | B118: ADAPTADOR PVC, ROSCAVEL, COM FLANGES E ANEL DE VEDACAO, 1 1/2", PARA CAIXA D'AGUA | C118: UN | D118: 48.32
A119: 71 | B119: ADAPTADOR PVC, ROSCAVEL, COM FLANGES E ANEL DE VEDACAO, 1", PARA CAIXA D'AGUA | C119: UN | D119: 29.84
A120: 67 | B120: ADAPTADOR PVC, ROSCAVEL, COM FLANGES E ANEL DE VEDACAO, 1/2", PARA CAIXA D'AGUA | C120: UN | D120: 15.62
A121: 73 | B121: ADAPTADOR PVC, ROSCAVEL, COM FLANGES E ANEL DE VEDACAO, 3/4", PARA CAIXA D'AGUA | C121: UN | D121: 14.95
A122: 100 | B122: ADAPTADOR PVC, SOLDAVEL, COM FLANGES E ANEL DE VEDACAO, 60 MM X 2", PARA CAIXA D'AGUA | C122: UN | D122: 44.02
A123: 75 | B123: ADAPTADOR PVC, SOLDAVEL, COM FLANGES LIVRES, 110 MM X 4", PARA CAIXA D'AGUA | C123: UN | D123: 256.64
A124: 83 | B124: ADAPTADOR PVC, SOLDAVEL, COM FLANGES LIVRES, 75 MM X 2 1/2", PARA CAIXA D'AGUA | C124: UN | D124: 205.17
A125: 74 | B125: ADAPTADOR PVC, SOLDAVEL, COM FLANGES LIVRES, 85 MM X 3", PARA CAIXA D'AGUA | C125: UN | D125: 293.34
A126: 106 | B126: ADAPTADOR PVC, SOLDAVEL, LONGO, COM FLANGE LIVRE, 110 MM X 4", PARA CAIXA D'AGUA | C126: UN | D126: 370.94
A127: 88 | B127: ADAPTADOR PVC, SOLDAVEL, LONGO, COM FLANGE LIVRE, 32 MM X 1", PARA CAIXA D'AGUA | C127: UN | D127: 10.42
A128: 82 | B128: ADAPTADOR PVC, SOLDAVEL, LONGO, COM FLANGE LIVRE, 75 MM X 2 1/2", PARA CAIXA D'AGUA | C128: UN | D128: 195.2
A129: 105 | B129: ADAPTADOR PVC, SOLDAVEL, LONGO, COM FLANGE LIVRE, 85 MM X 3", PARA CAIXA D'AGUA | C129: UN | D129: 276.6
... A154: 42409 | B154: AGENTE DE CURA, PROTETOR DA EVAPORACAO DA AGUA DE HIDRATACAO DO CONCRETO | C154: KG | D154: 12.87
A155: 40553 | B155: AGREGADO RECICLADO, TIPO RACHAO RECICLADO CINZA, CLASSE A | C155: M3
A156: 6114 | B156: AJUDANTE DE ARMADOR (HORISTA) | C156: H | D156: 17.98
A157: 40912 | B157: AJUDANTE DE ARMADOR (MENSALISTA) | C157: MES | D157: 3148.05
A158: 247 | B158: AJUDANTE DE ELETRICISTA (HORISTA) | C158: H | D158: 17.98
A159: 40919 | B159: AJUDANTE DE ELETRICISTA (MENSALISTA) | C159: MES | D159: 3148.05
A160: 44499 | B160: AJUDANTE DE ESTRUTURAS METALICAS (HORISTA) | C160: H | D160: 17.98
A161: 40984 | B161: AJUDANTE DE ESTRUTURAS METALICAS (MENSALISTA) | C161: MES | D161: 3148.05
A162: 248 | B162: AJUDANTE DE OPERACAO EM GERAL (HORISTA) | C162: H | D162: 18.13
A163: 41086 | B163: AJUDANTE DE OPERACAO EM GERAL (MENSALISTA) | C163: MES | D163: 3175.94
A164: 34466 | B164: AJUDANTE DE PINTOR (HORISTA) | C164: H | D164: 17.98
A165: 41083 | B165: AJUDANTE DE PINTOR (MENSALISTA) | C165: MES | D165: 3148.05
A166: 252 | B166: AJUDANTE DE SERRALHEIRO (HORISTA) | C166: H | D166: 17.98
A167: 40909 | B167: AJUDANTE DE SERRALHEIRO (MENSALISTA) | C167: MES | D167: 3148.05
...

Sheet Base de dado DESONERADA
A1: SINAPI - Sistema Nacional de Pesquisa de Custos e Índices da Construção Civil
A2: RELATÓRIO DE PREÇOS DE INSUMOS - ENCARGOS SOCIAIS COM DESONERAÇÃO
A3: Mês de Referência: | B3: 01/2026
A4: Data de emissão: | B4: 10/02/2026
A6: Encargos sociais sobre a mão de obra:
A7: (COM DESONERAÇÃO) | B7: PE
A8: Localidade | B8: RECIFE
A9: Horista | B9: 0.9883
A10: Mensalista | B10: 0.581
A12: Código do Insumo | B12: Descrição do Insumo | C12: Unidade | D12: PE
A13: 45333 | B13: ABERTURA PARA ENCAIXE DE CUBA OU LAVATORIO EM BANCADA DE MARMORE/ GRANITO OU OUTRO TIPO DE PEDRA NATURAL | C13: UN | D13: 199.02
A14: 11270 | B14: ABRACADEIRA DE LATAO PARA FIXACAO DE CABO PARA-RAIO, DIMENSOES 32 X 24 X 24 MM | C14: UN | D14: 4.05
A15: 412 | B15: ABRACADEIRA DE NYLON PARA AMARRACAO DE CABOS, COMPRIMENTO DE *230* X *7,6* MM | C15: UN | D15: 1.18
A16: 414 | B16: ABRACADEIRA DE NYLON PARA AMARRACAO DE CABOS, COMPRIMENTO DE 100 X 2,5 MM | C16: UN | D16: 0.07
A17: 410 | B17: ABRACADEIRA DE NYLON PARA AMARRACAO DE CABOS, COMPRIMENTO DE 150 X *3,6* MM | C17: UN | D17: 0.18
A18: 411 | B18: ABRACADEIRA DE NYLON PARA AMARRACAO DE CABOS, COMPRIMENTO DE 200 X *4,6* MM | C18: UN | D18: 0.23
A19: 408 | B19: ABRACADEIRA DE NYLON PARA AMARRACAO DE CABOS, COMPRIMENTO DE 390 X *4,6* MM | C19: UN | D19: 1.14
A20: 39131 | B20: ABRACADEIRA EM ACO PARA AMARRACAO DE ELETRODUTOS, TIPO D, COM 1 1/2" E CUNHA DE FIXACAO | C20: UN | D20: 5.1
A21: 394 | B21: ABRACADEIRA EM ACO PARA AMARRACAO DE ELETRODUTOS, TIPO D, COM 1 1/2" E PARAFUSO DE FIXACAO | C21: UN | D21: 5.17
A22: 39130 | B22: ABRACADEIRA EM ACO PARA AMARRACAO DE ELETRODUTOS, TIPO D, COM 1 1/4" E CUNHA DE FIXACAO | C22: UN | D22: 4.65
A23: 395 | B23: ABRACADEIRA EM ACO PARA AMARRACAO DE ELETRODUTOS, TIPO D, COM 1 1/4" E PARAFUSO DE FIXACAO | C23: UN | D23: 4.97
A24: 39129 | B24: ABRACADEIRA EM ACO PARA AMARRACAO DE ELETRODUTOS, TIPO D, COM 1" E CUNHA DE FIXACAO | C24: UN | D24: 2.87
... A56: 36246 | B56: ACABAMENTO SIMPLES/CONVENCIONAL PARA FORRO PVC, TIPO "U" OU "C", COR BRANCA, COMPRIMENTO 6 M | C56: M | D56: 4.26
A57: 37600 | B57: ACESSORIO DE LIGACAO NAO ELETRICO PARA CARGAS EXPLOSIVAS, TUBO DE 6 M | C57: UN
A58: 37599 | B58: ACESSORIO INICIADOR NAO ELETRICO, TUBO DE 6 M, TEMPO DE RETARDO DE *160* MS | C58: UN
A59: 1 | B59: ACETILENO - RECARGA DE GAS PARA CILINDRO (NAO INCLUI TROCA/MANUTENCAO DO CILINDRO) | C59: KG
A60: 3 | B60: ACIDO CLORIDRICO / ACIDO MURIATICO, DILUICAO 10% A 12% PARA USO EM LIMPEZA | C60: L | D60: 25.74
A61: 43054 | B61: ACO CA-25, 10,0 MM, OU 12,5 MM, OU 16,0 MM, OU 20,0 MM, OU 25,0 MM, VERGALHAO | C61: KG | D61: 8.09
A62: 42402 | B62: ACO CA-25, 16,0 MM, BARRA DE TRANSFERENCIA | C62: KG | D62: 7.73
A63: 42403 | B63: ACO CA-25, 20,0 MM, BARRA DE TRANSFERENCIA | C63: KG | D63: 9.91
A64: 42404 | B64: ACO CA-25, 25,0 MM, BARRA DE TRANSFERENCIA | C64: KG | D64: 9.86
A65: 42405 | B65: ACO CA-25, 32,0 MM, BARRA DE TRANSFERENCIA | C65: KG | D65: 10.5
A66: 34341 | B66: ACO CA-25, 32,0 MM, VERGALHAO | C66: KG | D66: 9.11
A67: 43053 | B67: ACO CA-25, 6,3 MM OU 8,0 MM, VERGALHAO | C67: KG | D67: 7.22
A68: 43058 | B68: ACO CA-50, 10,0 MM, OU 12,5 MM, OU 16,0 MM, OU 20,0 MM, DOBRADO E CORTADO | C68: KG | D68: 7.49
A69: 34 | B69: ACO CA-50, 10,0 MM, VERGALHAO | C69: KG | D69: 7.53
A70: 43055 | B70: ACO CA-50, 12,5 MM OU 16,0 MM, VERGALHAO | C70: KG | D70: 6.52
A71: 43056 | B71: ACO CA-50, 20,0 MM OU 25,0 MM, VERGALHAO | C71: KG | D71: 7.52
... A79: 43060 | B79: ACO CA-60, 8,0 MM OU 9,5 MM, VERGALHAO | C79: KG | D79: 6.2
A80: 40410 | B80: ACOPLAMENTO RIGIDO EM FERRO FUNDIDO PARA SISTEMA DE TUBULACAO RANHURADA, DN 50 MM (2") | C80: UN
A81: 40411 | B81: ACOPLAMENTO RIGIDO EM FERRO FUNDIDO PARA SISTEMA DE TUBULACAO RANHURADA, DN 65 MM (2 1/2") | C81: UN
A82: 40412 | B82: ACOPLAMENTO RIGIDO EM FERRO FUNDIDO PARA SISTEMA DE TUBULACAO RANHURADA, DN 80 MM (3") | C82: UN
A83: 44254 | B83: ADAPTADOR CPVC, ROSCAVEL, COM FLANGES E ANEL DE VEDACAO, 15 MM, CAIXA D'AGUA PARA AGUA QUENTE | C83: UN | D83: 32.55
A84: 44255 | B84: ADAPTADOR CPVC, ROSCAVEL, COM FLANGES E ANEL DE VEDACAO, 22 MM, CAIXA D'AGUA PARA AGUA QUENTE | C84: UN | D84: 36.08
A85: 44256 | B85: ADAPTADOR CPVC, ROSCAVEL, COM FLANGES E ANEL DE VEDACAO, 28 MM, CAIXA D'AGUA PARA AGUA QUENTE | C85: UN | D85: 40.75
A86: 44257 | B86: ADAPTADOR CPVC, ROSCAVEL, COM FLANGES E ANEL DE VEDACAO, 35 MM, CAIXA D'AGUA PARA AGUA QUENTE | C86: UN | D86: 64.47
A87: 44258 | B87: ADAPTADOR CPVC, ROSCAVEL, COM FLANGES E ANEL DE VEDACAO, 42 MM, CAIXA D'AGUA PARA AGUA QUENTE | C87: UN | D87: 73.68
A88: 44259 | B88: ADAPTADOR CPVC, ROSCAVEL, COM FLANGES E ANEL DE VEDACAO, 54 MM, CAIXA D'AGUA PARA AGUA QUENTE | C88: UN | D88: 101.13
A89: 37997 | B89: ADAPTADOR CPVC, SOLDAVEL, 15 MM, PARA AGUA QUENTE | C89: UN | D89: 19.4
A90: 37998 | B90: ADAPTADOR CPVC, SOLDAVEL, 22 MM, PARA AGUA QUENTE | C90: UN | D90: 25.96
A91: 55 | B91: ADAPTADOR DE COMPRESSAO EM POLIPROPILENO (PP), PARA TUBO EM PEAD, 20 MM X 1/2", PARA LIGACAO PREDIAL DE AGUA (NTS 179) | C91: UN
A92: 61 | B92: ADAPTADOR DE COMPRESSAO EM POLIPROPILENO (PP), PARA TUBO EM PEAD, 20 MM X 3/4", PARA LIGACAO PREDIAL DE AGUA (NTS 179) | C92: UN
A93: 62 | B93: ADAPTADOR DE COMPRESSAO EM POLIPROPILENO (PP), PARA TUBO EM PEAD, 32 MM X 1", PARA LIGACAO PREDIAL DE AGUA (NTS 179) | C93: UN
A94: 10899 | B94: ADAPTADOR EM LATAO, ENGATE RAPIDO 2 1/2" X ROSCA INTERNA 5 FIOS 2 1/2", PARA INSTALACAO PREDIAL DE COMBATE A INCENDIO | C94: UN | D94: 99.66
A95: 10900 | B95: ADAPTADOR EM LATAO, ENGATE RAPIDO1 1/2" X ROSCA INTERNA 5 FIOS 2 1/2", PARA INSTALACAO PREDIAL DE COMBATE A INCENDIO | C95: UN | D95: 77.99
A96: 47 | B96: ADAPTADOR PVC PBA, BOLSA/ROSCA, JE, DN 100 / DE 110 MM | C96: UN
A97: 48 | B97: ADAPTADOR PVC PBA, BOLSA/ROSCA, JE, DN 50 / DE 60 MM | C97: UN
A98: 46 | B98: ADAPTADOR PVC PBA, BOLSA/ROSCA, JE, DN 75 / DE 85 MM | C98: UN
A99: 52 | B99: ADAPTADOR PVC PBA, PONTA/ROSCA, JE, DN 50 / DE 60 MM | C99: UN
A100: 43 | B100: ADAPTADOR PVC PBA, PONTA/ROSCA, JE, DN 75 / DE 85 MM | C100: UN
A101: 103 | B101: ADAPTADOR PVC SOLDAVEL CURTO COM BOLSA E ROSCA, 110 MM X 4", PARA AGUA FRIA | C101: UN | D101: 41.56
A102: 107 | B102: ADAPTADOR PVC SOLDAVEL CURTO COM BOLSA E ROSCA, 20 MM X 1/2", PARA AGUA FRIA | C102: UN | D102: 0.78
A103: 65 | B103: ADAPTADOR PVC SOLDAVEL CURTO COM BOLSA E ROSCA, 25 MM X 3/4", PARA AGUA FRIA | C103: UN | D103: 0.85
A104: 108 | B104: ADAPTADOR PVC SOLDAVEL CURTO COM BOLSA E ROSCA, 32 MM X 1", PARA AGUA FRIA | C104: UN | D104: 1.72
A105: 110 | B105: ADAPTADOR PVC SOLDAVEL CURTO COM BOLSA E ROSCA, 40 MM X 1 1/2", PARA AGUA FRIA | C105: UN | D105: 5.98
A106: 109 | B106: ADAPTADOR PVC SOLDAVEL CURTO COM BOLSA E ROSCA, 40 MM X 1 1/4", PARA AGUA FRIA | C106: UN | D106: 3.56
A107: 111 | B107: ADAPTADOR PVC SOLDAVEL CURTO COM BOLSA E ROSCA, 50 MM X 1 1/4", PARA AGUA FRIA | C107: UN | D107: 8.09
A108: 112 | B108: ADAPTADOR PVC SOLDAVEL CURTO COM BOLSA E ROSCA, 50 MM X1 1/2", PARA AGUA FRIA | C108: UN | D108: 4.29
A109: 113 | B109: ADAPTADOR PVC SOLDAVEL CURTO COM BOLSA E ROSCA, 60 MM X 2", PARA AGUA FRIA | C109: UN | D109: 10.73
A110: 104 | B110: ADAPTADOR PVC SOLDAVEL CURTO COM BOLSA E ROSCA, 75 MM X 2 1/2", PARA AGUA FRIA | C110: UN | D110: 18.68
A111: 102 | B111: ADAPTADOR PVC SOLDAVEL CURTO COM BOLSA E ROSCA, 85 MM X 3", PARA AGUA FRIA | C111: UN | D111: 25.75
A112: 95 | B112: ADAPTADOR PVC SOLDAVEL, COM FLANGE E ANEL DE VEDACAO, 20 MM X 1/2", PARA CAIXA D'AGUA | C112: UN | D112: 10.88
... A116: 99 | B116: ADAPTADOR PVC SOLDAVEL, COM FLANGE E ANEL DE VEDACAO, 50 MM X 1 1/2", PARA CAIXA D'AGUA | C116: UN | D116: 25.19
A117: 60 | B117: ADAPTADOR PVC, COM REGISTRO, PARA PEAD, 20 MM X 3/4", PARA LIGACAO PREDIAL DE AGUA | C117: UN
A118: 72 | B118: ADAPTADOR PVC, ROSCAVEL, COM FLANGES E ANEL DE VEDACAO, 1 1/2", PARA CAIXA D'AGUA | C118: UN | D118: 48.32
A119: 71 | B119: ADAPTADOR PVC, ROSCAVEL, COM FLANGES E ANEL DE VEDACAO, 1", PARA CAIXA D'AGUA | C119: UN | D119: 29.84
A120: 67 | B120: ADAPTADOR PVC, ROSCAVEL, COM FLANGES E ANEL DE VEDACAO, 1/2", PARA CAIXA D'AGUA | C120: UN | D120: 15.62
A121: 73 | B121: ADAPTADOR PVC, ROSCAVEL, COM FLANGES E ANEL DE VEDACAO, 3/4", PARA CAIXA D'AGUA | C121: UN | D121: 14.95
A122: 100 | B122: ADAPTADOR PVC, SOLDAVEL, COM FLANGES E ANEL DE VEDACAO, 60 MM X 2", PARA CAIXA D'AGUA | C122: UN | D122: 44.02
A123: 75 | B123: ADAPTADOR PVC, SOLDAVEL, COM FLANGES LIVRES, 110 MM X 4", PARA CAIXA D'AGUA | C123: UN | D123: 256.64
A124: 83 | B124: ADAPTADOR PVC, SOLDAVEL, COM FLANGES LIVRES, 75 MM X 2 1/2", PARA CAIXA D'AGUA | C124: UN | D124: 205.17
A125: 74 | B125: ADAPTADOR PVC, SOLDAVEL, COM FLANGES LIVRES, 85 MM X 3", PARA CAIXA D'AGUA | C125: UN | D125: 293.34
A126: 106 | B126: ADAPTADOR PVC, SOLDAVEL, LONGO, COM FLANGE LIVRE, 110 MM X 4", PARA CAIXA D'AGUA | C126: UN | D126: 370.94
A127: 88 | B127: ADAPTADOR PVC, SOLDAVEL, LONGO, COM FLANGE LIVRE, 32 MM X 1", PARA CAIXA D'AGUA | C127: UN | D127: 10.42
A128: 82 | B128: ADAPTADOR PVC, SOLDAVEL, LONGO, COM FLANGE LIVRE, 75 MM X 2 1/2", PARA CAIXA D'AGUA | C128: UN | D128: 195.2
A129: 105 | B129: ADAPTADOR PVC, SOLDAVEL, LONGO, COM FLANGE LIVRE, 85 MM X 3", PARA CAIXA D'AGUA | C129: UN | D129: 276.6
... A154: 42409 | B154: AGENTE DE CURA, PROTETOR DA EVAPORACAO DA AGUA DE HIDRATACAO DO CONCRETO | C154: KG | D154: 12.87
A155: 40553 | B155: AGREGADO RECICLADO, TIPO RACHAO RECICLADO CINZA, CLASSE A | C155: M3
A156: 6114 | B156: AJUDANTE DE ARMADOR (HORISTA) | C156: H | D156: 16.66
A157: 40912 | B157: AJUDANTE DE ARMADOR (MENSALISTA) | C157: MES | D157: 2916.2
A158: 247 | B158: AJUDANTE DE ELETRICISTA (HORISTA) | C158: H | D158: 16.66
A159: 40919 | B159: AJUDANTE DE ELETRICISTA (MENSALISTA) | C159: MES | D159: 2916.2
A160: 44499 | B160: AJUDANTE DE ESTRUTURAS METALICAS (HORISTA) | C160: H | D160: 16.66
A161: 40984 | B161: AJUDANTE DE ESTRUTURAS METALICAS (MENSALISTA) | C161: MES | D161: 2916.2
A162: 248 | B162: AJUDANTE DE OPERACAO EM GERAL (HORISTA) | C162: H | D162: 16.8
A163: 41086 | B163: AJUDANTE DE OPERACAO EM GERAL (MENSALISTA) | C163: MES | D163: 2942.03
A164: 34466 | B164: AJUDANTE DE PINTOR (HORISTA) | C164: H | D164: 16.66
A165: 41083 | B165: AJUDANTE DE PINTOR (MENSALISTA) | C165: MES | D165: 2916.2
A166: 252 | B166: AJUDANTE DE SERRALHEIRO (HORISTA) | C166: H | D166: 16.66
A167: 40909 | B167: AJUDANTE DE SERRALHEIRO (MENSALISTA) | C167: MES | D167: 2916.2
...
